Workbook
Name QBCANSUPPORTUPDATE: TRUE
Name QBCOMPANYFILENAME: "A:\irwa2006.qbw"
Name QBENDDATE: 20250630
Name QBHEADERSONSCREEN: FALSE
Name QBMETADATASIZE: 5924
Name QBPRESERVECOLOR: TRUE
Name QBPRESERVEFONT: TRUE
Name QBPRESERVEROWHEIGHT: TRUE
Name QBPRESERVESPACE: TRUE
Name QBREPORTCOLAXIS: 8
Name QBREPORTCOMPANYID: "6b6f2b79abc94558b7d8b6c36d873f68"
Name QBREPORTCOMPARECOL_ANNUALBUDGET: FALSE
Name QBREPORTCOMPARECOL_AVGCOGS: FALSE
Name QBREPORTCOMPARECOL_AVGPRICE: FALSE
Name QBREPORTCOMPARECOL_BUDDIFF: TRUE
Name QBREPORTCOMPARECOL_BUDGET: TRUE
Name QBREPORTCOMPARECOL_BUDPCT: TRUE
Name QBREPORTCOMPARECOL_COGS: FALSE
Name QBREPORTCOMPARECOL_EXCLUDEAMOUNT: FALSE
Name QBREPORTCOMPARECOL_EXCLUDECURPERIOD: FALSE
Name QBREPORTCOMPARECOL_FORECAST: FALSE
Name QBREPORTCOMPARECOL_GROSSMARGIN: FALSE
Name QBREPORTCOMPARECOL_GROSSMARGINPCT: FALSE
Name QBREPORTCOMPARECOL_HOURS: FALSE
Name QBREPORTCOMPARECOL_PCTCOL: FALSE
Name QBREPORTCOMPARECOL_PCTEXPENSE: FALSE
Name QBREPORTCOMPARECOL_PCTINCOME: FALSE
Name QBREPORTCOMPARECOL_PCTOFSALES: FALSE
Name QBREPORTCOMPARECOL_PCTROW: FALSE
Name QBREPORTCOMPARECOL_PPDIFF: FALSE
Name QBREPORTCOMPARECOL_PPPCT: FALSE
Name QBREPORTCOMPARECOL_PREVPERIOD: FALSE
Name QBREPORTCOMPARECOL_PREVYEAR: FALSE
Name QBREPORTCOMPARECOL_PYDIFF: FALSE
Name QBREPORTCOMPARECOL_PYPCT: FALSE
Name QBREPORTCOMPARECOL_QTY: FALSE
Name QBREPORTCOMPARECOL_RATE: FALSE
Name QBREPORTCOMPARECOL_TRIPBILLEDMILES: FALSE
Name QBREPORTCOMPARECOL_TRIPBILLINGAMOUNT: FALSE
Name QBREPORTCOMPARECOL_TRIPMILES: FALSE
Name QBREPORTCOMPARECOL_TRIPNOTBILLABLEMILES: FALSE
Name QBREPORTCOMPARECOL_TRIPTAXDEDUCTIBLEAMOUNT: FALSE
Name QBREPORTCOMPARECOL_TRIPUNBILLEDMILES: FALSE
Name QBREPORTCOMPARECOL_YTD: FALSE
Name QBREPORTCOMPARECOL_YTDBUDGET: FALSE
Name QBREPORTCOMPARECOL_YTDPCT: FALSE
Name QBREPORTROWAXIS: 11
Name QBREPORTSUBCOLAXIS: 24
Name QBREPORTTYPE: 288
Name QBROWHEADERS: 7
Name QBSTARTDATE: 20220701

Sheet 1st Draft
H1: =H580 -> 44542.64 | I1: =I580 -> 8714.58 | J1: =J580 -> 51342.9 | K1: =K580 -> 826.41 | L1: =L580 -> 184453.41 | M1: =M580 -> 354.02 | N1: =N580 -> 280338.95 | O1: =O580 -> 9895.01 | ... Q1: =Q580 -> 3298.3367 | Z1: =Z580 -> 811.37 | AB1: =AB580 -> -211160.47
AB2: 1st Draft
N3: TOTAL | P3: 3 Year Average | Z3: 2025 - 26 | AB3: 2026 - 27
H4: Jul '22 - Jun 23 | I4: Budget | J4: Jul '23 - Jun 24 | K4: Budget | L4: Jul '24 - Jun 25 | M4: Budget | N4: Jul '22 - Jun 25 | O4: Budget | P4: Jul '22 - Jun 25 | Q4: Budget | Z4: Budget | AB4: Budget
B5: Ordinary Income/Expense | T5: Ordinary Income/Expense
C6: Income | U6: Income
D7: 40 · EDUCATION INCOME | V7: 40 · EDUCATION INCOME
E8: 410 · COURSE INCOME - CLASSROOM | W8: 410 · COURSE INCOME - CLASSROOM
F9: 100 · COURSE 100'S | X9: 100 · COURSE 100'S | AB9: 960784.8
G10: 4100i · 100i-Principles of Land Acq | H10: 122124.97 | I10: 16926 | J10: 75082.22 | K10: 46872 | L10: 73581.05 | M10: 110683 | N10: =ROUND(H10+J10+L10,5) -> 270788.24 | O10: =ROUND(I10+K10+M10,5) -> 174481 | P10: =N10/3 -> 90262.747 | Q10: =O10/3 -> 58160.333 | Y10: 4100i · 100i-Principles of Land Acq | Z10: 119709.85
G11: 4102 · 102-Elevating Your Ethical Awar | H11: 27462.54 | I11: 7176 | J11: 38915.93 | K11: 13248 | L11: 37783.37 | M11: 26791 | N11: =ROUND(H11+J11+L11,5) -> 104161.84 | O11: =ROUND(I11+K11+M11,5) -> 47215 | P11: =N11/3 -> 34720.613 | Q11: =O11/3 -> 15738.333 | Y11: 4102 · 102-Elevating Your Ethical Awar | Z11: 47017.15
G12: 4103 · 103-Ethics & ROW Profession | H12: 0 | I12: 8970 | J12: 0 | K12: 0 | L12: 0 | N12: =ROUND(H12+J12+L12,5) -> 0 | O12: =ROUND(I12+K12+M12,5) -> 8970 | P12: =N12/3 -> 0 | Q12: =O12/3 -> 2990 | Y12: 4103 · 103-Ethics & ROW Profession | Z12: 0
G13: 4105 · 105-URA Executive Summary | H13: 21585.85 | I13: 0 | J13: 9798 | K13: 1656 | L13: 17730 | M13: 20620 | N13: =ROUND(H13+J13+L13,5) -> 49113.85 | O13: =ROUND(I13+K13+M13,5) -> 22276 | P13: =N13/3 -> 16371.283 | Q13: =O13/3 -> 7425.3333 | Y13: 4105 · 105-URA Executive Summary | Z13: 17741.66
G14: 4145 · 145-Overview of URA 4 Hrs | H14: 0 | J14: 5600 | L14: 2190 | M14: 1400 | N14: =ROUND(H14+J14+L14,5) -> 7790 | O14: =ROUND(I14+K14+M14,5) -> 1400 | P14: =N14/3 -> 2596.6667 | Q14: =O14/3 -> 466.66667 | Y14: 4145 · 145-Overview of URA 4 Hrs | Z14: 5634.94
F15: Total 100 · COURSE 100'S | H15: =ROUND(SUM(H9:H14),5) -> 171173.36 | I15: =ROUND(SUM(I9:I14),5) -> 33072 | J15: =ROUND(SUM(J9:J14),5) -> 129396.15 | K15: =ROUND(SUM(K9:K14),5) -> 61776 | L15: =ROUND(SUM(L9:L14),5) -> 131284.42 | M15: =ROUND(SUM(M9:M14),5) -> 159494 | N15: =ROUND(H15+J15+L15,5) -> 431853.93 | O15: =ROUND(I15+K15+M15,5) -> 254342 | P15: =N15/3 -> 143951.31 | Q15: =O15/3 -> 84780.667 | X15: Total 100 · COURSE 100'S | Z15: =ROUND(SUM(Z9:Z14),5) -> 190103.6 | AB15: =ROUND(SUM(AB9:AB14),5) -> 960784.8
F16: 200 · COURSE 200'S | X16: 200 · COURSE 200'S
G17: 4200 · 200-Princip. of R/E Negotiation | H17: 34864.82 | I17: 14105 | J17: 38975 | K17: 33852 | L17: 27970 | M17: 32016 | N17: =ROUND(H17+J17+L17,5) -> 101809.82 | O17: =ROUND(I17+K17+M17,5) -> 79973 | P17: =N17/3 -> 33936.607 | Q17: =O17/3 -> 26657.667 | Y17: 4200 · 200-Princip. of R/E Negotiation | Z17: 60529.78
G18: 4200C · 200C-Princip. of R/E Negotiat'n | H18: 8923.08 | I18: 2821 | J18: 7378.1 | K18: 7812 | L18: 10683.11 | M18: 12992 | N18: =ROUND(H18+J18+L18,5) -> 26984.29 | O18: =ROUND(I18+K18+M18,5) -> 23625 | P18: =N18/3 -> 8994.7633 | Q18: =O18/3 -> 7875 | Y18: 4200C · 200C-Princip. of R/E Negotiat'n | Z18: 0
G19: 4201 · 201-Comm. in R/E Acquisition | H19: 4158 | I19: 0 | J19: 0 | K19: 28512 | L19: 13112 | M19: 7000 | N19: =ROUND(H19+J19+L19,5) -> 17270 | O19: =ROUND(I19+K19+M19,5) -> 35512 | P19: =N19/3 -> 5756.6667 | Q19: =O19/3 -> 11837.333 | Y19: 4201 · 201-Comm. in R/E Acquisition | Z19: 4448.05
G20: 4203 · 203-Alternative Dispute Resol. | H20: 10734.81 | I20: 0 | J20: 2604 | K20: 13020 | L20: 9376 | M20: 22272 | N20: =ROUND(H20+J20+L20,5) -> 22714.81 | O20: =ROUND(I20+K20+M20,5) -> 35292 | P20: =N20/3 -> 7571.6033 | Q20: =O20/3 -> 11764 | Y20: 4203 · 203-Alternative Dispute Resol. | Z20: 8937.28
G21: 4203C · 203C-Alternative Dispute Resol. | H21: 651 | I21: 0 | J21: 2604.05 | L21: 0 | N21: =ROUND(H21+J21+L21,5) -> 3255.05 | O21: =ROUND(I21+K21+M21,5) -> 0 | P21: =N21/3 -> 1085.0167 | Q21: =O21/3 -> 0 | Y21: 4203C · 203C-Alternative Dispute Resol. | Z21: 0
G22: 4205 · 205-Bargaining Negotiations | H22: 2979.65 | I22: 19747 | J22: 13454 | K22: 28644 | L22: 7903 | M22: 9744 | N22: =ROUND(H22+J22+L22,5) -> 24336.65 | O22: =ROUND(I22+K22+M22,5) -> 58135 | P22: =N22/3 -> 8112.2167 | Q22: =O22/3 -> 19378.333 | Y22: 4205 · 205-Bargaining Negotiations | Z22: 16858.96
G23: 4205C · 205C-Bargaining Negotiations | H23: 2387.04 | I23: 0 | J23: 0 | K23: 0 | L23: 1173.01 | M23: 0 | N23: =ROUND(H23+J23+L23,5) -> 3560.05 | O23: =ROUND(I23+K23+M23,5) -> 0 | P23: =N23/3 -> 1186.6833 | Q23: =O23/3 -> 0 | Y23: 4205C · 205C-Bargaining Negotiations | Z23: 0
G24: 4207 · 207-Practical Negotiations | H24: 8821.1 | I24: 8463 | J24: 3689 | K24: 20832 | L24: 7944 | M24: 12992 | N24: =ROUND(H24+J24+L24,5) -> 20454.1 | O24: =ROUND(I24+K24+M24,5) -> 42287 | P24: =N24/3 -> 6818.0333 | Q24: =O24/3 -> 14095.667 | Y24: 4207 · 207-Practical Negotiations | Z24: 8327.92
G25: 4209 · 209-Negotiating with Diverse Cl | H25: 2232.41 | I25: 5642 | J25: 0 | K25: 2604 | L25: 11126 | M25: 9512 | N25: =ROUND(H25+J25+L25,5) -> 13358.41 | O25: =ROUND(I25+K25+M25,5) -> 17758 | P25: =N25/3 -> 4452.8033 | Q25: =O25/3 -> 5919.3333 | Y25: 4209 · 209-Negotiating with Diverse Cl | Z25: 3249.92
G26: 4209C · 209C-Negotiating with Diverse | H26: 1085.02 | I26: 0 | J26: 3255.06 | K26: 0 | L26: 1302 | M26: 0 | N26: =ROUND(H26+J26+L26,5) -> 5642.08 | O26: =ROUND(I26+K26+M26,5) -> 0 | P26: =N26/3 -> 1880.6933 | Q26: =O26/3 -> 0 | Y26: 4209C · 209C-Negotiating with Diverse | Z26: 0
G27: 4213 · 213-Conflict Management | H27: 8761.17 | I27: 8970 | J27: 11868 | K27: 0 | L27: 8318 | M27: 14599 | N27: =ROUND(H27+J27+L27,5) -> 28947.17 | O27: =ROUND(I27+K27+M27,5) -> 23569 | P27: =N27/3 -> 9649.0567 | Q27: =O27/3 -> 7856.3333 | Y27: 4213 · 213-Conflict Management | Z27: 15886.42
G28: 4213C · 213C-Conflict Management | H28: 4830 | I28: 1794 | J28: 827.99 | K28: 0 | L28: 734 | M28: 4064 | N28: =ROUND(H28+J28+L28,5) -> 6391.99 | O28: =ROUND(I28+K28+M28,5) -> 5858 | P28: =N28/3 -> 2130.6633 | Q28: =O28/3 -> 1952.6667 | Y28: 4213C · 213C-Conflict Management | Z28: 645.87
G29: 4215 · 215-R/W Acquisit. Pipeline Proj | H29: 8392.76 | I29: 22568 | J29: 8680.03 | K29: 31248 | L29: 16885.09 | M29: 12992 | N29: =ROUND(H29+J29+L29,5) -> 33957.88 | O29: =ROUND(I29+K29+M29,5) -> 66808 | P29: =N29/3 -> 11319.293 | Q29: =O29/3 -> 22269.333 | Y29: 4215 · 215-R/W Acquisit. Pipeline Proj | Z29: 11171.61
G30: 4218 · 218-R/W Acq. for Elec.Util.Proj | H30: 21528.44 | I30: 5642 | J30: 6510 | K30: 18228 | L30: 15979.04 | M30: 25984 | N30: =ROUND(H30+J30+L30,5) -> 44017.48 | O30: =ROUND(I30+K30+M30,5) -> 49854 | P30: =N30/3 -> 14672.493 | Q30: =O30/3 -> 16618 | Y30: 4218 · 218-R/W Acq. for Elec.Util.Proj | Z30: 10562.25
G31: 4219 · 219-Introductory Instructor | H31: 4941.81 | I31: 5642 | J31: 24087 | K31: 5208 | L31: 35550 | M31: 16240 | N31: =ROUND(H31+J31+L31,5) -> 64578.81 | O31: =ROUND(I31+K31+M31,5) -> 27090 | P31: =N31/3 -> 21526.27 | Q31: =O31/3 -> 9030 | Y31: 4219 · 219-Introductory Instructor | Z31: 42248.99
G32: 4219C · 219C-Introductory Instructor | H32: 0 | I32: 0 | J32: 7378.07 | K32: 0 | L32: 7422.09 | M32: 0 | N32: =ROUND(H32+J32+L32,5) -> 14800.16 | O32: =ROUND(I32+K32+M32,5) -> 0 | P32: =N32/3 -> 4933.3867 | Q32: =O32/3 -> 0 | Y32: 4219C · 219C-Introductory Instructor | Z32: 0
G33: 4225 · 225-Social Ecology | H33: 638.11 | I33: 14105 | J33: 966 | K33: 5208 | L33: 0 | M33: 3248 | N33: =ROUND(H33+J33+L33,5) -> 1604.11 | O33: =ROUND(I33+K33+M33,5) -> 22561 | P33: =N33/3 -> 534.70333 | Q33: =O33/3 -> 7520.3333 | Y33: 4225 · 225-Social Ecology | Z33: 1033.39
... G35: 4235C · C235C - Cdn Oil & Gas Industry | H35: 0 | I35: 5382 | J35: 0 | K35: 6624 | L35: 0 | M35: 3248 | N35: =ROUND(H35+J35+L35,5) -> 0 | O35: =ROUND(I35+K35+M35,5) -> 15254 | P35: =N35/3 -> 0 | Q35: =O35/3 -> 5084.6667 | Y35: 4235C · C235C - Cdn Oil & Gas Industry | Z35: 1015.6
G36: 4239 · 239 Prin. of Wind Eng. Ld Aq | H36: 0 | I36: 0 | J36: 3449.96 | K36: 0 | L36: 2113.96 | M36: 0 | N36: =ROUND(H36+J36+L36,5) -> 5563.92 | O36: 0 | P36: =N36/3 -> 1854.64 | Q36: =O36/3 -> 0 | Y36: 4239 · 239 Prin. of Wind Eng. Ld Aq | Z36: 3858.35
G37: 4240i · 240i Geothermal Energy Basics | H37: 0 | I37: 0 | J37: 0 | K37: 0 | L37: 0 | M37: 0 | N37: =ROUND(H37+J37+L37,5) -> 0 | O37: =ROUND(I37+K37+M37,5) -> 0 | P37: =N37/3 -> 0 | Q37: =O37/3 -> 0 | Y37: 4240i · 240i Geothermal Energy Basics | Z37: 262.09
G38: 4241i · 240i - Solar Energy Basics | H38: 0 | I38: 0 | J38: 0 | K38: 0 | L38: 0 | M38: 0 | N38: =ROUND(H38+J38+L38,5) -> 0 | O38: =ROUND(I38+K38+M38,5) -> 0 | P38: =N38/3 -> 0 | Q38: =O38/3 -> 0 | Y38: 4241i · 240i - Solar Energy Basics | Z38: 262.09
F39: Total 200 · COURSE 200'S | H39: =ROUND(SUM(H16:H38),5) -> 125929.22 | I39: =ROUND(SUM(I16:I38),5) -> 120263 | J39: =ROUND(SUM(J16:J38),5) -> 136830.26 | K39: =ROUND(SUM(K16:K38),5) -> 203448 | L39: =ROUND(SUM(L16:L38),5) -> 177591.3 | M39: =ROUND(SUM(M16:M38),5) -> 186903 | N39: =ROUND(H39+J39+L39,5) -> 440350.78 | O39: =ROUND(I39+K39+M39,5) -> 510614 | P39: =N39/3 -> 146783.59 | Q39: =O39/3 -> 170204.67 | X39: Total 200 · COURSE 200'S | Z39: =ROUND(SUM(Z16:Z38),5) -> 190801.85 | AB39: =ROUND(SUM(AB16:AB38),5) -> 0
F40: 300 · COURSE 300'S | X40: 300 · COURSE 300'S
G41: 4303 · 303-Management Consulting | H41: 2498.6 | I41: 22568 | J41: 9765 | K41: 15624 | L41: 4818 | M41: 6496 | N41: =ROUND(H41+J41+L41,5) -> 17081.6 | O41: =ROUND(I41+K41+M41,5) -> 44688 | P41: =N41/3 -> 5693.8667 | Q41: =O41/3 -> 14896 | Y41: 4303 · 303-Management Consulting | Z41: 11780.97
G42: 4303C · 303C-Management Consulting | H42: 0 | I42: 0 | J42: 0 | L42: 1953.03 | N42: =ROUND(H42+J42+L42,5) -> 1953.03 | O42: =ROUND(I42+K42+M42,5) -> 0 | P42: =N42/3 -> 651.01 | Q42: =O42/3 -> 0 | Y42: 4303C · 303C-Management Consulting | Z42: 0
G43: 4304 · 304-When Public Agenc's Collide | H43: 3420 | I43: 5382 | J43: 690 | K43: 6624 | L43: 2527.98 | M43: 4214 | N43: =ROUND(H43+J43+L43,5) -> 6637.98 | O43: =ROUND(I43+K43+M43,5) -> 16220 | P43: =N43/3 -> 2212.66 | Q43: =O43/3 -> 5406.6667 | Y43: 4304 · 304-When Public Agenc's Collide | Z43: 1203.74
G44: 4306 · 306-Proj Management Basics PM1 | H44: 0 | J44: 0 | L44: 0 | M44: 0 | N44: =ROUND(H44+J44+L44,5) -> 0 | O44: =ROUND(I44+K44+M44,5) -> 0 | P44: =N44/3 -> 0 | Q44: =O44/3 -> 0 | Y44: 4306 · 306-Proj Management Basics PM1 | Z44: 1421.84
F45: Total 300 · COURSE 300'S | H45: =ROUND(SUM(H40:H44),5) -> 5918.6 | I45: =ROUND(SUM(I40:I44),5) -> 27950 | J45: =ROUND(SUM(J40:J44),5) -> 10455 | K45: =ROUND(SUM(K40:K44),5) -> 22248 | L45: =ROUND(SUM(L40:L44),5) -> 9299.01 | M45: =ROUND(SUM(M40:M44),5) -> 10710 | N45: =ROUND(H45+J45+L45,5) -> 25672.61 | O45: =ROUND(I45+K45+M45,5) -> 60908 | P45: =N45/3 -> 8557.5367 | Q45: =O45/3 -> 20302.667 | X45: Total 300 · COURSE 300'S | Z45: =ROUND(SUM(Z40:Z44),5) -> 14406.55 | AB45: =ROUND(SUM(AB40:AB44),5) -> 0
F46: 400 · COURSE 400'S | X46: 400 · COURSE 400'S
G47: 4400 · 400-Principles of R/E Appraisal | H47: 36766.12 | I47: 16926 | J47: 30814 | K47: 23436 | L47: 19774 | M47: 31784 | N47: =ROUND(H47+J47+L47,5) -> 87354.12 | O47: =ROUND(I47+K47+M47,5) -> 72146 | P47: =N47/3 -> 29118.04 | Q47: =O47/3 -> 24048.667 | Y47: 4400 · 400-Principles of R/E Appraisal | Z47: 35342.9
G48: 4400C · 400C-Principles of R/E Apprais. | H48: 7526.63 | I48: 0 | J48: 1953.01 | K48: 10416 | L48: 3387.04 | M48: 12760 | N48: =ROUND(H48+J48+L48,5) -> 12866.68 | O48: =ROUND(I48+K48+M48,5) -> 23176 | P48: =N48/3 -> 4288.8933 | Q48: =O48/3 -> 7725.3333 | Y48: 4400C · 400C-Principles of R/E Apprais. | Z48: 3859.28
G49: 4402 · 402-Intro to Income Cap Approac | H49: 552 | I49: 7176 | J49: 552 | K49: 8280 | L49: 0 | M49: 4214 | N49: =ROUND(H49+J49+L49,5) -> 1104 | O49: =ROUND(I49+K49+M49,5) -> 19670 | P49: =N49/3 -> 368 | Q49: =O49/3 -> 6556.6667 | Y49: 4402 · 402-Intro to Income Cap Approac | Z49: 645.87
G50: 4403 · 403-Easement Valuation | H50: 12424.55 | I50: 8970 | J50: 15594 | K50: 1656 | L50: 7334 | M50: 14599 | N50: =ROUND(H50+J50+L50,5) -> 35352.55 | O50: =ROUND(I50+K50+M50,5) -> 25225 | P50: =N50/3 -> 11784.183 | Q50: =O50/3 -> 8408.3333 | Y50: 4403 · 403-Easement Valuation | Z50: 18563.49
G51: 4406A · 406A-15 Hour National USPAP | H51: 752.55 | J51: 0 | L51: 3132 | M51: 1190 | N51: =ROUND(H51+J51+L51,5) -> 3884.55 | O51: =ROUND(I51+K51+M51,5) -> 1190 | P51: =N51/3 -> 1294.85 | Q51: =O51/3 -> 396.66667 | Y51: 4406A · 406A-15 Hour National USPAP | Z51: 1015.6
G52: 4406B · 406B-7 Hour National USPAP | H52: 0 | I52: 4420 | J52: 3960 | K52: 7140 | L52: 0 | M52: 0 | N52: =ROUND(H52+J52+L52,5) -> 3960 | O52: =ROUND(I52+K52+M52,5) -> 11560 | P52: =N52/3 -> 1320 | Q52: =O52/3 -> 3853.3333 | Y52: 4406B · 406B-7 Hour National USPAP | Z52: 6043.06
G53: 4409 · 409-Integrating Appraisal Stds. | H53: 0 | I53: 0 | J53: 0 | K53: 8280 | L53: 546 | M53: 2107 | N53: =ROUND(H53+J53+L53,5) -> 546 | O53: =ROUND(I53+K53+M53,5) -> 10387 | P53: =N53/3 -> 182 | Q53: =O53/3 -> 3462.3333 | Y53: 4409 · 409-Integrating Appraisal Stds. | Z53: 645.87
G54: 4410 · 410-Review. Apprais. in Eminent | H54: 1438.36 | I54: 8970 | J54: 3312 | K54: 6624 | L54: 3990 | M54: 4214 | N54: =ROUND(H54+J54+L54,5) -> 8740.36 | O54: =ROUND(I54+K54+M54,5) -> 19808 | P54: =N54/3 -> 2913.4533 | Q54: =O54/3 -> 6602.6667 | Y54: 4410 · 410-Review. Apprais. in Eminent | Z54: 6101.09
G55: 4413 · 413-UAS Federal Land Acquisit'n | H55: 594 | I55: 0 | J55: 0 | K55: 21384 | L55: 0 | M55: 3500 | N55: =ROUND(H55+J55+L55,5) -> 594 | O55: =ROUND(I55+K55+M55,5) -> 24884 | P55: =N55/3 -> 198 | Q55: =O55/3 -> 8294.6667 | Y55: 4413 · 413-UAS Federal Land Acquisit'n | Z55: 1668.02
G56: 4415 · 415.USPAP&YB Relationship Guide | H56: 0 | I56: 0 | J56: 0 | K56: 3312 | L56: 690 | M56: 2107 | N56: =ROUND(H56+J56+L56,5) -> 690 | O56: =ROUND(I56+K56+M56,5) -> 5419 | P56: =N56/3 -> 230 | Q56: =O56/3 -> 1806.3333 | Y56: 4415 · 415.USPAP&YB Relationship Guide | Z56: 645.87
G57: 4417 · 417-Valuation of Contamin. R/E | H57: 1413.6 | I57: 11284 | J57: 0 | K57: 13020 | L57: 0 | M57: 3248 | N57: =ROUND(H57+J57+L57,5) -> 1413.6 | O57: =ROUND(I57+K57+M57,5) -> 27552 | P57: =N57/3 -> 471.2 | Q57: =O57/3 -> 9184 | Y57: 4417 · 417-Valuation of Contamin. R/E | Z57: 1015.6
G58: 4421 · 421-Valuation of Partial Acquis | H58: 61221.21 | I58: 5161 | J58: 39303 | K58: 76224 | L58: 74396 | M58: 62361 | N58: =ROUND(H58+J58+L58,5) -> 174920.21 | O58: =ROUND(I58+K58+M58,5) -> 143746 | P58: =N58/3 -> 58306.737 | Q58: =O58/3 -> 47915.333 | Y58: 4421 · 421-Valuation of Partial Acquis | Z58: 37252.42
G59: 4421C · 421C-Valuation of Partial Acqui | H59: 5955.03 | I59: 5161 | J59: 6352.04 | K59: 19056 | L59: 0 | M59: 0 | N59: =ROUND(H59+J59+L59,5) -> 12307.07 | O59: =ROUND(I59+K59+M59,5) -> 24217 | P59: =N59/3 -> 4102.3567 | Q59: =O59/3 -> 8072.3333 | Y59: 4421C · 421C-Valuation of Partial Acqui | Z59: 6116.07
G60: 4431 · 431-Problems in Valuation P/A | H60: 7762.21 | I60: 5382 | J60: 7590 | K60: 4968 | L60: 7970 | M60: 12642 | N60: =ROUND(H60+J60+L60,5) -> 23322.21 | O60: =ROUND(I60+K60+M60,5) -> 22992 | P60: =N60/3 -> 7774.07 | Q60: =O60/3 -> 7664 | Y60: 4431 · 431-Problems in Valuation P/A | Z60: 11176.29
G61: 4431C · 431C-Problems in Valuation P/A | H61: 966 | J61: 2483.98 | L61: 1104 | M61: 0 | N61: =ROUND(H61+J61+L61,5) -> 4553.98 | O61: =ROUND(I61+K61+M61,5) -> 0 | P61: =N61/3 -> 1517.9933 | Q61: =O61/3 -> 0 | Y61: 4431C · 431C-Problems in Valuation P/A | Z61: 3470.83
F62: Total 400 · COURSE 400'S | H62: =ROUND(SUM(H46:H61),5) -> 137372.26 | I62: =ROUND(SUM(I46:I61),5) -> 73450 | J62: =ROUND(SUM(J46:J61),5) -> 111914.03 | K62: =ROUND(SUM(K46:K61),5) -> 203796 | L62: =ROUND(SUM(L46:L61),5) -> 122323.04 | M62: =ROUND(SUM(M46:M61),5) -> 154726 | N62: =ROUND(H62+J62+L62,5) -> 371609.33 | O62: =ROUND(I62+K62+M62,5) -> 431972 | P62: =N62/3 -> 123869.78 | Q62: =O62/3 -> 143990.67 | X62: Total 400 · COURSE 400'S | Z62: =ROUND(SUM(Z46:Z61),5) -> 133562.26 | AB62: =ROUND(SUM(AB46:AB61),5) -> 0
F63: 4985 · SR/WA Revenue | H63: 8314.73 | I63: 16926 | J63: 15190.01 | K63: 28447.38 | L63: 10677 | M63: 20750 | N63: =ROUND(H63+J63+L63,5) -> 34181.74 | O63: =ROUND(I63+K63+M63,5) -> 66123.38 | P63: =N63/3 -> 11393.913 | Q63: =O63/3 -> 22041.127 | X63: 4985 · SR/WA Revenue | Z63: 26202.51
F64: 500 · COURSE 500'S | X64: 500 · COURSE 500'S
G65: 4501 · 501-Residential Reloc. Assist. | H65: 20139.29 | I65: 5642 | J65: 36456.01 | K65: 28644 | L65: 50222 | M65: 22272 | N65: =ROUND(H65+J65+L65,5) -> 106817.3 | O65: =ROUND(I65+K65+M65,5) -> 56558 | P65: =N65/3 -> 35605.767 | Q65: =O65/3 -> 18852.667 | Y65: 4501 · 501-Residential Reloc. Assist. | Z65: 39608.42
G66: 4502 · 502-Non-Residential Relocation | H66: 22335.58 | I66: 11284 | J66: 24521.05 | K66: 31248 | L66: 17114.01 | M66: 25752 | N66: =ROUND(H66+J66+L66,5) -> 63970.64 | O66: =ROUND(I66+K66+M66,5) -> 68284 | P66: =N66/3 -> 21323.547 | Q66: =O66/3 -> 22761.333 | Y66: 4502 · 502-Non-Residential Relocation | Z66: 31889.86
G67: 4503 · 503-Mobile Home Relocation | H67: 966 | I67: 7176 | J67: 828 | K67: 1656 | L67: 0 | M67: 6321 | N67: =ROUND(H67+J67+L67,5) -> 1794 | O67: =ROUND(I67+K67+M67,5) -> 15153 | P67: =N67/3 -> 598 | Q67: =O67/3 -> 5051 | Y67: 4503 · 503-Mobile Home Relocation | Z67: 1420.9
G68: 4504 · 504-Computing Replace. Hous.Pmt | H68: 5599.29 | I68: 16926 | J68: 4557 | K68: 31248 | L68: 12686 | M68: 12992 | N68: =ROUND(H68+J68+L68,5) -> 22842.29 | O68: =ROUND(I68+K68+M68,5) -> 61166 | P68: =N68/3 -> 7614.0967 | Q68: =O68/3 -> 20388.667 | Y68: 4504 · 504-Computing Replace. Hous.Pmt | Z68: 8124.8
G69: 4505 · 505-Advanced Res. Reloc.Assist. | H69: 1794 | I69: 5382 | J69: 2564 | K69: 3312 | L69: 4874 | M69: 8278 | N69: =ROUND(H69+J69+L69,5) -> 9232 | O69: =ROUND(I69+K69+M69,5) -> 16972 | P69: =N69/3 -> 3077.3333 | Q69: =O69/3 -> 5657.3333 | Y69: 4505 · 505-Advanced Res. Reloc.Assist. | Z69: 4886.12
G70: 4506 · 506-Advanced Bus. Reloc.Assist. | H70: 2982.44 | I70: 5642 | J70: 5859 | K70: 31248 | L70: 3038 | M70: 6496 | N70: =ROUND(H70+J70+L70,5) -> 11879.44 | O70: =ROUND(I70+K70+M70,5) -> 43386 | P70: =N70/3 -> 3959.8133 | Q70: =O70/3 -> 14462 | Y70: 4506 · 506-Advanced Bus. Reloc.Assist. | Z70: 7718.56
F71: Total 500 · COURSE 500'S | H71: =ROUND(SUM(H64:H70),5) -> 53816.6 | I71: =ROUND(SUM(I64:I70),5) -> 52052 | J71: =ROUND(SUM(J64:J70),5) -> 74785.06 | K71: =ROUND(SUM(K64:K70),5) -> 127356 | L71: =ROUND(SUM(L64:L70),5) -> 87934.01 | M71: =ROUND(SUM(M64:M70),5) -> 82111 | N71: =ROUND(H71+J71+L71,5) -> 216535.67 | O71: =ROUND(I71+K71+M71,5) -> 261519 | P71: =N71/3 -> 72178.557 | Q71: =O71/3 -> 87173 | X71: Total 500 · COURSE 500'S | Z71: =ROUND(SUM(Z64:Z70),5) -> 93648.66 | AB71: =ROUND(SUM(AB64:AB70),5) -> 0
F72: 600 · COURSE 600'S | X72: 600 · COURSE 600'S
G73: 4600C · 600C-Environmental Awareness | H73: 4536.32 | I73: 3588 | J73: 827.99 | K73: 0 | L73: 0 | M73: 6321 | N73: =ROUND(H73+J73+L73,5) -> 5364.31 | O73: =ROUND(I73+K73+M73,5) -> 9909 | P73: =N73/3 -> 1788.1033 | Q73: =O73/3 -> 3303 | Y73: 4600C · 600C-Environmental Awareness | Z73: 0
G74: 4600i · 600i-Environmental Awareness | H74: 11173 | I74: 7176 | J74: 13800 | K74: 0 | L74: 21027.91 | M74: 22727 | N74: =ROUND(H74+J74+L74,5) -> 46000.91 | O74: =ROUND(I74+K74+M74,5) -> 29903 | P74: =N74/3 -> 15333.637 | Q74: =O74/3 -> 9967.6667 | Y74: 4600i · 600i-Environmental Awareness | Z74: 20177.22
G75: 4602 · 602-Project Devel.& Envir.Proc. | H75: 0 | I75: 0 | J75: 0 | K75: 31248 | L75: 0 | M75: 0 | N75: =ROUND(H75+J75+L75,5) -> 0 | O75: =ROUND(I75+K75+M75,5) -> 31248 | P75: =N75/3 -> 0 | Q75: =O75/3 -> 10416 | Y75: 4602 · 602-Project Devel.& Envir.Proc. | Z75: 0
G76: 4603 · 603-Understanding Environment | H76: 11607.79 | I76: 12558 | J76: 12282 | K76: 0 | L76: 5520 | M76: 14449 | N76: =ROUND(H76+J76+L76,5) -> 29409.79 | O76: =ROUND(I76+K76+M76,5) -> 27007 | P76: =N76/3 -> 9803.2633 | Q76: =O76/3 -> 9002.3333 | Y76: 4603 · 603-Understanding Environment | Z76: 14974.73
G77: 4603C · 603C-Understanding Environment | H77: 3458.77 | I77: 1794 | J77: 0 | K77: 0 | L77: 0 | M77: 6171 | N77: =ROUND(H77+J77+L77,5) -> 3458.77 | O77: =ROUND(I77+K77+M77,5) -> 7965 | P77: =N77/3 -> 1152.9233 | Q77: =O77/3 -> 2655 | Y77: 4603C · 603C-Understanding Environment | Z77: 945.4
G78: 4604 · 604-Envir Due Diligence and Li. | H78: 8384.1 | I78: 8970 | J78: 5382 | K78: 0 | L78: 7865.97 | M78: 16706 | N78: =ROUND(H78+J78+L78,5) -> 21632.07 | O78: =ROUND(I78+K78+M78,5) -> 25676 | P78: =N78/3 -> 7210.69 | Q78: =O78/3 -> 8558.6667 | Y78: 4604 · 604-Envir Due Diligence and Li. | Z78: 7785.96
G79: 4606 · 606-Environmental Process | H79: 0 | I79: 3588 | J79: 0 | K79: 0 | L79: 966 | M79: 0 | N79: =ROUND(H79+J79+L79,5) -> 966 | O79: =ROUND(I79+K79+M79,5) -> 3588 | P79: =N79/3 -> 322 | Q79: =O79/3 -> 1196 | Y79: 4606 · 606-Environmental Process | Z79: 0
G80: 4606C · 606C-Environmental Process | H80: 0 | I80: 1794 | J80: 0 | K80: 0 | L80: 0 | M80: 2107 | N80: =ROUND(H80+J80+L80,5) -> 0 | O80: =ROUND(I80+K80+M80,5) -> 3901 | P80: =N80/3 -> 0 | Q80: =O80/3 -> 1300.3333 | Y80: 4606C · 606C-Environmental Process | Z80: 0
G81: 4640i · 640i-Water Basics | P81: =N81/3 -> 0 | Q81: =O81/3 -> 0 | Y81: 4640i · 640i-Water Basics | Z81: 1441.5
G82: 4643i · 643i-Air Basics | H82: 0 | I82: 0 | J82: 0 | K82: 0 | L82: 0 | M82: 0 | N82: =ROUND(H82+J82+L82,5) -> 0 | O82: =ROUND(I82+K82+M82,5) -> 0 | P82: =N82/3 -> 0 | Q82: =O82/3 -> 0 | Y82: 4643i · 643i-Air Basics | Z82: 655.23
G83: 4646i · 646i-Soil Basics | H83: 0 | I83: 0 | J83: 0 | K83: 0 | L83: 0 | M83: 0 | N83: =ROUND(H83+J83+L83,5) -> 0 | O83: =ROUND(I83+K83+M83,5) -> 0 | P83: =N83/3 -> 0 | Q83: =O83/3 -> 0 | Y83: 4646i · 646i-Soil Basics | Z83: 655.23
F84: Total 600 · COURSE 600'S | H84: =ROUND(SUM(H72:H83),5) -> 39159.98 | I84: =ROUND(SUM(I72:I83),5) -> 39468 | J84: =ROUND(SUM(J72:J83),5) -> 32291.99 | K84: =ROUND(SUM(K72:K83),5) -> 31248 | L84: =ROUND(SUM(L72:L83),5) -> 35379.88 | M84: =ROUND(SUM(M72:M83),5) -> 68481 | N84: =ROUND(H84+J84+L84,5) -> 106831.85 | O84: =ROUND(I84+K84+M84,5) -> 139197 | P84: =N84/3 -> 35610.617 | Q84: =O84/3 -> 46399 | X84: Total 600 · COURSE 600'S | Z84: =ROUND(SUM(Z72:Z83),5) -> 46635.27 | AB84: =ROUND(SUM(AB72:AB83),5) -> 0
F85: 700 · COURSE 700'S | X85: 700 · COURSE 700'S
G86: 4700 · 700-Introduction to Prop. Mgmt. | H86: 11323.36 | I86: 14105 | J86: 13454 | K86: 31248 | L86: 16278 | M86: 16240 | N86: =ROUND(H86+J86+L86,5) -> 41055.36 | O86: =ROUND(I86+K86+M86,5) -> 61593 | P86: =N86/3 -> 13685.12 | Q86: =O86/3 -> 20531 | Y86: 4700 · 700-Introduction to Prop. Mgmt. | Z86: 20921.37
G87: 4700C · 700C-Introduction to Prop. Mgt. | H87: 1519.02 | I87: 0 | J87: 1519.03 | K87: 2604 | L87: 1519.02 | M87: 3248 | N87: =ROUND(H87+J87+L87,5) -> 4557.07 | O87: =ROUND(I87+K87+M87,5) -> 5852 | P87: =N87/3 -> 1519.0233 | Q87: =O87/3 -> 1950.6667 | Y87: 4700C · 700C-Introduction to Prop. Mgt. | Z87: 0
G88: 4701 · 701-Property Mgmt. - Leasing | H88: 5359 | I88: 22568 | J88: 0 | K88: 23436 | L88: 4340 | M88: 12992 | N88: =ROUND(H88+J88+L88,5) -> 9699 | O88: =ROUND(I88+K88+M88,5) -> 58996 | P88: =N88/3 -> 3233 | Q88: =O88/3 -> 19665.333 | Y88: 4701 · 701-Property Mgmt. - Leasing | Z88: 2234.32
G89: 4703 · 703-Real Property/Asset Mgmt. | H89: 2070 | I89: 5382 | J89: 0 | K89: 1656 | L89: 2897.98 | M89: 8428 | N89: =ROUND(H89+J89+L89,5) -> 4967.98 | O89: =ROUND(I89+K89+M89,5) -> 15466 | P89: =N89/3 -> 1655.9933 | Q89: =O89/3 -> 5155.3333 | Y89: 4703 · 703-Real Property/Asset Mgmt. | Z89: 2836.19
F90: Total 700 · COURSE 700'S | H90: =ROUND(SUM(H85:H89),5) -> 20271.38 | I90: =ROUND(SUM(I85:I89),5) -> 42055 | J90: =ROUND(SUM(J85:J89),5) -> 14973.03 | K90: =ROUND(SUM(K85:K89),5) -> 58944 | L90: =ROUND(SUM(L85:L89),5) -> 25035 | M90: =ROUND(SUM(M85:M89),5) -> 40908 | N90: =ROUND(H90+J90+L90,5) -> 60279.41 | O90: =ROUND(I90+K90+M90,5) -> 141907 | P90: =N90/3 -> 20093.137 | Q90: =O90/3 -> 47302.333 | X90: Total 700 · COURSE 700'S | Z90: =ROUND(SUM(Z85:Z89),5) -> 25991.88 | AB90: =ROUND(SUM(AB85:AB89),5) -> 0
F91: 800 · COURSE 800'S | X91: 800 · COURSE 800'S
G92: 4800 · 800-Principles of R/E Law | H92: 22281.85 | I92: 19747 | J92: 41664 | K92: 20832 | L92: 44917 | M92: 29000 | N92: =ROUND(H92+J92+L92,5) -> 108862.85 | O92: =ROUND(I92+K92+M92,5) -> 69579 | P92: =N92/3 -> 36287.617 | Q92: =O92/3 -> 23193 | Y92: 4800 · 800-Principles of R/E Law | Z92: 44077.07
G93: 4800C · 800C- Principles of R/E Law | H93: 1755.98 | I93: 2821 | J93: 10199.11 | K93: 10416 | L93: 2563.03 | M93: 6496 | N93: =ROUND(H93+J93+L93,5) -> 14518.12 | O93: =ROUND(I93+K93+M93,5) -> 19733 | P93: =N93/3 -> 4839.3733 | Q93: =O93/3 -> 6577.6667 | Y93: 4800C · 800C- Principles of R/E Law | Z93: 13202.81
G94: 4801 · 801-Land Titles | H94: 11875.49 | I94: 11284 | J94: 12152 | K94: 28644 | L94: 19457 | M94: 22504 | N94: =ROUND(H94+J94+L94,5) -> 43484.49 | O94: =ROUND(I94+K94+M94,5) -> 62432 | P94: =N94/3 -> 14494.83 | Q94: =O94/3 -> 20810.667 | Y94: 4801 · 801-Land Titles | Z94: 17671.45
G95: 4801C · 801C-Land Titles | H95: 0 | I95: 5642 | J95: 2821.05 | K95: 7812 | L95: 1390.01 | M95: 0 | N95: =ROUND(H95+J95+L95,5) -> 4211.06 | O95: =ROUND(I95+K95+M95,5) -> 13454 | P95: =N95/3 -> 1403.6867 | Q95: =O95/3 -> 4484.6667 | Y95: 4801C · 801C-Land Titles | Z95: 1828.08
G96: 4802 · 802-Legal Aspects of Easements | H96: 13617.53 | I96: 7176 | J96: 17940 | K96: 8280 | L96: 17886 | M96: 18663 | N96: =ROUND(H96+J96+L96,5) -> 49443.53 | O96: =ROUND(I96+K96+M96,5) -> 34119 | P96: =N96/3 -> 16481.177 | Q96: =O96/3 -> 11373 | Y96: 4802 · 802-Legal Aspects of Easements | Z96: 22369.42
G97: 4802C · 802C-Legal Aspects of Easements | H97: 4362.03 | I97: 0 | J97: 966 | K97: 3312 | L97: 0 | M97: 4214 | N97: =ROUND(H97+J97+L97,5) -> 5328.03 | O97: =ROUND(I97+K97+M97,5) -> 7526 | P97: =N97/3 -> 1776.01 | Q97: =O97/3 -> 2508.6667 | Y97: 4802C · 802C-Legal Aspects of Easements | Z97: 1203.74
G98: 4803 · 803-Eminent Domain Law Basics.. | H98: 27637.29 | I98: 14105 | J98: 18228 | K98: 26040 | L98: 17768 | M98: 29000 | N98: =ROUND(H98+J98+L98,5) -> 63633.29 | O98: =ROUND(I98+K98+M98,5) -> 69145 | P98: =N98/3 -> 21211.097 | Q98: =O98/3 -> 23048.333 | Y98: 4803 · 803-Eminent Domain Law Basics.. | Z98: 19296.41
G99: 4803C · 803C-Expropriation Law REP | H99: 0 | I99: 5642 | J99: 5425.05 | K99: 10416 | L99: 2129 | M99: 0 | N99: =ROUND(H99+J99+L99,5) -> 7554.05 | O99: =ROUND(I99+K99+M99,5) -> 16058 | P99: =N99/3 -> 2518.0167 | Q99: =O99/3 -> 5352.6667 | Y99: 4803C · 803C-Expropriation Law REP | Z99: 6499.84
G100: 4804 · 804-Skills of Expert Testimony | H100: 414 | I100: 3588 | J100: 3588 | K100: 6624 | L100: 1512 | M100: 2107 | N100: =ROUND(H100+J100+L100,5) -> 5514 | O100: =ROUND(I100+K100+M100,5) -> 12319 | P100: =N100/3 -> 1838 | Q100: =O100/3 -> 4106.3333 | Y100: 4804 · 804-Skills of Expert Testimony | Z100: 5078.94
G101: 4840C · 840C Canadian Expropriation Bas | Y101: 4840C · 840C Canadian Expropriation Bas | Z101: 262.09
...

Sheet 2nd Draft
H1: =H580 -> 44542.64 | I1: =I580 -> 8714.58 | J1: =J580 -> 51342.9 | K1: =K580 -> 826.41 | L1: =L580 -> 184453.41 | M1: =M580 -> 354.02 | N1: =N580 -> 280338.95 | O1: =O580 -> 9895.01 | ... Q1: =Q580 -> 3298.3367 | Z1: =Z580 -> 811.37 | AB1: =AB580 -> -193160.47 | AC1: =AC580 -> -8678.4714 | AD1: =AB1-AC1 -> -184482
AB2: 1st Draft | AC2: 2nd Draft
N3: TOTAL | P3: 3 Year Average | Z3: 2025 - 26 | AB3: 2026 - 27 | AC3: 2026 - 27
H4: Jul '22 - Jun 23 | I4: Budget | J4: Jul '23 - Jun 24 | K4: Budget | L4: Jul '24 - Jun 25 | M4: Budget | N4: Jul '22 - Jun 25 | O4: Budget | P4: Jul '22 - Jun 25 | Q4: Budget | Z4: Budget | AB4: Budget | AC4: Budget
B5: Ordinary Income/Expense | T5: Ordinary Income/Expense
C6: Income | U6: Income
D7: 40 · EDUCATION INCOME | V7: 40 · EDUCATION INCOME
E8: 410 · COURSE INCOME - CLASSROOM | W8: 410 · COURSE INCOME - CLASSROOM
F9: 100 · COURSE 100'S | X9: 100 · COURSE 100'S | AB9: 960784.8 | AC9: 960784.8
G10: 4100i · 100i-Principles of Land Acq | H10: 122124.97 | I10: 16926 | J10: 75082.22 | K10: 46872 | L10: 73581.05 | M10: 110683 | N10: =ROUND(H10+J10+L10,5) -> 270788.24 | O10: =ROUND(I10+K10+M10,5) -> 174481 | P10: =N10/3 -> 90262.747 | Q10: =O10/3 -> 58160.333 | Y10: 4100i · 100i-Principles of Land Acq | Z10: 119709.85
G11: 4102 · 102-Elevating Your Ethical Awar | H11: 27462.54 | I11: 7176 | J11: 38915.93 | K11: 13248 | L11: 37783.37 | M11: 26791 | N11: =ROUND(H11+J11+L11,5) -> 104161.84 | O11: =ROUND(I11+K11+M11,5) -> 47215 | P11: =N11/3 -> 34720.613 | Q11: =O11/3 -> 15738.333 | Y11: 4102 · 102-Elevating Your Ethical Awar | Z11: 47017.15
G12: 4103 · 103-Ethics & ROW Profession | H12: 0 | I12: 8970 | J12: 0 | K12: 0 | L12: 0 | N12: =ROUND(H12+J12+L12,5) -> 0 | O12: =ROUND(I12+K12+M12,5) -> 8970 | P12: =N12/3 -> 0 | Q12: =O12/3 -> 2990 | Y12: 4103 · 103-Ethics & ROW Profession | Z12: 0
G13: 4105 · 105-URA Executive Summary | H13: 21585.85 | I13: 0 | J13: 9798 | K13: 1656 | L13: 17730 | M13: 20620 | N13: =ROUND(H13+J13+L13,5) -> 49113.85 | O13: =ROUND(I13+K13+M13,5) -> 22276 | P13: =N13/3 -> 16371.283 | Q13: =O13/3 -> 7425.3333 | Y13: 4105 · 105-URA Executive Summary | Z13: 17741.66
G14: 4145 · 145-Overview of URA 4 Hrs | H14: 0 | J14: 5600 | L14: 2190 | M14: 1400 | N14: =ROUND(H14+J14+L14,5) -> 7790 | O14: =ROUND(I14+K14+M14,5) -> 1400 | P14: =N14/3 -> 2596.6667 | Q14: =O14/3 -> 466.66667 | Y14: 4145 · 145-Overview of URA 4 Hrs | Z14: 5634.94
F15: Total 100 · COURSE 100'S | H15: =ROUND(SUM(H9:H14),5) -> 171173.36 | I15: =ROUND(SUM(I9:I14),5) -> 33072 | J15: =ROUND(SUM(J9:J14),5) -> 129396.15 | K15: =ROUND(SUM(K9:K14),5) -> 61776 | L15: =ROUND(SUM(L9:L14),5) -> 131284.42 | M15: =ROUND(SUM(M9:M14),5) -> 159494 | N15: =ROUND(H15+J15+L15,5) -> 431853.93 | O15: =ROUND(I15+K15+M15,5) -> 254342 | P15: =N15/3 -> 143951.31 | Q15: =O15/3 -> 84780.667 | X15: Total 100 · COURSE 100'S | Z15: =ROUND(SUM(Z9:Z14),5) -> 190103.6 | AB15: =ROUND(SUM(AB9:AB14),5) -> 960784.8 | AC15: =ROUND(SUM(AC9:AC14),5) -> 960784.8
F16: 200 · COURSE 200'S | X16: 200 · COURSE 200'S
G17: 4200 · 200-Princip. of R/E Negotiation | H17: 34864.82 | I17: 14105 | J17: 38975 | K17: 33852 | L17: 27970 | M17: 32016 | N17: =ROUND(H17+J17+L17,5) -> 101809.82 | O17: =ROUND(I17+K17+M17,5) -> 79973 | P17: =N17/3 -> 33936.607 | Q17: =O17/3 -> 26657.667 | Y17: 4200 · 200-Princip. of R/E Negotiation | Z17: 60529.78
G18: 4200C · 200C-Princip. of R/E Negotiat'n | H18: 8923.08 | I18: 2821 | J18: 7378.1 | K18: 7812 | L18: 10683.11 | M18: 12992 | N18: =ROUND(H18+J18+L18,5) -> 26984.29 | O18: =ROUND(I18+K18+M18,5) -> 23625 | P18: =N18/3 -> 8994.7633 | Q18: =O18/3 -> 7875 | Y18: 4200C · 200C-Princip. of R/E Negotiat'n | Z18: 0
G19: 4201 · 201-Comm. in R/E Acquisition | H19: 4158 | I19: 0 | J19: 0 | K19: 28512 | L19: 13112 | M19: 7000 | N19: =ROUND(H19+J19+L19,5) -> 17270 | O19: =ROUND(I19+K19+M19,5) -> 35512 | P19: =N19/3 -> 5756.6667 | Q19: =O19/3 -> 11837.333 | Y19: 4201 · 201-Comm. in R/E Acquisition | Z19: 4448.05
G20: 4203 · 203-Alternative Dispute Resol. | H20: 10734.81 | I20: 0 | J20: 2604 | K20: 13020 | L20: 9376 | M20: 22272 | N20: =ROUND(H20+J20+L20,5) -> 22714.81 | O20: =ROUND(I20+K20+M20,5) -> 35292 | P20: =N20/3 -> 7571.6033 | Q20: =O20/3 -> 11764 | Y20: 4203 · 203-Alternative Dispute Resol. | Z20: 8937.28
G21: 4203C · 203C-Alternative Dispute Resol. | H21: 651 | I21: 0 | J21: 2604.05 | L21: 0 | N21: =ROUND(H21+J21+L21,5) -> 3255.05 | O21: =ROUND(I21+K21+M21,5) -> 0 | P21: =N21/3 -> 1085.0167 | Q21: =O21/3 -> 0 | Y21: 4203C · 203C-Alternative Dispute Resol. | Z21: 0
G22: 4205 · 205-Bargaining Negotiations | H22: 2979.65 | I22: 19747 | J22: 13454 | K22: 28644 | L22: 7903 | M22: 9744 | N22: =ROUND(H22+J22+L22,5) -> 24336.65 | O22: =ROUND(I22+K22+M22,5) -> 58135 | P22: =N22/3 -> 8112.2167 | Q22: =O22/3 -> 19378.333 | Y22: 4205 · 205-Bargaining Negotiations | Z22: 16858.96
G23: 4205C · 205C-Bargaining Negotiations | H23: 2387.04 | I23: 0 | J23: 0 | K23: 0 | L23: 1173.01 | M23: 0 | N23: =ROUND(H23+J23+L23,5) -> 3560.05 | O23: =ROUND(I23+K23+M23,5) -> 0 | P23: =N23/3 -> 1186.6833 | Q23: =O23/3 -> 0 | Y23: 4205C · 205C-Bargaining Negotiations | Z23: 0
G24: 4207 · 207-Practical Negotiations | H24: 8821.1 | I24: 8463 | J24: 3689 | K24: 20832 | L24: 7944 | M24: 12992 | N24: =ROUND(H24+J24+L24,5) -> 20454.1 | O24: =ROUND(I24+K24+M24,5) -> 42287 | P24: =N24/3 -> 6818.0333 | Q24: =O24/3 -> 14095.667 | Y24: 4207 · 207-Practical Negotiations | Z24: 8327.92
G25: 4209 · 209-Negotiating with Diverse Cl | H25: 2232.41 | I25: 5642 | J25: 0 | K25: 2604 | L25: 11126 | M25: 9512 | N25: =ROUND(H25+J25+L25,5) -> 13358.41 | O25: =ROUND(I25+K25+M25,5) -> 17758 | P25: =N25/3 -> 4452.8033 | Q25: =O25/3 -> 5919.3333 | Y25: 4209 · 209-Negotiating with Diverse Cl | Z25: 3249.92
G26: 4209C · 209C-Negotiating with Diverse | H26: 1085.02 | I26: 0 | J26: 3255.06 | K26: 0 | L26: 1302 | M26: 0 | N26: =ROUND(H26+J26+L26,5) -> 5642.08 | O26: =ROUND(I26+K26+M26,5) -> 0 | P26: =N26/3 -> 1880.6933 | Q26: =O26/3 -> 0 | Y26: 4209C · 209C-Negotiating with Diverse | Z26: 0
G27: 4213 · 213-Conflict Management | H27: 8761.17 | I27: 8970 | J27: 11868 | K27: 0 | L27: 8318 | M27: 14599 | N27: =ROUND(H27+J27+L27,5) -> 28947.17 | O27: =ROUND(I27+K27+M27,5) -> 23569 | P27: =N27/3 -> 9649.0567 | Q27: =O27/3 -> 7856.3333 | Y27: 4213 · 213-Conflict Management | Z27: 15886.42
G28: 4213C · 213C-Conflict Management | H28: 4830 | I28: 1794 | J28: 827.99 | K28: 0 | L28: 734 | M28: 4064 | N28: =ROUND(H28+J28+L28,5) -> 6391.99 | O28: =ROUND(I28+K28+M28,5) -> 5858 | P28: =N28/3 -> 2130.6633 | Q28: =O28/3 -> 1952.6667 | Y28: 4213C · 213C-Conflict Management | Z28: 645.87
G29: 4215 · 215-R/W Acquisit. Pipeline Proj | H29: 8392.76 | I29: 22568 | J29: 8680.03 | K29: 31248 | L29: 16885.09 | M29: 12992 | N29: =ROUND(H29+J29+L29,5) -> 33957.88 | O29: =ROUND(I29+K29+M29,5) -> 66808 | P29: =N29/3 -> 11319.293 | Q29: =O29/3 -> 22269.333 | Y29: 4215 · 215-R/W Acquisit. Pipeline Proj | Z29: 11171.61
G30: 4218 · 218-R/W Acq. for Elec.Util.Proj | H30: 21528.44 | I30: 5642 | J30: 6510 | K30: 18228 | L30: 15979.04 | M30: 25984 | N30: =ROUND(H30+J30+L30,5) -> 44017.48 | O30: =ROUND(I30+K30+M30,5) -> 49854 | P30: =N30/3 -> 14672.493 | Q30: =O30/3 -> 16618 | Y30: 4218 · 218-R/W Acq. for Elec.Util.Proj | Z30: 10562.25
G31: 4219 · 219-Introductory Instructor | H31: 4941.81 | I31: 5642 | J31: 24087 | K31: 5208 | L31: 35550 | M31: 16240 | N31: =ROUND(H31+J31+L31,5) -> 64578.81 | O31: =ROUND(I31+K31+M31,5) -> 27090 | P31: =N31/3 -> 21526.27 | Q31: =O31/3 -> 9030 | Y31: 4219 · 219-Introductory Instructor | Z31: 42248.99
G32: 4219C · 219C-Introductory Instructor | H32: 0 | I32: 0 | J32: 7378.07 | K32: 0 | L32: 7422.09 | M32: 0 | N32: =ROUND(H32+J32+L32,5) -> 14800.16 | O32: =ROUND(I32+K32+M32,5) -> 0 | P32: =N32/3 -> 4933.3867 | Q32: =O32/3 -> 0 | Y32: 4219C · 219C-Introductory Instructor | Z32: 0
G33: 4225 · 225-Social Ecology | H33: 638.11 | I33: 14105 | J33: 966 | K33: 5208 | L33: 0 | M33: 3248 | N33: =ROUND(H33+J33+L33,5) -> 1604.11 | O33: =ROUND(I33+K33+M33,5) -> 22561 | P33: =N33/3 -> 534.70333 | Q33: =O33/3 -> 7520.3333 | Y33: 4225 · 225-Social Ecology | Z33: 1033.39
... G35: 4235C · C235C - Cdn Oil & Gas Industry | H35: 0 | I35: 5382 | J35: 0 | K35: 6624 | L35: 0 | M35: 3248 | N35: =ROUND(H35+J35+L35,5) -> 0 | O35: =ROUND(I35+K35+M35,5) -> 15254 | P35: =N35/3 -> 0 | Q35: =O35/3 -> 5084.6667 | Y35: 4235C · C235C - Cdn Oil & Gas Industry | Z35: 1015.6
G36: 4239 · 239 Prin. of Wind Eng. Ld Aq | H36: 0 | I36: 0 | J36: 3449.96 | K36: 0 | L36: 2113.96 | M36: 0 | N36: =ROUND(H36+J36+L36,5) -> 5563.92 | O36: 0 | P36: =N36/3 -> 1854.64 | Q36: =O36/3 -> 0 | Y36: 4239 · 239 Prin. of Wind Eng. Ld Aq | Z36: 3858.35
G37: 4240i · 240i Geothermal Energy Basics | H37: 0 | I37: 0 | J37: 0 | K37: 0 | L37: 0 | M37: 0 | N37: =ROUND(H37+J37+L37,5) -> 0 | O37: =ROUND(I37+K37+M37,5) -> 0 | P37: =N37/3 -> 0 | Q37: =O37/3 -> 0 | Y37: 4240i · 240i Geothermal Energy Basics | Z37: 262.09
G38: 4241i · 240i - Solar Energy Basics | H38: 0 | I38: 0 | J38: 0 | K38: 0 | L38: 0 | M38: 0 | N38: =ROUND(H38+J38+L38,5) -> 0 | O38: =ROUND(I38+K38+M38,5) -> 0 | P38: =N38/3 -> 0 | Q38: =O38/3 -> 0 | Y38: 4241i · 240i - Solar Energy Basics | Z38: 262.09
F39: Total 200 · COURSE 200'S | H39: =ROUND(SUM(H16:H38),5) -> 125929.22 | I39: =ROUND(SUM(I16:I38),5) -> 120263 | J39: =ROUND(SUM(J16:J38),5) -> 136830.26 | K39: =ROUND(SUM(K16:K38),5) -> 203448 | L39: =ROUND(SUM(L16:L38),5) -> 177591.3 | M39: =ROUND(SUM(M16:M38),5) -> 186903 | N39: =ROUND(H39+J39+L39,5) -> 440350.78 | O39: =ROUND(I39+K39+M39,5) -> 510614 | P39: =N39/3 -> 146783.59 | Q39: =O39/3 -> 170204.67 | X39: Total 200 · COURSE 200'S | Z39: =ROUND(SUM(Z16:Z38),5) -> 190801.85 | AB39: =ROUND(SUM(AB16:AB38),5) -> 0 | AC39: =ROUND(SUM(AC16:AC38),5) -> 0
F40: 300 · COURSE 300'S | X40: 300 · COURSE 300'S
G41: 4303 · 303-Management Consulting | H41: 2498.6 | I41: 22568 | J41: 9765 | K41: 15624 | L41: 4818 | M41: 6496 | N41: =ROUND(H41+J41+L41,5) -> 17081.6 | O41: =ROUND(I41+K41+M41,5) -> 44688 | P41: =N41/3 -> 5693.8667 | Q41: =O41/3 -> 14896 | Y41: 4303 · 303-Management Consulting | Z41: 11780.97
G42: 4303C · 303C-Management Consulting | H42: 0 | I42: 0 | J42: 0 | L42: 1953.03 | N42: =ROUND(H42+J42+L42,5) -> 1953.03 | O42: =ROUND(I42+K42+M42,5) -> 0 | P42: =N42/3 -> 651.01 | Q42: =O42/3 -> 0 | Y42: 4303C · 303C-Management Consulting | Z42: 0
G43: 4304 · 304-When Public Agenc's Collide | H43: 3420 | I43: 5382 | J43: 690 | K43: 6624 | L43: 2527.98 | M43: 4214 | N43: =ROUND(H43+J43+L43,5) -> 6637.98 | O43: =ROUND(I43+K43+M43,5) -> 16220 | P43: =N43/3 -> 2212.66 | Q43: =O43/3 -> 5406.6667 | Y43: 4304 · 304-When Public Agenc's Collide | Z43: 1203.74
G44: 4306 · 306-Proj Management Basics PM1 | H44: 0 | J44: 0 | L44: 0 | M44: 0 | N44: =ROUND(H44+J44+L44,5) -> 0 | O44: =ROUND(I44+K44+M44,5) -> 0 | P44: =N44/3 -> 0 | Q44: =O44/3 -> 0 | Y44: 4306 · 306-Proj Management Basics PM1 | Z44: 1421.84
F45: Total 300 · COURSE 300'S | H45: =ROUND(SUM(H40:H44),5) -> 5918.6 | I45: =ROUND(SUM(I40:I44),5) -> 27950 | J45: =ROUND(SUM(J40:J44),5) -> 10455 | K45: =ROUND(SUM(K40:K44),5) -> 22248 | L45: =ROUND(SUM(L40:L44),5) -> 9299.01 | M45: =ROUND(SUM(M40:M44),5) -> 10710 | N45: =ROUND(H45+J45+L45,5) -> 25672.61 | O45: =ROUND(I45+K45+M45,5) -> 60908 | P45: =N45/3 -> 8557.5367 | Q45: =O45/3 -> 20302.667 | X45: Total 300 · COURSE 300'S | Z45: =ROUND(SUM(Z40:Z44),5) -> 14406.55 | AB45: =ROUND(SUM(AB40:AB44),5) -> 0 | AC45: =ROUND(SUM(AC40:AC44),5) -> 0
F46: 400 · COURSE 400'S | X46: 400 · COURSE 400'S
G47: 4400 · 400-Principles of R/E Appraisal | H47: 36766.12 | I47: 16926 | J47: 30814 | K47: 23436 | L47: 19774 | M47: 31784 | N47: =ROUND(H47+J47+L47,5) -> 87354.12 | O47: =ROUND(I47+K47+M47,5) -> 72146 | P47: =N47/3 -> 29118.04 | Q47: =O47/3 -> 24048.667 | Y47: 4400 · 400-Principles of R/E Appraisal | Z47: 35342.9
G48: 4400C · 400C-Principles of R/E Apprais. | H48: 7526.63 | I48: 0 | J48: 1953.01 | K48: 10416 | L48: 3387.04 | M48: 12760 | N48: =ROUND(H48+J48+L48,5) -> 12866.68 | O48: =ROUND(I48+K48+M48,5) -> 23176 | P48: =N48/3 -> 4288.8933 | Q48: =O48/3 -> 7725.3333 | Y48: 4400C · 400C-Principles of R/E Apprais. | Z48: 3859.28
G49: 4402 · 402-Intro to Income Cap Approac | H49: 552 | I49: 7176 | J49: 552 | K49: 8280 | L49: 0 | M49: 4214 | N49: =ROUND(H49+J49+L49,5) -> 1104 | O49: =ROUND(I49+K49+M49,5) -> 19670 | P49: =N49/3 -> 368 | Q49: =O49/3 -> 6556.6667 | Y49: 4402 · 402-Intro to Income Cap Approac | Z49: 645.87
G50: 4403 · 403-Easement Valuation | H50: 12424.55 | I50: 8970 | J50: 15594 | K50: 1656 | L50: 7334 | M50: 14599 | N50: =ROUND(H50+J50+L50,5) -> 35352.55 | O50: =ROUND(I50+K50+M50,5) -> 25225 | P50: =N50/3 -> 11784.183 | Q50: =O50/3 -> 8408.3333 | Y50: 4403 · 403-Easement Valuation | Z50: 18563.49
G51: 4406A · 406A-15 Hour National USPAP | H51: 752.55 | J51: 0 | L51: 3132 | M51: 1190 | N51: =ROUND(H51+J51+L51,5) -> 3884.55 | O51: =ROUND(I51+K51+M51,5) -> 1190 | P51: =N51/3 -> 1294.85 | Q51: =O51/3 -> 396.66667 | Y51: 4406A · 406A-15 Hour National USPAP | Z51: 1015.6
G52: 4406B · 406B-7 Hour National USPAP | H52: 0 | I52: 4420 | J52: 3960 | K52: 7140 | L52: 0 | M52: 0 | N52: =ROUND(H52+J52+L52,5) -> 3960 | O52: =ROUND(I52+K52+M52,5) -> 11560 | P52: =N52/3 -> 1320 | Q52: =O52/3 -> 3853.3333 | Y52: 4406B · 406B-7 Hour National USPAP | Z52: 6043.06
G53: 4409 · 409-Integrating Appraisal Stds. | H53: 0 | I53: 0 | J53: 0 | K53: 8280 | L53: 546 | M53: 2107 | N53: =ROUND(H53+J53+L53,5) -> 546 | O53: =ROUND(I53+K53+M53,5) -> 10387 | P53: =N53/3 -> 182 | Q53: =O53/3 -> 3462.3333 | Y53: 4409 · 409-Integrating Appraisal Stds. | Z53: 645.87
G54: 4410 · 410-Review. Apprais. in Eminent | H54: 1438.36 | I54: 8970 | J54: 3312 | K54: 6624 | L54: 3990 | M54: 4214 | N54: =ROUND(H54+J54+L54,5) -> 8740.36 | O54: =ROUND(I54+K54+M54,5) -> 19808 | P54: =N54/3 -> 2913.4533 | Q54: =O54/3 -> 6602.6667 | Y54: 4410 · 410-Review. Apprais. in Eminent | Z54: 6101.09
G55: 4413 · 413-UAS Federal Land Acquisit'n | H55: 594 | I55: 0 | J55: 0 | K55: 21384 | L55: 0 | M55: 3500 | N55: =ROUND(H55+J55+L55,5) -> 594 | O55: =ROUND(I55+K55+M55,5) -> 24884 | P55: =N55/3 -> 198 | Q55: =O55/3 -> 8294.6667 | Y55: 4413 · 413-UAS Federal Land Acquisit'n | Z55: 1668.02
G56: 4415 · 415.USPAP&YB Relationship Guide | H56: 0 | I56: 0 | J56: 0 | K56: 3312 | L56: 690 | M56: 2107 | N56: =ROUND(H56+J56+L56,5) -> 690 | O56: =ROUND(I56+K56+M56,5) -> 5419 | P56: =N56/3 -> 230 | Q56: =O56/3 -> 1806.3333 | Y56: 4415 · 415.USPAP&YB Relationship Guide | Z56: 645.87
G57: 4417 · 417-Valuation of Contamin. R/E | H57: 1413.6 | I57: 11284 | J57: 0 | K57: 13020 | L57: 0 | M57: 3248 | N57: =ROUND(H57+J57+L57,5) -> 1413.6 | O57: =ROUND(I57+K57+M57,5) -> 27552 | P57: =N57/3 -> 471.2 | Q57: =O57/3 -> 9184 | Y57: 4417 · 417-Valuation of Contamin. R/E | Z57: 1015.6
G58: 4421 · 421-Valuation of Partial Acquis | H58: 61221.21 | I58: 5161 | J58: 39303 | K58: 76224 | L58: 74396 | M58: 62361 | N58: =ROUND(H58+J58+L58,5) -> 174920.21 | O58: =ROUND(I58+K58+M58,5) -> 143746 | P58: =N58/3 -> 58306.737 | Q58: =O58/3 -> 47915.333 | Y58: 4421 · 421-Valuation of Partial Acquis | Z58: 37252.42
G59: 4421C · 421C-Valuation of Partial Acqui | H59: 5955.03 | I59: 5161 | J59: 6352.04 | K59: 19056 | L59: 0 | M59: 0 | N59: =ROUND(H59+J59+L59,5) -> 12307.07 | O59: =ROUND(I59+K59+M59,5) -> 24217 | P59: =N59/3 -> 4102.3567 | Q59: =O59/3 -> 8072.3333 | Y59: 4421C · 421C-Valuation of Partial Acqui | Z59: 6116.07
G60: 4431 · 431-Problems in Valuation P/A | H60: 7762.21 | I60: 5382 | J60: 7590 | K60: 4968 | L60: 7970 | M60: 12642 | N60: =ROUND(H60+J60+L60,5) -> 23322.21 | O60: =ROUND(I60+K60+M60,5) -> 22992 | P60: =N60/3 -> 7774.07 | Q60: =O60/3 -> 7664 | Y60: 4431 · 431-Problems in Valuation P/A | Z60: 11176.29
G61: 4431C · 431C-Problems in Valuation P/A | H61: 966 | J61: 2483.98 | L61: 1104 | M61: 0 | N61: =ROUND(H61+J61+L61,5) -> 4553.98 | O61: =ROUND(I61+K61+M61,5) -> 0 | P61: =N61/3 -> 1517.9933 | Q61: =O61/3 -> 0 | Y61: 4431C · 431C-Problems in Valuation P/A | Z61: 3470.83
F62: Total 400 · COURSE 400'S | H62: =ROUND(SUM(H46:H61),5) -> 137372.26 | I62: =ROUND(SUM(I46:I61),5) -> 73450 | J62: =ROUND(SUM(J46:J61),5) -> 111914.03 | K62: =ROUND(SUM(K46:K61),5) -> 203796 | L62: =ROUND(SUM(L46:L61),5) -> 122323.04 | M62: =ROUND(SUM(M46:M61),5) -> 154726 | N62: =ROUND(H62+J62+L62,5) -> 371609.33 | O62: =ROUND(I62+K62+M62,5) -> 431972 | P62: =N62/3 -> 123869.78 | Q62: =O62/3 -> 143990.67 | X62: Total 400 · COURSE 400'S | Z62: =ROUND(SUM(Z46:Z61),5) -> 133562.26 | AB62: =ROUND(SUM(AB46:AB61),5) -> 0 | AC62: =ROUND(SUM(AC46:AC61),5) -> 0
F63: 4985 · SR/WA Revenue | H63: 8314.73 | I63: 16926 | J63: 15190.01 | K63: 28447.38 | L63: 10677 | M63: 20750 | N63: =ROUND(H63+J63+L63,5) -> 34181.74 | O63: =ROUND(I63+K63+M63,5) -> 66123.38 | P63: =N63/3 -> 11393.913 | Q63: =O63/3 -> 22041.127 | X63: 4985 · SR/WA Revenue | Z63: 26202.51
F64: 500 · COURSE 500'S | X64: 500 · COURSE 500'S
G65: 4501 · 501-Residential Reloc. Assist. | H65: 20139.29 | I65: 5642 | J65: 36456.01 | K65: 28644 | L65: 50222 | M65: 22272 | N65: =ROUND(H65+J65+L65,5) -> 106817.3 | O65: =ROUND(I65+K65+M65,5) -> 56558 | P65: =N65/3 -> 35605.767 | Q65: =O65/3 -> 18852.667 | Y65: 4501 · 501-Residential Reloc. Assist. | Z65: 39608.42
G66: 4502 · 502-Non-Residential Relocation | H66: 22335.58 | I66: 11284 | J66: 24521.05 | K66: 31248 | L66: 17114.01 | M66: 25752 | N66: =ROUND(H66+J66+L66,5) -> 63970.64 | O66: =ROUND(I66+K66+M66,5) -> 68284 | P66: =N66/3 -> 21323.547 | Q66: =O66/3 -> 22761.333 | Y66: 4502 · 502-Non-Residential Relocation | Z66: 31889.86
G67: 4503 · 503-Mobile Home Relocation | H67: 966 | I67: 7176 | J67: 828 | K67: 1656 | L67: 0 | M67: 6321 | N67: =ROUND(H67+J67+L67,5) -> 1794 | O67: =ROUND(I67+K67+M67,5) -> 15153 | P67: =N67/3 -> 598 | Q67: =O67/3 -> 5051 | Y67: 4503 · 503-Mobile Home Relocation | Z67: 1420.9
G68: 4504 · 504-Computing Replace. Hous.Pmt | H68: 5599.29 | I68: 16926 | J68: 4557 | K68: 31248 | L68: 12686 | M68: 12992 | N68: =ROUND(H68+J68+L68,5) -> 22842.29 | O68: =ROUND(I68+K68+M68,5) -> 61166 | P68: =N68/3 -> 7614.0967 | Q68: =O68/3 -> 20388.667 | Y68: 4504 · 504-Computing Replace. Hous.Pmt | Z68: 8124.8
G69: 4505 · 505-Advanced Res. Reloc.Assist. | H69: 1794 | I69: 5382 | J69: 2564 | K69: 3312 | L69: 4874 | M69: 8278 | N69: =ROUND(H69+J69+L69,5) -> 9232 | O69: =ROUND(I69+K69+M69,5) -> 16972 | P69: =N69/3 -> 3077.3333 | Q69: =O69/3 -> 5657.3333 | Y69: 4505 · 505-Advanced Res. Reloc.Assist. | Z69: 4886.12
G70: 4506 · 506-Advanced Bus. Reloc.Assist. | H70: 2982.44 | I70: 5642 | J70: 5859 | K70: 31248 | L70: 3038 | M70: 6496 | N70: =ROUND(H70+J70+L70,5) -> 11879.44 | O70: =ROUND(I70+K70+M70,5) -> 43386 | P70: =N70/3 -> 3959.8133 | Q70: =O70/3 -> 14462 | Y70: 4506 · 506-Advanced Bus. Reloc.Assist. | Z70: 7718.56
F71: Total 500 · COURSE 500'S | H71: =ROUND(SUM(H64:H70),5) -> 53816.6 | I71: =ROUND(SUM(I64:I70),5) -> 52052 | J71: =ROUND(SUM(J64:J70),5) -> 74785.06 | K71: =ROUND(SUM(K64:K70),5) -> 127356 | L71: =ROUND(SUM(L64:L70),5) -> 87934.01 | M71: =ROUND(SUM(M64:M70),5) -> 82111 | N71: =ROUND(H71+J71+L71,5) -> 216535.67 | O71: =ROUND(I71+K71+M71,5) -> 261519 | P71: =N71/3 -> 72178.557 | Q71: =O71/3 -> 87173 | X71: Total 500 · COURSE 500'S | Z71: =ROUND(SUM(Z64:Z70),5) -> 93648.66 | AB71: =ROUND(SUM(AB64:AB70),5) -> 0 | AC71: =ROUND(SUM(AC64:AC70),5) -> 0
F72: 600 · COURSE 600'S | X72: 600 · COURSE 600'S
G73: 4600C · 600C-Environmental Awareness | H73: 4536.32 | I73: 3588 | J73: 827.99 | K73: 0 | L73: 0 | M73: 6321 | N73: =ROUND(H73+J73+L73,5) -> 5364.31 | O73: =ROUND(I73+K73+M73,5) -> 9909 | P73: =N73/3 -> 1788.1033 | Q73: =O73/3 -> 3303 | Y73: 4600C · 600C-Environmental Awareness | Z73: 0
G74: 4600i · 600i-Environmental Awareness | H74: 11173 | I74: 7176 | J74: 13800 | K74: 0 | L74: 21027.91 | M74: 22727 | N74: =ROUND(H74+J74+L74,5) -> 46000.91 | O74: =ROUND(I74+K74+M74,5) -> 29903 | P74: =N74/3 -> 15333.637 | Q74: =O74/3 -> 9967.6667 | Y74: 4600i · 600i-Environmental Awareness | Z74: 20177.22
G75: 4602 · 602-Project Devel.& Envir.Proc. | H75: 0 | I75: 0 | J75: 0 | K75: 31248 | L75: 0 | M75: 0 | N75: =ROUND(H75+J75+L75,5) -> 0 | O75: =ROUND(I75+K75+M75,5) -> 31248 | P75: =N75/3 -> 0 | Q75: =O75/3 -> 10416 | Y75: 4602 · 602-Project Devel.& Envir.Proc. | Z75: 0
G76: 4603 · 603-Understanding Environment | H76: 11607.79 | I76: 12558 | J76: 12282 | K76: 0 | L76: 5520 | M76: 14449 | N76: =ROUND(H76+J76+L76,5) -> 29409.79 | O76: =ROUND(I76+K76+M76,5) -> 27007 | P76: =N76/3 -> 9803.2633 | Q76: =O76/3 -> 9002.3333 | Y76: 4603 · 603-Understanding Environment | Z76: 14974.73
G77: 4603C · 603C-Understanding Environment | H77: 3458.77 | I77: 1794 | J77: 0 | K77: 0 | L77: 0 | M77: 6171 | N77: =ROUND(H77+J77+L77,5) -> 3458.77 | O77: =ROUND(I77+K77+M77,5) -> 7965 | P77: =N77/3 -> 1152.9233 | Q77: =O77/3 -> 2655 | Y77: 4603C · 603C-Understanding Environment | Z77: 945.4
G78: 4604 · 604-Envir Due Diligence and Li. | H78: 8384.1 | I78: 8970 | J78: 5382 | K78: 0 | L78: 7865.97 | M78: 16706 | N78: =ROUND(H78+J78+L78,5) -> 21632.07 | O78: =ROUND(I78+K78+M78,5) -> 25676 | P78: =N78/3 -> 7210.69 | Q78: =O78/3 -> 8558.6667 | Y78: 4604 · 604-Envir Due Diligence and Li. | Z78: 7785.96
G79: 4606 · 606-Environmental Process | H79: 0 | I79: 3588 | J79: 0 | K79: 0 | L79: 966 | M79: 0 | N79: =ROUND(H79+J79+L79,5) -> 966 | O79: =ROUND(I79+K79+M79,5) -> 3588 | P79: =N79/3 -> 322 | Q79: =O79/3 -> 1196 | Y79: 4606 · 606-Environmental Process | Z79: 0
G80: 4606C · 606C-Environmental Process | H80: 0 | I80: 1794 | J80: 0 | K80: 0 | L80: 0 | M80: 2107 | N80: =ROUND(H80+J80+L80,5) -> 0 | O80: =ROUND(I80+K80+M80,5) -> 3901 | P80: =N80/3 -> 0 | Q80: =O80/3 -> 1300.3333 | Y80: 4606C · 606C-Environmental Process | Z80: 0
G81: 4640i · 640i-Water Basics | P81: =N81/3 -> 0 | Q81: =O81/3 -> 0 | Y81: 4640i · 640i-Water Basics | Z81: 1441.5
G82: 4643i · 643i-Air Basics | H82: 0 | I82: 0 | J82: 0 | K82: 0 | L82: 0 | M82: 0 | N82: =ROUND(H82+J82+L82,5) -> 0 | O82: =ROUND(I82+K82+M82,5) -> 0 | P82: =N82/3 -> 0 | Q82: =O82/3 -> 0 | Y82: 4643i · 643i-Air Basics | Z82: 655.23
G83: 4646i · 646i-Soil Basics | H83: 0 | I83: 0 | J83: 0 | K83: 0 | L83: 0 | M83: 0 | N83: =ROUND(H83+J83+L83,5) -> 0 | O83: =ROUND(I83+K83+M83,5) -> 0 | P83: =N83/3 -> 0 | Q83: =O83/3 -> 0 | Y83: 4646i · 646i-Soil Basics | Z83: 655.23
F84: Total 600 · COURSE 600'S | H84: =ROUND(SUM(H72:H83),5) -> 39159.98 | I84: =ROUND(SUM(I72:I83),5) -> 39468 | J84: =ROUND(SUM(J72:J83),5) -> 32291.99 | K84: =ROUND(SUM(K72:K83),5) -> 31248 | L84: =ROUND(SUM(L72:L83),5) -> 35379.88 | M84: =ROUND(SUM(M72:M83),5) -> 68481 | N84: =ROUND(H84+J84+L84,5) -> 106831.85 | O84: =ROUND(I84+K84+M84,5) -> 139197 | P84: =N84/3 -> 35610.617 | Q84: =O84/3 -> 46399 | X84: Total 600 · COURSE 600'S | Z84: =ROUND(SUM(Z72:Z83),5) -> 46635.27 | AB84: =ROUND(SUM(AB72:AB83),5) -> 0 | AC84: =ROUND(SUM(AC72:AC83),5) -> 0
F85: 700 · COURSE 700'S | X85: 700 · COURSE 700'S
G86: 4700 · 700-Introduction to Prop. Mgmt. | H86: 11323.36 | I86: 14105 | J86: 13454 | K86: 31248 | L86: 16278 | M86: 16240 | N86: =ROUND(H86+J86+L86,5) -> 41055.36 | O86: =ROUND(I86+K86+M86,5) -> 61593 | P86: =N86/3 -> 13685.12 | Q86: =O86/3 -> 20531 | Y86: 4700 · 700-Introduction to Prop. Mgmt. | Z86: 20921.37
G87: 4700C · 700C-Introduction to Prop. Mgt. | H87: 1519.02 | I87: 0 | J87: 1519.03 | K87: 2604 | L87: 1519.02 | M87: 3248 | N87: =ROUND(H87+J87+L87,5) -> 4557.07 | O87: =ROUND(I87+K87+M87,5) -> 5852 | P87: =N87/3 -> 1519.0233 | Q87: =O87/3 -> 1950.6667 | Y87: 4700C · 700C-Introduction to Prop. Mgt. | Z87: 0
G88: 4701 · 701-Property Mgmt. - Leasing | H88: 5359 | I88: 22568 | J88: 0 | K88: 23436 | L88: 4340 | M88: 12992 | N88: =ROUND(H88+J88+L88,5) -> 9699 | O88: =ROUND(I88+K88+M88,5) -> 58996 | P88: =N88/3 -> 3233 | Q88: =O88/3 -> 19665.333 | Y88: 4701 · 701-Property Mgmt. - Leasing | Z88: 2234.32
G89: 4703 · 703-Real Property/Asset Mgmt. | H89: 2070 | I89: 5382 | J89: 0 | K89: 1656 | L89: 2897.98 | M89: 8428 | N89: =ROUND(H89+J89+L89,5) -> 4967.98 | O89: =ROUND(I89+K89+M89,5) -> 15466 | P89: =N89/3 -> 1655.9933 | Q89: =O89/3 -> 5155.3333 | Y89: 4703 · 703-Real Property/Asset Mgmt. | Z89: 2836.19
F90: Total 700 · COURSE 700'S | H90: =ROUND(SUM(H85:H89),5) -> 20271.38 | I90: =ROUND(SUM(I85:I89),5) -> 42055 | J90: =ROUND(SUM(J85:J89),5) -> 14973.03 | K90: =ROUND(SUM(K85:K89),5) -> 58944 | L90: =ROUND(SUM(L85:L89),5) -> 25035 | M90: =ROUND(SUM(M85:M89),5) -> 40908 | N90: =ROUND(H90+J90+L90,5) -> 60279.41 | O90: =ROUND(I90+K90+M90,5) -> 141907 | P90: =N90/3 -> 20093.137 | Q90: =O90/3 -> 47302.333 | X90: Total 700 · COURSE 700'S | Z90: =ROUND(SUM(Z85:Z89),5) -> 25991.88 | AB90: =ROUND(SUM(AB85:AB89),5) -> 0 | AC90: =ROUND(SUM(AC85:AC89),5) -> 0
F91: 800 · COURSE 800'S | X91: 800 · COURSE 800'S
G92: 4800 · 800-Principles of R/E Law | H92: 22281.85 | I92: 19747 | J92: 41664 | K92: 20832 | L92: 44917 | M92: 29000 | N92: =ROUND(H92+J92+L92,5) -> 108862.85 | O92: =ROUND(I92+K92+M92,5) -> 69579 | P92: =N92/3 -> 36287.617 | Q92: =O92/3 -> 23193 | Y92: 4800 · 800-Principles of R/E Law | Z92: 44077.07
G93: 4800C · 800C- Principles of R/E Law | H93: 1755.98 | I93: 2821 | J93: 10199.11 | K93: 10416 | L93: 2563.03 | M93: 6496 | N93: =ROUND(H93+J93+L93,5) -> 14518.12 | O93: =ROUND(I93+K93+M93,5) -> 19733 | P93: =N93/3 -> 4839.3733 | Q93: =O93/3 -> 6577.6667 | Y93: 4800C · 800C- Principles of R/E Law | Z93: 13202.81
G94: 4801 · 801-Land Titles | H94: 11875.49 | I94: 11284 | J94: 12152 | K94: 28644 | L94: 19457 | M94: 22504 | N94: =ROUND(H94+J94+L94,5) -> 43484.49 | O94: =ROUND(I94+K94+M94,5) -> 62432 | P94: =N94/3 -> 14494.83 | Q94: =O94/3 -> 20810.667 | Y94: 4801 · 801-Land Titles | Z94: 17671.45
G95: 4801C · 801C-Land Titles | H95: 0 | I95: 5642 | J95: 2821.05 | K95: 7812 | L95: 1390.01 | M95: 0 | N95: =ROUND(H95+J95+L95,5) -> 4211.06 | O95: =ROUND(I95+K95+M95,5) -> 13454 | P95: =N95/3 -> 1403.6867 | Q95: =O95/3 -> 4484.6667 | Y95: 4801C · 801C-Land Titles | Z95: 1828.08
G96: 4802 · 802-Legal Aspects of Easements | H96: 13617.53 | I96: 7176 | J96: 17940 | K96: 8280 | L96: 17886 | M96: 18663 | N96: =ROUND(H96+J96+L96,5) -> 49443.53 | O96: =ROUND(I96+K96+M96,5) -> 34119 | P96: =N96/3 -> 16481.177 | Q96: =O96/3 -> 11373 | Y96: 4802 · 802-Legal Aspects of Easements | Z96: 22369.42
G97: 4802C · 802C-Legal Aspects of Easements | H97: 4362.03 | I97: 0 | J97: 966 | K97: 3312 | L97: 0 | M97: 4214 | N97: =ROUND(H97+J97+L97,5) -> 5328.03 | O97: =ROUND(I97+K97+M97,5) -> 7526 | P97: =N97/3 -> 1776.01 | Q97: =O97/3 -> 2508.6667 | Y97: 4802C · 802C-Legal Aspects of Easements | Z97: 1203.74
G98: 4803 · 803-Eminent Domain Law Basics.. | H98: 27637.29 | I98: 14105 | J98: 18228 | K98: 26040 | L98: 17768 | M98: 29000 | N98: =ROUND(H98+J98+L98,5) -> 63633.29 | O98: =ROUND(I98+K98+M98,5) -> 69145 | P98: =N98/3 -> 21211.097 | Q98: =O98/3 -> 23048.333 | Y98: 4803 · 803-Eminent Domain Law Basics.. | Z98: 19296.41
G99: 4803C · 803C-Expropriation Law REP | H99: 0 | I99: 5642 | J99: 5425.05 | K99: 10416 | L99: 2129 | M99: 0 | N99: =ROUND(H99+J99+L99,5) -> 7554.05 | O99: =ROUND(I99+K99+M99,5) -> 16058 | P99: =N99/3 -> 2518.0167 | Q99: =O99/3 -> 5352.6667 | Y99: 4803C · 803C-Expropriation Law REP | Z99: 6499.84
G100: 4804 · 804-Skills of Expert Testimony | H100: 414 | I100: 3588 | J100: 3588 | K100: 6624 | L100: 1512 | M100: 2107 | N100: =ROUND(H100+J100+L100,5) -> 5514 | O100: =ROUND(I100+K100+M100,5) -> 12319 | P100: =N100/3 -> 1838 | Q100: =O100/3 -> 4106.3333 | Y100: 4804 · 804-Skills of Expert Testimony | Z100: 5078.94
G101: 4840C · 840C Canadian Expropriation Bas | Y101: 4840C · 840C Canadian Expropriation Bas | Z101: 262.09
...

Sheet 3rd Draft
H1: =H580 -> 44542.64 | I1: =I580 -> 8714.58 | J1: =J580 -> 51342.9 | K1: =K580 -> 826.41 | L1: =L580 -> 184453.41 | M1: =M580 -> 354.02 | N1: =N580 -> 280338.95 | O1: =O580 -> 9895.01 | ... Q1: =Q580 -> 3298.3367 | Z1: =Z580 -> 811.37 | AB1: =AB580 -> -193160.47 | AC1: =AC580 -> -8678.4714 | AD1: =AD580 -> 15325.988 | AF1: =AB1-AC1 -> -184482
AB2: 1st Draft | AC2: 2nd Draft | AD2: 3rd Draft
N3: TOTAL | P3: 3 Year Average | Z3: 2025 - 26 | AB3: 2026 - 27 | AC3: 2026 - 27 | AD3: 2026 - 27
H4: Jul '22 - Jun 23 | I4: Budget | J4: Jul '23 - Jun 24 | K4: Budget | L4: Jul '24 - Jun 25 | M4: Budget | N4: Jul '22 - Jun 25 | O4: Budget | P4: Jul '22 - Jun 25 | Q4: Budget | Z4: Budget | AB4: Budget | AC4: Budget | AD4: Budget
B5: Ordinary Income/Expense | T5: Ordinary Income/Expense
C6: Income | U6: Income
D7: 40 · EDUCATION INCOME | V7: 40 · EDUCATION INCOME
E8: 410 · COURSE INCOME - CLASSROOM | W8: 410 · COURSE INCOME - CLASSROOM
F9: 100 · COURSE 100'S | X9: 100 · COURSE 100'S | AB9: 960784.8 | AC9: 960784.8 | AD9: 1026054.2
G10: 4100i · 100i-Principles of Land Acq | H10: 122124.97 | I10: 16926 | J10: 75082.22 | K10: 46872 | L10: 73581.05 | M10: 110683 | N10: =ROUND(H10+J10+L10,5) -> 270788.24 | O10: =ROUND(I10+K10+M10,5) -> 174481 | P10: =N10/3 -> 90262.747 | Q10: =O10/3 -> 58160.333 | Y10: 4100i · 100i-Principles of Land Acq | Z10: 119709.85
G11: 4102 · 102-Elevating Your Ethical Awar | H11: 27462.54 | I11: 7176 | J11: 38915.93 | K11: 13248 | L11: 37783.37 | M11: 26791 | N11: =ROUND(H11+J11+L11,5) -> 104161.84 | O11: =ROUND(I11+K11+M11,5) -> 47215 | P11: =N11/3 -> 34720.613 | Q11: =O11/3 -> 15738.333 | Y11: 4102 · 102-Elevating Your Ethical Awar | Z11: 47017.15
G12: 4103 · 103-Ethics & ROW Profession | H12: 0 | I12: 8970 | J12: 0 | K12: 0 | L12: 0 | N12: =ROUND(H12+J12+L12,5) -> 0 | O12: =ROUND(I12+K12+M12,5) -> 8970 | P12: =N12/3 -> 0 | Q12: =O12/3 -> 2990 | Y12: 4103 · 103-Ethics & ROW Profession | Z12: 0
G13: 4105 · 105-URA Executive Summary | H13: 21585.85 | I13: 0 | J13: 9798 | K13: 1656 | L13: 17730 | M13: 20620 | N13: =ROUND(H13+J13+L13,5) -> 49113.85 | O13: =ROUND(I13+K13+M13,5) -> 22276 | P13: =N13/3 -> 16371.283 | Q13: =O13/3 -> 7425.3333 | Y13: 4105 · 105-URA Executive Summary | Z13: 17741.66
G14: 4145 · 145-Overview of URA 4 Hrs | H14: 0 | J14: 5600 | L14: 2190 | M14: 1400 | N14: =ROUND(H14+J14+L14,5) -> 7790 | O14: =ROUND(I14+K14+M14,5) -> 1400 | P14: =N14/3 -> 2596.6667 | Q14: =O14/3 -> 466.66667 | Y14: 4145 · 145-Overview of URA 4 Hrs | Z14: 5634.94
F15: Total 100 · COURSE 100'S | H15: =ROUND(SUM(H9:H14),5) -> 171173.36 | I15: =ROUND(SUM(I9:I14),5) -> 33072 | J15: =ROUND(SUM(J9:J14),5) -> 129396.15 | K15: =ROUND(SUM(K9:K14),5) -> 61776 | L15: =ROUND(SUM(L9:L14),5) -> 131284.42 | M15: =ROUND(SUM(M9:M14),5) -> 159494 | N15: =ROUND(H15+J15+L15,5) -> 431853.93 | O15: =ROUND(I15+K15+M15,5) -> 254342 | P15: =N15/3 -> 143951.31 | Q15: =O15/3 -> 84780.667 | X15: Total 100 · COURSE 100'S | Z15: =ROUND(SUM(Z9:Z14),5) -> 190103.6 | AB15: =ROUND(SUM(AB9:AB14),5) -> 960784.8 | AC15: =ROUND(SUM(AC9:AC14),5) -> 960784.8 | AD15: =ROUND(SUM(AD9:AD14),5) -> 1026054.2
F16: 200 · COURSE 200'S | X16: 200 · COURSE 200'S
G17: 4200 · 200-Princip. of R/E Negotiation | H17: 34864.82 | I17: 14105 | J17: 38975 | K17: 33852 | L17: 27970 | M17: 32016 | N17: =ROUND(H17+J17+L17,5) -> 101809.82 | O17: =ROUND(I17+K17+M17,5) -> 79973 | P17: =N17/3 -> 33936.607 | Q17: =O17/3 -> 26657.667 | Y17: 4200 · 200-Princip. of R/E Negotiation | Z17: 60529.78
G18: 4200C · 200C-Princip. of R/E Negotiat'n | H18: 8923.08 | I18: 2821 | J18: 7378.1 | K18: 7812 | L18: 10683.11 | M18: 12992 | N18: =ROUND(H18+J18+L18,5) -> 26984.29 | O18: =ROUND(I18+K18+M18,5) -> 23625 | P18: =N18/3 -> 8994.7633 | Q18: =O18/3 -> 7875 | Y18: 4200C · 200C-Princip. of R/E Negotiat'n | Z18: 0
G19: 4201 · 201-Comm. in R/E Acquisition | H19: 4158 | I19: 0 | J19: 0 | K19: 28512 | L19: 13112 | M19: 7000 | N19: =ROUND(H19+J19+L19,5) -> 17270 | O19: =ROUND(I19+K19+M19,5) -> 35512 | P19: =N19/3 -> 5756.6667 | Q19: =O19/3 -> 11837.333 | Y19: 4201 · 201-Comm. in R/E Acquisition | Z19: 4448.05
G20: 4203 · 203-Alternative Dispute Resol. | H20: 10734.81 | I20: 0 | J20: 2604 | K20: 13020 | L20: 9376 | M20: 22272 | N20: =ROUND(H20+J20+L20,5) -> 22714.81 | O20: =ROUND(I20+K20+M20,5) -> 35292 | P20: =N20/3 -> 7571.6033 | Q20: =O20/3 -> 11764 | Y20: 4203 · 203-Alternative Dispute Resol. | Z20: 8937.28
G21: 4203C · 203C-Alternative Dispute Resol. | H21: 651 | I21: 0 | J21: 2604.05 | L21: 0 | N21: =ROUND(H21+J21+L21,5) -> 3255.05 | O21: =ROUND(I21+K21+M21,5) -> 0 | P21: =N21/3 -> 1085.0167 | Q21: =O21/3 -> 0 | Y21: 4203C · 203C-Alternative Dispute Resol. | Z21: 0
G22: 4205 · 205-Bargaining Negotiations | H22: 2979.65 | I22: 19747 | J22: 13454 | K22: 28644 | L22: 7903 | M22: 9744 | N22: =ROUND(H22+J22+L22,5) -> 24336.65 | O22: =ROUND(I22+K22+M22,5) -> 58135 | P22: =N22/3 -> 8112.2167 | Q22: =O22/3 -> 19378.333 | Y22: 4205 · 205-Bargaining Negotiations | Z22: 16858.96
G23: 4205C · 205C-Bargaining Negotiations | H23: 2387.04 | I23: 0 | J23: 0 | K23: 0 | L23: 1173.01 | M23: 0 | N23: =ROUND(H23+J23+L23,5) -> 3560.05 | O23: =ROUND(I23+K23+M23,5) -> 0 | P23: =N23/3 -> 1186.6833 | Q23: =O23/3 -> 0 | Y23: 4205C · 205C-Bargaining Negotiations | Z23: 0
G24: 4207 · 207-Practical Negotiations | H24: 8821.1 | I24: 8463 | J24: 3689 | K24: 20832 | L24: 7944 | M24: 12992 | N24: =ROUND(H24+J24+L24,5) -> 20454.1 | O24: =ROUND(I24+K24+M24,5) -> 42287 | P24: =N24/3 -> 6818.0333 | Q24: =O24/3 -> 14095.667 | Y24: 4207 · 207-Practical Negotiations | Z24: 8327.92
G25: 4209 · 209-Negotiating with Diverse Cl | H25: 2232.41 | I25: 5642 | J25: 0 | K25: 2604 | L25: 11126 | M25: 9512 | N25: =ROUND(H25+J25+L25,5) -> 13358.41 | O25: =ROUND(I25+K25+M25,5) -> 17758 | P25: =N25/3 -> 4452.8033 | Q25: =O25/3 -> 5919.3333 | Y25: 4209 · 209-Negotiating with Diverse Cl | Z25: 3249.92
G26: 4209C · 209C-Negotiating with Diverse | H26: 1085.02 | I26: 0 | J26: 3255.06 | K26: 0 | L26: 1302 | M26: 0 | N26: =ROUND(H26+J26+L26,5) -> 5642.08 | O26: =ROUND(I26+K26+M26,5) -> 0 | P26: =N26/3 -> 1880.6933 | Q26: =O26/3 -> 0 | Y26: 4209C · 209C-Negotiating with Diverse | Z26: 0
G27: 4213 · 213-Conflict Management | H27: 8761.17 | I27: 8970 | J27: 11868 | K27: 0 | L27: 8318 | M27: 14599 | N27: =ROUND(H27+J27+L27,5) -> 28947.17 | O27: =ROUND(I27+K27+M27,5) -> 23569 | P27: =N27/3 -> 9649.0567 | Q27: =O27/3 -> 7856.3333 | Y27: 4213 · 213-Conflict Management | Z27: 15886.42
G28: 4213C · 213C-Conflict Management | H28: 4830 | I28: 1794 | J28: 827.99 | K28: 0 | L28: 734 | M28: 4064 | N28: =ROUND(H28+J28+L28,5) -> 6391.99 | O28: =ROUND(I28+K28+M28,5) -> 5858 | P28: =N28/3 -> 2130.6633 | Q28: =O28/3 -> 1952.6667 | Y28: 4213C · 213C-Conflict Management | Z28: 645.87
G29: 4215 · 215-R/W Acquisit. Pipeline Proj | H29: 8392.76 | I29: 22568 | J29: 8680.03 | K29: 31248 | L29: 16885.09 | M29: 12992 | N29: =ROUND(H29+J29+L29,5) -> 33957.88 | O29: =ROUND(I29+K29+M29,5) -> 66808 | P29: =N29/3 -> 11319.293 | Q29: =O29/3 -> 22269.333 | Y29: 4215 · 215-R/W Acquisit. Pipeline Proj | Z29: 11171.61
G30: 4218 · 218-R/W Acq. for Elec.Util.Proj | H30: 21528.44 | I30: 5642 | J30: 6510 | K30: 18228 | L30: 15979.04 | M30: 25984 | N30: =ROUND(H30+J30+L30,5) -> 44017.48 | O30: =ROUND(I30+K30+M30,5) -> 49854 | P30: =N30/3 -> 14672.493 | Q30: =O30/3 -> 16618 | Y30: 4218 · 218-R/W Acq. for Elec.Util.Proj | Z30: 10562.25
G31: 4219 · 219-Introductory Instructor | H31: 4941.81 | I31: 5642 | J31: 24087 | K31: 5208 | L31: 35550 | M31: 16240 | N31: =ROUND(H31+J31+L31,5) -> 64578.81 | O31: =ROUND(I31+K31+M31,5) -> 27090 | P31: =N31/3 -> 21526.27 | Q31: =O31/3 -> 9030 | Y31: 4219 · 219-Introductory Instructor | Z31: 42248.99
G32: 4219C · 219C-Introductory Instructor | H32: 0 | I32: 0 | J32: 7378.07 | K32: 0 | L32: 7422.09 | M32: 0 | N32: =ROUND(H32+J32+L32,5) -> 14800.16 | O32: =ROUND(I32+K32+M32,5) -> 0 | P32: =N32/3 -> 4933.3867 | Q32: =O32/3 -> 0 | Y32: 4219C · 219C-Introductory Instructor | Z32: 0
G33: 4225 · 225-Social Ecology | H33: 638.11 | I33: 14105 | J33: 966 | K33: 5208 | L33: 0 | M33: 3248 | N33: =ROUND(H33+J33+L33,5) -> 1604.11 | O33: =ROUND(I33+K33+M33,5) -> 22561 | P33: =N33/3 -> 534.70333 | Q33: =O33/3 -> 7520.3333 | Y33: 4225 · 225-Social Ecology | Z33: 1033.39
... G35: 4235C · C235C - Cdn Oil & Gas Industry | H35: 0 | I35: 5382 | J35: 0 | K35: 6624 | L35: 0 | M35: 3248 | N35: =ROUND(H35+J35+L35,5) -> 0 | O35: =ROUND(I35+K35+M35,5) -> 15254 | P35: =N35/3 -> 0 | Q35: =O35/3 -> 5084.6667 | Y35: 4235C · C235C - Cdn Oil & Gas Industry | Z35: 1015.6
G36: 4239 · 239 Prin. of Wind Eng. Ld Aq | H36: 0 | I36: 0 | J36: 3449.96 | K36: 0 | L36: 2113.96 | M36: 0 | N36: =ROUND(H36+J36+L36,5) -> 5563.92 | O36: 0 | P36: =N36/3 -> 1854.64 | Q36: =O36/3 -> 0 | Y36: 4239 · 239 Prin. of Wind Eng. Ld Aq | Z36: 3858.35
G37: 4240i · 240i Geothermal Energy Basics | H37: 0 | I37: 0 | J37: 0 | K37: 0 | L37: 0 | M37: 0 | N37: =ROUND(H37+J37+L37,5) -> 0 | O37: =ROUND(I37+K37+M37,5) -> 0 | P37: =N37/3 -> 0 | Q37: =O37/3 -> 0 | Y37: 4240i · 240i Geothermal Energy Basics | Z37: 262.09
G38: 4241i · 240i - Solar Energy Basics | H38: 0 | I38: 0 | J38: 0 | K38: 0 | L38: 0 | M38: 0 | N38: =ROUND(H38+J38+L38,5) -> 0 | O38: =ROUND(I38+K38+M38,5) -> 0 | P38: =N38/3 -> 0 | Q38: =O38/3 -> 0 | Y38: 4241i · 240i - Solar Energy Basics | Z38: 262.09
F39: Total 200 · COURSE 200'S | H39: =ROUND(SUM(H16:H38),5) -> 125929.22 | I39: =ROUND(SUM(I16:I38),5) -> 120263 | J39: =ROUND(SUM(J16:J38),5) -> 136830.26 | K39: =ROUND(SUM(K16:K38),5) -> 203448 | L39: =ROUND(SUM(L16:L38),5) -> 177591.3 | M39: =ROUND(SUM(M16:M38),5) -> 186903 | N39: =ROUND(H39+J39+L39,5) -> 440350.78 | O39: =ROUND(I39+K39+M39,5) -> 510614 | P39: =N39/3 -> 146783.59 | Q39: =O39/3 -> 170204.67 | X39: Total 200 · COURSE 200'S | Z39: =ROUND(SUM(Z16:Z38),5) -> 190801.85 | AB39: =ROUND(SUM(AB16:AB38),5) -> 0 | AC39: =ROUND(SUM(AC16:AC38),5) -> 0 | AD39: =ROUND(SUM(AD16:AD38),5) -> 0
F40: 300 · COURSE 300'S | X40: 300 · COURSE 300'S
G41: 4303 · 303-Management Consulting | H41: 2498.6 | I41: 22568 | J41: 9765 | K41: 15624 | L41: 4818 | M41: 6496 | N41: =ROUND(H41+J41+L41,5) -> 17081.6 | O41: =ROUND(I41+K41+M41,5) -> 44688 | P41: =N41/3 -> 5693.8667 | Q41: =O41/3 -> 14896 | Y41: 4303 · 303-Management Consulting | Z41: 11780.97
G42: 4303C · 303C-Management Consulting | H42: 0 | I42: 0 | J42: 0 | L42: 1953.03 | N42: =ROUND(H42+J42+L42,5) -> 1953.03 | O42: =ROUND(I42+K42+M42,5) -> 0 | P42: =N42/3 -> 651.01 | Q42: =O42/3 -> 0 | Y42: 4303C · 303C-Management Consulting | Z42: 0
G43: 4304 · 304-When Public Agenc's Collide | H43: 3420 | I43: 5382 | J43: 690 | K43: 6624 | L43: 2527.98 | M43: 4214 | N43: =ROUND(H43+J43+L43,5) -> 6637.98 | O43: =ROUND(I43+K43+M43,5) -> 16220 | P43: =N43/3 -> 2212.66 | Q43: =O43/3 -> 5406.6667 | Y43: 4304 · 304-When Public Agenc's Collide | Z43: 1203.74
G44: 4306 · 306-Proj Management Basics PM1 | H44: 0 | J44: 0 | L44: 0 | M44: 0 | N44: =ROUND(H44+J44+L44,5) -> 0 | O44: =ROUND(I44+K44+M44,5) -> 0 | P44: =N44/3 -> 0 | Q44: =O44/3 -> 0 | Y44: 4306 · 306-Proj Management Basics PM1 | Z44: 1421.84
F45: Total 300 · COURSE 300'S | H45: =ROUND(SUM(H40:H44),5) -> 5918.6 | I45: =ROUND(SUM(I40:I44),5) -> 27950 | J45: =ROUND(SUM(J40:J44),5) -> 10455 | K45: =ROUND(SUM(K40:K44),5) -> 22248 | L45: =ROUND(SUM(L40:L44),5) -> 9299.01 | M45: =ROUND(SUM(M40:M44),5) -> 10710 | N45: =ROUND(H45+J45+L45,5) -> 25672.61 | O45: =ROUND(I45+K45+M45,5) -> 60908 | P45: =N45/3 -> 8557.5367 | Q45: =O45/3 -> 20302.667 | X45: Total 300 · COURSE 300'S | Z45: =ROUND(SUM(Z40:Z44),5) -> 14406.55 | AB45: =ROUND(SUM(AB40:AB44),5) -> 0 | AC45: =ROUND(SUM(AC40:AC44),5) -> 0 | AD45: =ROUND(SUM(AD40:AD44),5) -> 0
F46: 400 · COURSE 400'S | X46: 400 · COURSE 400'S
G47: 4400 · 400-Principles of R/E Appraisal | H47: 36766.12 | I47: 16926 | J47: 30814 | K47: 23436 | L47: 19774 | M47: 31784 | N47: =ROUND(H47+J47+L47,5) -> 87354.12 | O47: =ROUND(I47+K47+M47,5) -> 72146 | P47: =N47/3 -> 29118.04 | Q47: =O47/3 -> 24048.667 | Y47: 4400 · 400-Principles of R/E Appraisal | Z47: 35342.9
G48: 4400C · 400C-Principles of R/E Apprais. | H48: 7526.63 | I48: 0 | J48: 1953.01 | K48: 10416 | L48: 3387.04 | M48: 12760 | N48: =ROUND(H48+J48+L48,5) -> 12866.68 | O48: =ROUND(I48+K48+M48,5) -> 23176 | P48: =N48/3 -> 4288.8933 | Q48: =O48/3 -> 7725.3333 | Y48: 4400C · 400C-Principles of R/E Apprais. | Z48: 3859.28
G49: 4402 · 402-Intro to Income Cap Approac | H49: 552 | I49: 7176 | J49: 552 | K49: 8280 | L49: 0 | M49: 4214 | N49: =ROUND(H49+J49+L49,5) -> 1104 | O49: =ROUND(I49+K49+M49,5) -> 19670 | P49: =N49/3 -> 368 | Q49: =O49/3 -> 6556.6667 | Y49: 4402 · 402-Intro to Income Cap Approac | Z49: 645.87
G50: 4403 · 403-Easement Valuation | H50: 12424.55 | I50: 8970 | J50: 15594 | K50: 1656 | L50: 7334 | M50: 14599 | N50: =ROUND(H50+J50+L50,5) -> 35352.55 | O50: =ROUND(I50+K50+M50,5) -> 25225 | P50: =N50/3 -> 11784.183 | Q50: =O50/3 -> 8408.3333 | Y50: 4403 · 403-Easement Valuation | Z50: 18563.49
G51: 4406A · 406A-15 Hour National USPAP | H51: 752.55 | J51: 0 | L51: 3132 | M51: 1190 | N51: =ROUND(H51+J51+L51,5) -> 3884.55 | O51: =ROUND(I51+K51+M51,5) -> 1190 | P51: =N51/3 -> 1294.85 | Q51: =O51/3 -> 396.66667 | Y51: 4406A · 406A-15 Hour National USPAP | Z51: 1015.6
G52: 4406B · 406B-7 Hour National USPAP | H52: 0 | I52: 4420 | J52: 3960 | K52: 7140 | L52: 0 | M52: 0 | N52: =ROUND(H52+J52+L52,5) -> 3960 | O52: =ROUND(I52+K52+M52,5) -> 11560 | P52: =N52/3 -> 1320 | Q52: =O52/3 -> 3853.3333 | Y52: 4406B · 406B-7 Hour National USPAP | Z52: 6043.06
G53: 4409 · 409-Integrating Appraisal Stds. | H53: 0 | I53: 0 | J53: 0 | K53: 8280 | L53: 546 | M53: 2107 | N53: =ROUND(H53+J53+L53,5) -> 546 | O53: =ROUND(I53+K53+M53,5) -> 10387 | P53: =N53/3 -> 182 | Q53: =O53/3 -> 3462.3333 | Y53: 4409 · 409-Integrating Appraisal Stds. | Z53: 645.87
G54: 4410 · 410-Review. Apprais. in Eminent | H54: 1438.36 | I54: 8970 | J54: 3312 | K54: 6624 | L54: 3990 | M54: 4214 | N54: =ROUND(H54+J54+L54,5) -> 8740.36 | O54: =ROUND(I54+K54+M54,5) -> 19808 | P54: =N54/3 -> 2913.4533 | Q54: =O54/3 -> 6602.6667 | Y54: 4410 · 410-Review. Apprais. in Eminent | Z54: 6101.09
G55: 4413 · 413-UAS Federal Land Acquisit'n | H55: 594 | I55: 0 | J55: 0 | K55: 21384 | L55: 0 | M55: 3500 | N55: =ROUND(H55+J55+L55,5) -> 594 | O55: =ROUND(I55+K55+M55,5) -> 24884 | P55: =N55/3 -> 198 | Q55: =O55/3 -> 8294.6667 | Y55: 4413 · 413-UAS Federal Land Acquisit'n | Z55: 1668.02
G56: 4415 · 415.USPAP&YB Relationship Guide | H56: 0 | I56: 0 | J56: 0 | K56: 3312 | L56: 690 | M56: 2107 | N56: =ROUND(H56+J56+L56,5) -> 690 | O56: =ROUND(I56+K56+M56,5) -> 5419 | P56: =N56/3 -> 230 | Q56: =O56/3 -> 1806.3333 | Y56: 4415 · 415.USPAP&YB Relationship Guide | Z56: 645.87
G57: 4417 · 417-Valuation of Contamin. R/E | H57: 1413.6 | I57: 11284 | J57: 0 | K57: 13020 | L57: 0 | M57: 3248 | N57: =ROUND(H57+J57+L57,5) -> 1413.6 | O57: =ROUND(I57+K57+M57,5) -> 27552 | P57: =N57/3 -> 471.2 | Q57: =O57/3 -> 9184 | Y57: 4417 · 417-Valuation of Contamin. R/E | Z57: 1015.6
G58: 4421 · 421-Valuation of Partial Acquis | H58: 61221.21 | I58: 5161 | J58: 39303 | K58: 76224 | L58: 74396 | M58: 62361 | N58: =ROUND(H58+J58+L58,5) -> 174920.21 | O58: =ROUND(I58+K58+M58,5) -> 143746 | P58: =N58/3 -> 58306.737 | Q58: =O58/3 -> 47915.333 | Y58: 4421 · 421-Valuation of Partial Acquis | Z58: 37252.42
G59: 4421C · 421C-Valuation of Partial Acqui | H59: 5955.03 | I59: 5161 | J59: 6352.04 | K59: 19056 | L59: 0 | M59: 0 | N59: =ROUND(H59+J59+L59,5) -> 12307.07 | O59: =ROUND(I59+K59+M59,5) -> 24217 | P59: =N59/3 -> 4102.3567 | Q59: =O59/3 -> 8072.3333 | Y59: 4421C · 421C-Valuation of Partial Acqui | Z59: 6116.07
G60: 4431 · 431-Problems in Valuation P/A | H60: 7762.21 | I60: 5382 | J60: 7590 | K60: 4968 | L60: 7970 | M60: 12642 | N60: =ROUND(H60+J60+L60,5) -> 23322.21 | O60: =ROUND(I60+K60+M60,5) -> 22992 | P60: =N60/3 -> 7774.07 | Q60: =O60/3 -> 7664 | Y60: 4431 · 431-Problems in Valuation P/A | Z60: 11176.29
G61: 4431C · 431C-Problems in Valuation P/A | H61: 966 | J61: 2483.98 | L61: 1104 | M61: 0 | N61: =ROUND(H61+J61+L61,5) -> 4553.98 | O61: =ROUND(I61+K61+M61,5) -> 0 | P61: =N61/3 -> 1517.9933 | Q61: =O61/3 -> 0 | Y61: 4431C · 431C-Problems in Valuation P/A | Z61: 3470.83
F62: Total 400 · COURSE 400'S | H62: =ROUND(SUM(H46:H61),5) -> 137372.26 | I62: =ROUND(SUM(I46:I61),5) -> 73450 | J62: =ROUND(SUM(J46:J61),5) -> 111914.03 | K62: =ROUND(SUM(K46:K61),5) -> 203796 | L62: =ROUND(SUM(L46:L61),5) -> 122323.04 | M62: =ROUND(SUM(M46:M61),5) -> 154726 | N62: =ROUND(H62+J62+L62,5) -> 371609.33 | O62: =ROUND(I62+K62+M62,5) -> 431972 | P62: =N62/3 -> 123869.78 | Q62: =O62/3 -> 143990.67 | X62: Total 400 · COURSE 400'S | Z62: =ROUND(SUM(Z46:Z61),5) -> 133562.26 | AB62: =ROUND(SUM(AB46:AB61),5) -> 0 | AC62: =ROUND(SUM(AC46:AC61),5) -> 0 | AD62: =ROUND(SUM(AD46:AD61),5) -> 0
F63: 4985 · SR/WA Revenue | H63: 8314.73 | I63: 16926 | J63: 15190.01 | K63: 28447.38 | L63: 10677 | M63: 20750 | N63: =ROUND(H63+J63+L63,5) -> 34181.74 | O63: =ROUND(I63+K63+M63,5) -> 66123.38 | P63: =N63/3 -> 11393.913 | Q63: =O63/3 -> 22041.127 | X63: 4985 · SR/WA Revenue | Z63: 26202.51
F64: 500 · COURSE 500'S | X64: 500 · COURSE 500'S
G65: 4501 · 501-Residential Reloc. Assist. | H65: 20139.29 | I65: 5642 | J65: 36456.01 | K65: 28644 | L65: 50222 | M65: 22272 | N65: =ROUND(H65+J65+L65,5) -> 106817.3 | O65: =ROUND(I65+K65+M65,5) -> 56558 | P65: =N65/3 -> 35605.767 | Q65: =O65/3 -> 18852.667 | Y65: 4501 · 501-Residential Reloc. Assist. | Z65: 39608.42
G66: 4502 · 502-Non-Residential Relocation | H66: 22335.58 | I66: 11284 | J66: 24521.05 | K66: 31248 | L66: 17114.01 | M66: 25752 | N66: =ROUND(H66+J66+L66,5) -> 63970.64 | O66: =ROUND(I66+K66+M66,5) -> 68284 | P66: =N66/3 -> 21323.547 | Q66: =O66/3 -> 22761.333 | Y66: 4502 · 502-Non-Residential Relocation | Z66: 31889.86
G67: 4503 · 503-Mobile Home Relocation | H67: 966 | I67: 7176 | J67: 828 | K67: 1656 | L67: 0 | M67: 6321 | N67: =ROUND(H67+J67+L67,5) -> 1794 | O67: =ROUND(I67+K67+M67,5) -> 15153 | P67: =N67/3 -> 598 | Q67: =O67/3 -> 5051 | Y67: 4503 · 503-Mobile Home Relocation | Z67: 1420.9
G68: 4504 · 504-Computing Replace. Hous.Pmt | H68: 5599.29 | I68: 16926 | J68: 4557 | K68: 31248 | L68: 12686 | M68: 12992 | N68: =ROUND(H68+J68+L68,5) -> 22842.29 | O68: =ROUND(I68+K68+M68,5) -> 61166 | P68: =N68/3 -> 7614.0967 | Q68: =O68/3 -> 20388.667 | Y68: 4504 · 504-Computing Replace. Hous.Pmt | Z68: 8124.8
G69: 4505 · 505-Advanced Res. Reloc.Assist. | H69: 1794 | I69: 5382 | J69: 2564 | K69: 3312 | L69: 4874 | M69: 8278 | N69: =ROUND(H69+J69+L69,5) -> 9232 | O69: =ROUND(I69+K69+M69,5) -> 16972 | P69: =N69/3 -> 3077.3333 | Q69: =O69/3 -> 5657.3333 | Y69: 4505 · 505-Advanced Res. Reloc.Assist. | Z69: 4886.12
G70: 4506 · 506-Advanced Bus. Reloc.Assist. | H70: 2982.44 | I70: 5642 | J70: 5859 | K70: 31248 | L70: 3038 | M70: 6496 | N70: =ROUND(H70+J70+L70,5) -> 11879.44 | O70: =ROUND(I70+K70+M70,5) -> 43386 | P70: =N70/3 -> 3959.8133 | Q70: =O70/3 -> 14462 | Y70: 4506 · 506-Advanced Bus. Reloc.Assist. | Z70: 7718.56
F71: Total 500 · COURSE 500'S | H71: =ROUND(SUM(H64:H70),5) -> 53816.6 | I71: =ROUND(SUM(I64:I70),5) -> 52052 | J71: =ROUND(SUM(J64:J70),5) -> 74785.06 | K71: =ROUND(SUM(K64:K70),5) -> 127356 | L71: =ROUND(SUM(L64:L70),5) -> 87934.01 | M71: =ROUND(SUM(M64:M70),5) -> 82111 | N71: =ROUND(H71+J71+L71,5) -> 216535.67 | O71: =ROUND(I71+K71+M71,5) -> 261519 | P71: =N71/3 -> 72178.557 | Q71: =O71/3 -> 87173 | X71: Total 500 · COURSE 500'S | Z71: =ROUND(SUM(Z64:Z70),5) -> 93648.66 | AB71: =ROUND(SUM(AB64:AB70),5) -> 0 | AC71: =ROUND(SUM(AC64:AC70),5) -> 0 | AD71: =ROUND(SUM(AD64:AD70),5) -> 0
F72: 600 · COURSE 600'S | X72: 600 · COURSE 600'S
G73: 4600C · 600C-Environmental Awareness | H73: 4536.32 | I73: 3588 | J73: 827.99 | K73: 0 | L73: 0 | M73: 6321 | N73: =ROUND(H73+J73+L73,5) -> 5364.31 | O73: =ROUND(I73+K73+M73,5) -> 9909 | P73: =N73/3 -> 1788.1033 | Q73: =O73/3 -> 3303 | Y73: 4600C · 600C-Environmental Awareness | Z73: 0
G74: 4600i · 600i-Environmental Awareness | H74: 11173 | I74: 7176 | J74: 13800 | K74: 0 | L74: 21027.91 | M74: 22727 | N74: =ROUND(H74+J74+L74,5) -> 46000.91 | O74: =ROUND(I74+K74+M74,5) -> 29903 | P74: =N74/3 -> 15333.637 | Q74: =O74/3 -> 9967.6667 | Y74: 4600i · 600i-Environmental Awareness | Z74: 20177.22
G75: 4602 · 602-Project Devel.& Envir.Proc. | H75: 0 | I75: 0 | J75: 0 | K75: 31248 | L75: 0 | M75: 0 | N75: =ROUND(H75+J75+L75,5) -> 0 | O75: =ROUND(I75+K75+M75,5) -> 31248 | P75: =N75/3 -> 0 | Q75: =O75/3 -> 10416 | Y75: 4602 · 602-Project Devel.& Envir.Proc. | Z75: 0
G76: 4603 · 603-Understanding Environment | H76: 11607.79 | I76: 12558 | J76: 12282 | K76: 0 | L76: 5520 | M76: 14449 | N76: =ROUND(H76+J76+L76,5) -> 29409.79 | O76: =ROUND(I76+K76+M76,5) -> 27007 | P76: =N76/3 -> 9803.2633 | Q76: =O76/3 -> 9002.3333 | Y76: 4603 · 603-Understanding Environment | Z76: 14974.73
G77: 4603C · 603C-Understanding Environment | H77: 3458.77 | I77: 1794 | J77: 0 | K77: 0 | L77: 0 | M77: 6171 | N77: =ROUND(H77+J77+L77,5) -> 3458.77 | O77: =ROUND(I77+K77+M77,5) -> 7965 | P77: =N77/3 -> 1152.9233 | Q77: =O77/3 -> 2655 | Y77: 4603C · 603C-Understanding Environment | Z77: 945.4
G78: 4604 · 604-Envir Due Diligence and Li. | H78: 8384.1 | I78: 8970 | J78: 5382 | K78: 0 | L78: 7865.97 | M78: 16706 | N78: =ROUND(H78+J78+L78,5) -> 21632.07 | O78: =ROUND(I78+K78+M78,5) -> 25676 | P78: =N78/3 -> 7210.69 | Q78: =O78/3 -> 8558.6667 | Y78: 4604 · 604-Envir Due Diligence and Li. | Z78: 7785.96
G79: 4606 · 606-Environmental Process | H79: 0 | I79: 3588 | J79: 0 | K79: 0 | L79: 966 | M79: 0 | N79: =ROUND(H79+J79+L79,5) -> 966 | O79: =ROUND(I79+K79+M79,5) -> 3588 | P79: =N79/3 -> 322 | Q79: =O79/3 -> 1196 | Y79: 4606 · 606-Environmental Process | Z79: 0
G80: 4606C · 606C-Environmental Process | H80: 0 | I80: 1794 | J80: 0 | K80: 0 | L80: 0 | M80: 2107 | N80: =ROUND(H80+J80+L80,5) -> 0 | O80: =ROUND(I80+K80+M80,5) -> 3901 | P80: =N80/3 -> 0 | Q80: =O80/3 -> 1300.3333 | Y80: 4606C · 606C-Environmental Process | Z80: 0
G81: 4640i · 640i-Water Basics | P81: =N81/3 -> 0 | Q81: =O81/3 -> 0 | Y81: 4640i · 640i-Water Basics | Z81: 1441.5
G82: 4643i · 643i-Air Basics | H82: 0 | I82: 0 | J82: 0 | K82: 0 | L82: 0 | M82: 0 | N82: =ROUND(H82+J82+L82,5) -> 0 | O82: =ROUND(I82+K82+M82,5) -> 0 | P82: =N82/3 -> 0 | Q82: =O82/3 -> 0 | Y82: 4643i · 643i-Air Basics | Z82: 655.23
G83: 4646i · 646i-Soil Basics | H83: 0 | I83: 0 | J83: 0 | K83: 0 | L83: 0 | M83: 0 | N83: =ROUND(H83+J83+L83,5) -> 0 | O83: =ROUND(I83+K83+M83,5) -> 0 | P83: =N83/3 -> 0 | Q83: =O83/3 -> 0 | Y83: 4646i · 646i-Soil Basics | Z83: 655.23
F84: Total 600 · COURSE 600'S | H84: =ROUND(SUM(H72:H83),5) -> 39159.98 | I84: =ROUND(SUM(I72:I83),5) -> 39468 | J84: =ROUND(SUM(J72:J83),5) -> 32291.99 | K84: =ROUND(SUM(K72:K83),5) -> 31248 | L84: =ROUND(SUM(L72:L83),5) -> 35379.88 | M84: =ROUND(SUM(M72:M83),5) -> 68481 | N84: =ROUND(H84+J84+L84,5) -> 106831.85 | O84: =ROUND(I84+K84+M84,5) -> 139197 | P84: =N84/3 -> 35610.617 | Q84: =O84/3 -> 46399 | X84: Total 600 · COURSE 600'S | Z84: =ROUND(SUM(Z72:Z83),5) -> 46635.27 | AB84: =ROUND(SUM(AB72:AB83),5) -> 0 | AC84: =ROUND(SUM(AC72:AC83),5) -> 0 | AD84: =ROUND(SUM(AD72:AD83),5) -> 0
F85: 700 · COURSE 700'S | X85: 700 · COURSE 700'S
G86: 4700 · 700-Introduction to Prop. Mgmt. | H86: 11323.36 | I86: 14105 | J86: 13454 | K86: 31248 | L86: 16278 | M86: 16240 | N86: =ROUND(H86+J86+L86,5) -> 41055.36 | O86: =ROUND(I86+K86+M86,5) -> 61593 | P86: =N86/3 -> 13685.12 | Q86: =O86/3 -> 20531 | Y86: 4700 · 700-Introduction to Prop. Mgmt. | Z86: 20921.37
G87: 4700C · 700C-Introduction to Prop. Mgt. | H87: 1519.02 | I87: 0 | J87: 1519.03 | K87: 2604 | L87: 1519.02 | M87: 3248 | N87: =ROUND(H87+J87+L87,5) -> 4557.07 | O87: =ROUND(I87+K87+M87,5) -> 5852 | P87: =N87/3 -> 1519.0233 | Q87: =O87/3 -> 1950.6667 | Y87: 4700C · 700C-Introduction to Prop. Mgt. | Z87: 0
G88: 4701 · 701-Property Mgmt. - Leasing | H88: 5359 | I88: 22568 | J88: 0 | K88: 23436 | L88: 4340 | M88: 12992 | N88: =ROUND(H88+J88+L88,5) -> 9699 | O88: =ROUND(I88+K88+M88,5) -> 58996 | P88: =N88/3 -> 3233 | Q88: =O88/3 -> 19665.333 | Y88: 4701 · 701-Property Mgmt. - Leasing | Z88: 2234.32
G89: 4703 · 703-Real Property/Asset Mgmt. | H89: 2070 | I89: 5382 | J89: 0 | K89: 1656 | L89: 2897.98 | M89: 8428 | N89: =ROUND(H89+J89+L89,5) -> 4967.98 | O89: =ROUND(I89+K89+M89,5) -> 15466 | P89: =N89/3 -> 1655.9933 | Q89: =O89/3 -> 5155.3333 | Y89: 4703 · 703-Real Property/Asset Mgmt. | Z89: 2836.19
F90: Total 700 · COURSE 700'S | H90: =ROUND(SUM(H85:H89),5) -> 20271.38 | I90: =ROUND(SUM(I85:I89),5) -> 42055 | J90: =ROUND(SUM(J85:J89),5) -> 14973.03 | K90: =ROUND(SUM(K85:K89),5) -> 58944 | L90: =ROUND(SUM(L85:L89),5) -> 25035 | M90: =ROUND(SUM(M85:M89),5) -> 40908 | N90: =ROUND(H90+J90+L90,5) -> 60279.41 | O90: =ROUND(I90+K90+M90,5) -> 141907 | P90: =N90/3 -> 20093.137 | Q90: =O90/3 -> 47302.333 | X90: Total 700 · COURSE 700'S | Z90: =ROUND(SUM(Z85:Z89),5) -> 25991.88 | AB90: =ROUND(SUM(AB85:AB89),5) -> 0 | AC90: =ROUND(SUM(AC85:AC89),5) -> 0 | AD90: =ROUND(SUM(AD85:AD89),5) -> 0
F91: 800 · COURSE 800'S | X91: 800 · COURSE 800'S
G92: 4800 · 800-Principles of R/E Law | H92: 22281.85 | I92: 19747 | J92: 41664 | K92: 20832 | L92: 44917 | M92: 29000 | N92: =ROUND(H92+J92+L92,5) -> 108862.85 | O92: =ROUND(I92+K92+M92,5) -> 69579 | P92: =N92/3 -> 36287.617 | Q92: =O92/3 -> 23193 | Y92: 4800 · 800-Principles of R/E Law | Z92: 44077.07
G93: 4800C · 800C- Principles of R/E Law | H93: 1755.98 | I93: 2821 | J93: 10199.11 | K93: 10416 | L93: 2563.03 | M93: 6496 | N93: =ROUND(H93+J93+L93,5) -> 14518.12 | O93: =ROUND(I93+K93+M93,5) -> 19733 | P93: =N93/3 -> 4839.3733 | Q93: =O93/3 -> 6577.6667 | Y93: 4800C · 800C- Principles of R/E Law | Z93: 13202.81
G94: 4801 · 801-Land Titles | H94: 11875.49 | I94: 11284 | J94: 12152 | K94: 28644 | L94: 19457 | M94: 22504 | N94: =ROUND(H94+J94+L94,5) -> 43484.49 | O94: =ROUND(I94+K94+M94,5) -> 62432 | P94: =N94/3 -> 14494.83 | Q94: =O94/3 -> 20810.667 | Y94: 4801 · 801-Land Titles | Z94: 17671.45
G95: 4801C · 801C-Land Titles | H95: 0 | I95: 5642 | J95: 2821.05 | K95: 7812 | L95: 1390.01 | M95: 0 | N95: =ROUND(H95+J95+L95,5) -> 4211.06 | O95: =ROUND(I95+K95+M95,5) -> 13454 | P95: =N95/3 -> 1403.6867 | Q95: =O95/3 -> 4484.6667 | Y95: 4801C · 801C-Land Titles | Z95: 1828.08
G96: 4802 · 802-Legal Aspects of Easements | H96: 13617.53 | I96: 7176 | J96: 17940 | K96: 8280 | L96: 17886 | M96: 18663 | N96: =ROUND(H96+J96+L96,5) -> 49443.53 | O96: =ROUND(I96+K96+M96,5) -> 34119 | P96: =N96/3 -> 16481.177 | Q96: =O96/3 -> 11373 | Y96: 4802 · 802-Legal Aspects of Easements | Z96: 22369.42
G97: 4802C · 802C-Legal Aspects of Easements | H97: 4362.03 | I97: 0 | J97: 966 | K97: 3312 | L97: 0 | M97: 4214 | N97: =ROUND(H97+J97+L97,5) -> 5328.03 | O97: =ROUND(I97+K97+M97,5) -> 7526 | P97: =N97/3 -> 1776.01 | Q97: =O97/3 -> 2508.6667 | Y97: 4802C · 802C-Legal Aspects of Easements | Z97: 1203.74
G98: 4803 · 803-Eminent Domain Law Basics.. | H98: 27637.29 | I98: 14105 | J98: 18228 | K98: 26040 | L98: 17768 | M98: 29000 | N98: =ROUND(H98+J98+L98,5) -> 63633.29 | O98: =ROUND(I98+K98+M98,5) -> 69145 | P98: =N98/3 -> 21211.097 | Q98: =O98/3 -> 23048.333 | Y98: 4803 · 803-Eminent Domain Law Basics.. | Z98: 19296.41
G99: 4803C · 803C-Expropriation Law REP | H99: 0 | I99: 5642 | J99: 5425.05 | K99: 10416 | L99: 2129 | M99: 0 | N99: =ROUND(H99+J99+L99,5) -> 7554.05 | O99: =ROUND(I99+K99+M99,5) -> 16058 | P99: =N99/3 -> 2518.0167 | Q99: =O99/3 -> 5352.6667 | Y99: 4803C · 803C-Expropriation Law REP | Z99: 6499.84
G100: 4804 · 804-Skills of Expert Testimony | H100: 414 | I100: 3588 | J100: 3588 | K100: 6624 | L100: 1512 | M100: 2107 | N100: =ROUND(H100+J100+L100,5) -> 5514 | O100: =ROUND(I100+K100+M100,5) -> 12319 | P100: =N100/3 -> 1838 | Q100: =O100/3 -> 4106.3333 | Y100: 4804 · 804-Skills of Expert Testimony | Z100: 5078.94
G101: 4840C · 840C Canadian Expropriation Bas | Y101: 4840C · 840C Canadian Expropriation Bas | Z101: 262.09
...

Sheet 4th Draft
H1: =H580 -> 44542.64 | I1: =I580 -> 8714.58 | J1: =J580 -> 51342.9 | K1: =K580 -> 826.41 | L1: =L580 -> 184453.41 | M1: =M580 -> 354.02 | N1: =N580 -> 280338.95 | O1: =O580 -> 9895.01 | ... Q1: =Q580 -> 3298.3367 | Z1: =Z580 -> 811.37 | AB1: =AB580 -> -193160.47 | AC1: =AC580 -> -8678.4714 | AD1: =AD580 -> 15325.988 | AE1: =AE580 -> 6387.1
AB2: 1st Draft | AC2: 2nd Draft | AD2: 3rd Draft | AE2: 4th Draft
N3: TOTAL | P3: 3 Year Average | Z3: 2025 - 26 | AB3: 2026 - 27 | AC3: 2026 - 27 | AD3: 2026 - 27 | AE3: 2026 - 27
H4: Jul '22 - Jun 23 | I4: Budget | J4: Jul '23 - Jun 24 | K4: Budget | L4: Jul '24 - Jun 25 | M4: Budget | N4: Jul '22 - Jun 25 | O4: Budget | P4: Jul '22 - Jun 25 | Q4: Budget | Z4: Budget | AB4: Budget | AC4: Budget | AD4: Budget | AE4: Budget
B5: Ordinary Income/Expense | T5: Ordinary Income/Expense
C6: Income | U6: Income
D7: 40 · EDUCATION INCOME | V7: 40 · EDUCATION INCOME
E8: 410 · COURSE INCOME - CLASSROOM | W8: 410 · COURSE INCOME - CLASSROOM
F9: 100 · COURSE 100'S | X9: 100 · COURSE 100'S | AB9: 960784.8 | AC9: 960784.8 | AD9: 1026054.2 | AE9: 1026054.2
G10: 4100i · 100i-Principles of Land Acq | H10: 122124.97 | I10: 16926 | J10: 75082.22 | K10: 46872 | L10: 73581.05 | M10: 110683 | N10: =ROUND(H10+J10+L10,5) -> 270788.24 | O10: =ROUND(I10+K10+M10,5) -> 174481 | P10: =N10/3 -> 90262.747 | Q10: =O10/3 -> 58160.333 | Y10: 4100i · 100i-Principles of Land Acq | Z10: 119709.85
G11: 4102 · 102-Elevating Your Ethical Awar | H11: 27462.54 | I11: 7176 | J11: 38915.93 | K11: 13248 | L11: 37783.37 | M11: 26791 | N11: =ROUND(H11+J11+L11,5) -> 104161.84 | O11: =ROUND(I11+K11+M11,5) -> 47215 | P11: =N11/3 -> 34720.613 | Q11: =O11/3 -> 15738.333 | Y11: 4102 · 102-Elevating Your Ethical Awar | Z11: 47017.15
G12: 4103 · 103-Ethics & ROW Profession | H12: 0 | I12: 8970 | J12: 0 | K12: 0 | L12: 0 | N12: =ROUND(H12+J12+L12,5) -> 0 | O12: =ROUND(I12+K12+M12,5) -> 8970 | P12: =N12/3 -> 0 | Q12: =O12/3 -> 2990 | Y12: 4103 · 103-Ethics & ROW Profession | Z12: 0
G13: 4105 · 105-URA Executive Summary | H13: 21585.85 | I13: 0 | J13: 9798 | K13: 1656 | L13: 17730 | M13: 20620 | N13: =ROUND(H13+J13+L13,5) -> 49113.85 | O13: =ROUND(I13+K13+M13,5) -> 22276 | P13: =N13/3 -> 16371.283 | Q13: =O13/3 -> 7425.3333 | Y13: 4105 · 105-URA Executive Summary | Z13: 17741.66
G14: 4145 · 145-Overview of URA 4 Hrs | H14: 0 | J14: 5600 | L14: 2190 | M14: 1400 | N14: =ROUND(H14+J14+L14,5) -> 7790 | O14: =ROUND(I14+K14+M14,5) -> 1400 | P14: =N14/3 -> 2596.6667 | Q14: =O14/3 -> 466.66667 | Y14: 4145 · 145-Overview of URA 4 Hrs | Z14: 5634.94
F15: Total 100 · COURSE 100'S | H15: =ROUND(SUM(H9:H14),5) -> 171173.36 | I15: =ROUND(SUM(I9:I14),5) -> 33072 | J15: =ROUND(SUM(J9:J14),5) -> 129396.15 | K15: =ROUND(SUM(K9:K14),5) -> 61776 | L15: =ROUND(SUM(L9:L14),5) -> 131284.42 | M15: =ROUND(SUM(M9:M14),5) -> 159494 | N15: =ROUND(H15+J15+L15,5) -> 431853.93 | O15: =ROUND(I15+K15+M15,5) -> 254342 | P15: =N15/3 -> 143951.31 | Q15: =O15/3 -> 84780.667 | X15: Total 100 · COURSE 100'S | Z15: =ROUND(SUM(Z9:Z14),5) -> 190103.6 | AB15: =ROUND(SUM(AB9:AB14),5) -> 960784.8 | AC15: =ROUND(SUM(AC9:AC14),5) -> 960784.8 | AD15: =ROUND(SUM(AD9:AD14),5) -> 1026054.2 | AE15: =ROUND(SUM(AE9:AE14),5) -> 1026054.2
F16: 200 · COURSE 200'S | X16: 200 · COURSE 200'S
G17: 4200 · 200-Princip. of R/E Negotiation | H17: 34864.82 | I17: 14105 | J17: 38975 | K17: 33852 | L17: 27970 | M17: 32016 | N17: =ROUND(H17+J17+L17,5) -> 101809.82 | O17: =ROUND(I17+K17+M17,5) -> 79973 | P17: =N17/3 -> 33936.607 | Q17: =O17/3 -> 26657.667 | Y17: 4200 · 200-Princip. of R/E Negotiation | Z17: 60529.78
G18: 4200C · 200C-Princip. of R/E Negotiat'n | H18: 8923.08 | I18: 2821 | J18: 7378.1 | K18: 7812 | L18: 10683.11 | M18: 12992 | N18: =ROUND(H18+J18+L18,5) -> 26984.29 | O18: =ROUND(I18+K18+M18,5) -> 23625 | P18: =N18/3 -> 8994.7633 | Q18: =O18/3 -> 7875 | Y18: 4200C · 200C-Princip. of R/E Negotiat'n | Z18: 0
G19: 4201 · 201-Comm. in R/E Acquisition | H19: 4158 | I19: 0 | J19: 0 | K19: 28512 | L19: 13112 | M19: 7000 | N19: =ROUND(H19+J19+L19,5) -> 17270 | O19: =ROUND(I19+K19+M19,5) -> 35512 | P19: =N19/3 -> 5756.6667 | Q19: =O19/3 -> 11837.333 | Y19: 4201 · 201-Comm. in R/E Acquisition | Z19: 4448.05
G20: 4203 · 203-Alternative Dispute Resol. | H20: 10734.81 | I20: 0 | J20: 2604 | K20: 13020 | L20: 9376 | M20: 22272 | N20: =ROUND(H20+J20+L20,5) -> 22714.81 | O20: =ROUND(I20+K20+M20,5) -> 35292 | P20: =N20/3 -> 7571.6033 | Q20: =O20/3 -> 11764 | Y20: 4203 · 203-Alternative Dispute Resol. | Z20: 8937.28
G21: 4203C · 203C-Alternative Dispute Resol. | H21: 651 | I21: 0 | J21: 2604.05 | L21: 0 | N21: =ROUND(H21+J21+L21,5) -> 3255.05 | O21: =ROUND(I21+K21+M21,5) -> 0 | P21: =N21/3 -> 1085.0167 | Q21: =O21/3 -> 0 | Y21: 4203C · 203C-Alternative Dispute Resol. | Z21: 0
G22: 4205 · 205-Bargaining Negotiations | H22: 2979.65 | I22: 19747 | J22: 13454 | K22: 28644 | L22: 7903 | M22: 9744 | N22: =ROUND(H22+J22+L22,5) -> 24336.65 | O22: =ROUND(I22+K22+M22,5) -> 58135 | P22: =N22/3 -> 8112.2167 | Q22: =O22/3 -> 19378.333 | Y22: 4205 · 205-Bargaining Negotiations | Z22: 16858.96
G23: 4205C · 205C-Bargaining Negotiations | H23: 2387.04 | I23: 0 | J23: 0 | K23: 0 | L23: 1173.01 | M23: 0 | N23: =ROUND(H23+J23+L23,5) -> 3560.05 | O23: =ROUND(I23+K23+M23,5) -> 0 | P23: =N23/3 -> 1186.6833 | Q23: =O23/3 -> 0 | Y23: 4205C · 205C-Bargaining Negotiations | Z23: 0
G24: 4207 · 207-Practical Negotiations | H24: 8821.1 | I24: 8463 | J24: 3689 | K24: 20832 | L24: 7944 | M24: 12992 | N24: =ROUND(H24+J24+L24,5) -> 20454.1 | O24: =ROUND(I24+K24+M24,5) -> 42287 | P24: =N24/3 -> 6818.0333 | Q24: =O24/3 -> 14095.667 | Y24: 4207 · 207-Practical Negotiations | Z24: 8327.92
G25: 4209 · 209-Negotiating with Diverse Cl | H25: 2232.41 | I25: 5642 | J25: 0 | K25: 2604 | L25: 11126 | M25: 9512 | N25: =ROUND(H25+J25+L25,5) -> 13358.41 | O25: =ROUND(I25+K25+M25,5) -> 17758 | P25: =N25/3 -> 4452.8033 | Q25: =O25/3 -> 5919.3333 | Y25: 4209 · 209-Negotiating with Diverse Cl | Z25: 3249.92
G26: 4209C · 209C-Negotiating with Diverse | H26: 1085.02 | I26: 0 | J26: 3255.06 | K26: 0 | L26: 1302 | M26: 0 | N26: =ROUND(H26+J26+L26,5) -> 5642.08 | O26: =ROUND(I26+K26+M26,5) -> 0 | P26: =N26/3 -> 1880.6933 | Q26: =O26/3 -> 0 | Y26: 4209C · 209C-Negotiating with Diverse | Z26: 0
G27: 4213 · 213-Conflict Management | H27: 8761.17 | I27: 8970 | J27: 11868 | K27: 0 | L27: 8318 | M27: 14599 | N27: =ROUND(H27+J27+L27,5) -> 28947.17 | O27: =ROUND(I27+K27+M27,5) -> 23569 | P27: =N27/3 -> 9649.0567 | Q27: =O27/3 -> 7856.3333 | Y27: 4213 · 213-Conflict Management | Z27: 15886.42
G28: 4213C · 213C-Conflict Management | H28: 4830 | I28: 1794 | J28: 827.99 | K28: 0 | L28: 734 | M28: 4064 | N28: =ROUND(H28+J28+L28,5) -> 6391.99 | O28: =ROUND(I28+K28+M28,5) -> 5858 | P28: =N28/3 -> 2130.6633 | Q28: =O28/3 -> 1952.6667 | Y28: 4213C · 213C-Conflict Management | Z28: 645.87
G29: 4215 · 215-R/W Acquisit. Pipeline Proj | H29: 8392.76 | I29: 22568 | J29: 8680.03 | K29: 31248 | L29: 16885.09 | M29: 12992 | N29: =ROUND(H29+J29+L29,5) -> 33957.88 | O29: =ROUND(I29+K29+M29,5) -> 66808 | P29: =N29/3 -> 11319.293 | Q29: =O29/3 -> 22269.333 | Y29: 4215 · 215-R/W Acquisit. Pipeline Proj | Z29: 11171.61
G30: 4218 · 218-R/W Acq. for Elec.Util.Proj | H30: 21528.44 | I30: 5642 | J30: 6510 | K30: 18228 | L30: 15979.04 | M30: 25984 | N30: =ROUND(H30+J30+L30,5) -> 44017.48 | O30: =ROUND(I30+K30+M30,5) -> 49854 | P30: =N30/3 -> 14672.493 | Q30: =O30/3 -> 16618 | Y30: 4218 · 218-R/W Acq. for Elec.Util.Proj | Z30: 10562.25
G31: 4219 · 219-Introductory Instructor | H31: 4941.81 | I31: 5642 | J31: 24087 | K31: 5208 | L31: 35550 | M31: 16240 | N31: =ROUND(H31+J31+L31,5) -> 64578.81 | O31: =ROUND(I31+K31+M31,5) -> 27090 | P31: =N31/3 -> 21526.27 | Q31: =O31/3 -> 9030 | Y31: 4219 · 219-Introductory Instructor | Z31: 42248.99
G32: 4219C · 219C-Introductory Instructor | H32: 0 | I32: 0 | J32: 7378.07 | K32: 0 | L32: 7422.09 | M32: 0 | N32: =ROUND(H32+J32+L32,5) -> 14800.16 | O32: =ROUND(I32+K32+M32,5) -> 0 | P32: =N32/3 -> 4933.3867 | Q32: =O32/3 -> 0 | Y32: 4219C · 219C-Introductory Instructor | Z32: 0
G33: 4225 · 225-Social Ecology | H33: 638.11 | I33: 14105 | J33: 966 | K33: 5208 | L33: 0 | M33: 3248 | N33: =ROUND(H33+J33+L33,5) -> 1604.11 | O33: =ROUND(I33+K33+M33,5) -> 22561 | P33: =N33/3 -> 534.70333 | Q33: =O33/3 -> 7520.3333 | Y33: 4225 · 225-Social Ecology | Z33: 1033.39
... G35: 4235C · C235C - Cdn Oil & Gas Industry | H35: 0 | I35: 5382 | J35: 0 | K35: 6624 | L35: 0 | M35: 3248 | N35: =ROUND(H35+J35+L35,5) -> 0 | O35: =ROUND(I35+K35+M35,5) -> 15254 | P35: =N35/3 -> 0 | Q35: =O35/3 -> 5084.6667 | Y35: 4235C · C235C - Cdn Oil & Gas Industry | Z35: 1015.6
G36: 4239 · 239 Prin. of Wind Eng. Ld Aq | H36: 0 | I36: 0 | J36: 3449.96 | K36: 0 | L36: 2113.96 | M36: 0 | N36: =ROUND(H36+J36+L36,5) -> 5563.92 | O36: 0 | P36: =N36/3 -> 1854.64 | Q36: =O36/3 -> 0 | Y36: 4239 · 239 Prin. of Wind Eng. Ld Aq | Z36: 3858.35
G37: 4240i · 240i Geothermal Energy Basics | H37: 0 | I37: 0 | J37: 0 | K37: 0 | L37: 0 | M37: 0 | N37: =ROUND(H37+J37+L37,5) -> 0 | O37: =ROUND(I37+K37+M37,5) -> 0 | P37: =N37/3 -> 0 | Q37: =O37/3 -> 0 | Y37: 4240i · 240i Geothermal Energy Basics | Z37: 262.09
G38: 4241i · 240i - Solar Energy Basics | H38: 0 | I38: 0 | J38: 0 | K38: 0 | L38: 0 | M38: 0 | N38: =ROUND(H38+J38+L38,5) -> 0 | O38: =ROUND(I38+K38+M38,5) -> 0 | P38: =N38/3 -> 0 | Q38: =O38/3 -> 0 | Y38: 4241i · 240i - Solar Energy Basics | Z38: 262.09
F39: Total 200 · COURSE 200'S | H39: =ROUND(SUM(H16:H38),5) -> 125929.22 | I39: =ROUND(SUM(I16:I38),5) -> 120263 | J39: =ROUND(SUM(J16:J38),5) -> 136830.26 | K39: =ROUND(SUM(K16:K38),5) -> 203448 | L39: =ROUND(SUM(L16:L38),5) -> 177591.3 | M39: =ROUND(SUM(M16:M38),5) -> 186903 | N39: =ROUND(H39+J39+L39,5) -> 440350.78 | O39: =ROUND(I39+K39+M39,5) -> 510614 | P39: =N39/3 -> 146783.59 | Q39: =O39/3 -> 170204.67 | X39: Total 200 · COURSE 200'S | Z39: =ROUND(SUM(Z16:Z38),5) -> 190801.85 | AB39: =ROUND(SUM(AB16:AB38),5) -> 0 | AC39: =ROUND(SUM(AC16:AC38),5) -> 0 | AD39: =ROUND(SUM(AD16:AD38),5) -> 0 | AE39: =ROUND(SUM(AE16:AE38),5) -> 0
F40: 300 · COURSE 300'S | X40: 300 · COURSE 300'S
G41: 4303 · 303-Management Consulting | H41: 2498.6 | I41: 22568 | J41: 9765 | K41: 15624 | L41: 4818 | M41: 6496 | N41: =ROUND(H41+J41+L41,5) -> 17081.6 | O41: =ROUND(I41+K41+M41,5) -> 44688 | P41: =N41/3 -> 5693.8667 | Q41: =O41/3 -> 14896 | Y41: 4303 · 303-Management Consulting | Z41: 11780.97
G42: 4303C · 303C-Management Consulting | H42: 0 | I42: 0 | J42: 0 | L42: 1953.03 | N42: =ROUND(H42+J42+L42,5) -> 1953.03 | O42: =ROUND(I42+K42+M42,5) -> 0 | P42: =N42/3 -> 651.01 | Q42: =O42/3 -> 0 | Y42: 4303C · 303C-Management Consulting | Z42: 0
G43: 4304 · 304-When Public Agenc's Collide | H43: 3420 | I43: 5382 | J43: 690 | K43: 6624 | L43: 2527.98 | M43: 4214 | N43: =ROUND(H43+J43+L43,5) -> 6637.98 | O43: =ROUND(I43+K43+M43,5) -> 16220 | P43: =N43/3 -> 2212.66 | Q43: =O43/3 -> 5406.6667 | Y43: 4304 · 304-When Public Agenc's Collide | Z43: 1203.74
G44: 4306 · 306-Proj Management Basics PM1 | H44: 0 | J44: 0 | L44: 0 | M44: 0 | N44: =ROUND(H44+J44+L44,5) -> 0 | O44: =ROUND(I44+K44+M44,5) -> 0 | P44: =N44/3 -> 0 | Q44: =O44/3 -> 0 | Y44: 4306 · 306-Proj Management Basics PM1 | Z44: 1421.84
F45: Total 300 · COURSE 300'S | H45: =ROUND(SUM(H40:H44),5) -> 5918.6 | I45: =ROUND(SUM(I40:I44),5) -> 27950 | J45: =ROUND(SUM(J40:J44),5) -> 10455 | K45: =ROUND(SUM(K40:K44),5) -> 22248 | L45: =ROUND(SUM(L40:L44),5) -> 9299.01 | M45: =ROUND(SUM(M40:M44),5) -> 10710 | N45: =ROUND(H45+J45+L45,5) -> 25672.61 | O45: =ROUND(I45+K45+M45,5) -> 60908 | P45: =N45/3 -> 8557.5367 | Q45: =O45/3 -> 20302.667 | X45: Total 300 · COURSE 300'S | Z45: =ROUND(SUM(Z40:Z44),5) -> 14406.55 | AB45: =ROUND(SUM(AB40:AB44),5) -> 0 | AC45: =ROUND(SUM(AC40:AC44),5) -> 0 | AD45: =ROUND(SUM(AD40:AD44),5) -> 0 | AE45: =ROUND(SUM(AE40:AE44),5) -> 0
F46: 400 · COURSE 400'S | X46: 400 · COURSE 400'S
G47: 4400 · 400-Principles of R/E Appraisal | H47: 36766.12 | I47: 16926 | J47: 30814 | K47: 23436 | L47: 19774 | M47: 31784 | N47: =ROUND(H47+J47+L47,5) -> 87354.12 | O47: =ROUND(I47+K47+M47,5) -> 72146 | P47: =N47/3 -> 29118.04 | Q47: =O47/3 -> 24048.667 | Y47: 4400 · 400-Principles of R/E Appraisal | Z47: 35342.9
G48: 4400C · 400C-Principles of R/E Apprais. | H48: 7526.63 | I48: 0 | J48: 1953.01 | K48: 10416 | L48: 3387.04 | M48: 12760 | N48: =ROUND(H48+J48+L48,5) -> 12866.68 | O48: =ROUND(I48+K48+M48,5) -> 23176 | P48: =N48/3 -> 4288.8933 | Q48: =O48/3 -> 7725.3333 | Y48: 4400C · 400C-Principles of R/E Apprais. | Z48: 3859.28
G49: 4402 · 402-Intro to Income Cap Approac | H49: 552 | I49: 7176 | J49: 552 | K49: 8280 | L49: 0 | M49: 4214 | N49: =ROUND(H49+J49+L49,5) -> 1104 | O49: =ROUND(I49+K49+M49,5) -> 19670 | P49: =N49/3 -> 368 | Q49: =O49/3 -> 6556.6667 | Y49: 4402 · 402-Intro to Income Cap Approac | Z49: 645.87
G50: 4403 · 403-Easement Valuation | H50: 12424.55 | I50: 8970 | J50: 15594 | K50: 1656 | L50: 7334 | M50: 14599 | N50: =ROUND(H50+J50+L50,5) -> 35352.55 | O50: =ROUND(I50+K50+M50,5) -> 25225 | P50: =N50/3 -> 11784.183 | Q50: =O50/3 -> 8408.3333 | Y50: 4403 · 403-Easement Valuation | Z50: 18563.49
G51: 4406A · 406A-15 Hour National USPAP | H51: 752.55 | J51: 0 | L51: 3132 | M51: 1190 | N51: =ROUND(H51+J51+L51,5) -> 3884.55 | O51: =ROUND(I51+K51+M51,5) -> 1190 | P51: =N51/3 -> 1294.85 | Q51: =O51/3 -> 396.66667 | Y51: 4406A · 406A-15 Hour National USPAP | Z51: 1015.6
G52: 4406B · 406B-7 Hour National USPAP | H52: 0 | I52: 4420 | J52: 3960 | K52: 7140 | L52: 0 | M52: 0 | N52: =ROUND(H52+J52+L52,5) -> 3960 | O52: =ROUND(I52+K52+M52,5) -> 11560 | P52: =N52/3 -> 1320 | Q52: =O52/3 -> 3853.3333 | Y52: 4406B · 406B-7 Hour National USPAP | Z52: 6043.06
G53: 4409 · 409-Integrating Appraisal Stds. | H53: 0 | I53: 0 | J53: 0 | K53: 8280 | L53: 546 | M53: 2107 | N53: =ROUND(H53+J53+L53,5) -> 546 | O53: =ROUND(I53+K53+M53,5) -> 10387 | P53: =N53/3 -> 182 | Q53: =O53/3 -> 3462.3333 | Y53: 4409 · 409-Integrating Appraisal Stds. | Z53: 645.87
G54: 4410 · 410-Review. Apprais. in Eminent | H54: 1438.36 | I54: 8970 | J54: 3312 | K54: 6624 | L54: 3990 | M54: 4214 | N54: =ROUND(H54+J54+L54,5) -> 8740.36 | O54: =ROUND(I54+K54+M54,5) -> 19808 | P54: =N54/3 -> 2913.4533 | Q54: =O54/3 -> 6602.6667 | Y54: 4410 · 410-Review. Apprais. in Eminent | Z54: 6101.09
G55: 4413 · 413-UAS Federal Land Acquisit'n | H55: 594 | I55: 0 | J55: 0 | K55: 21384 | L55: 0 | M55: 3500 | N55: =ROUND(H55+J55+L55,5) -> 594 | O55: =ROUND(I55+K55+M55,5) -> 24884 | P55: =N55/3 -> 198 | Q55: =O55/3 -> 8294.6667 | Y55: 4413 · 413-UAS Federal Land Acquisit'n | Z55: 1668.02
G56: 4415 · 415.USPAP&YB Relationship Guide | H56: 0 | I56: 0 | J56: 0 | K56: 3312 | L56: 690 | M56: 2107 | N56: =ROUND(H56+J56+L56,5) -> 690 | O56: =ROUND(I56+K56+M56,5) -> 5419 | P56: =N56/3 -> 230 | Q56: =O56/3 -> 1806.3333 | Y56: 4415 · 415.USPAP&YB Relationship Guide | Z56: 645.87
G57: 4417 · 417-Valuation of Contamin. R/E | H57: 1413.6 | I57: 11284 | J57: 0 | K57: 13020 | L57: 0 | M57: 3248 | N57: =ROUND(H57+J57+L57,5) -> 1413.6 | O57: =ROUND(I57+K57+M57,5) -> 27552 | P57: =N57/3 -> 471.2 | Q57: =O57/3 -> 9184 | Y57: 4417 · 417-Valuation of Contamin. R/E | Z57: 1015.6
G58: 4421 · 421-Valuation of Partial Acquis | H58: 61221.21 | I58: 5161 | J58: 39303 | K58: 76224 | L58: 74396 | M58: 62361 | N58: =ROUND(H58+J58+L58,5) -> 174920.21 | O58: =ROUND(I58+K58+M58,5) -> 143746 | P58: =N58/3 -> 58306.737 | Q58: =O58/3 -> 47915.333 | Y58: 4421 · 421-Valuation of Partial Acquis | Z58: 37252.42
G59: 4421C · 421C-Valuation of Partial Acqui | H59: 5955.03 | I59: 5161 | J59: 6352.04 | K59: 19056 | L59: 0 | M59: 0 | N59: =ROUND(H59+J59+L59,5) -> 12307.07 | O59: =ROUND(I59+K59+M59,5) -> 24217 | P59: =N59/3 -> 4102.3567 | Q59: =O59/3 -> 8072.3333 | Y59: 4421C · 421C-Valuation of Partial Acqui | Z59: 6116.07
G60: 4431 · 431-Problems in Valuation P/A | H60: 7762.21 | I60: 5382 | J60: 7590 | K60: 4968 | L60: 7970 | M60: 12642 | N60: =ROUND(H60+J60+L60,5) -> 23322.21 | O60: =ROUND(I60+K60+M60,5) -> 22992 | P60: =N60/3 -> 7774.07 | Q60: =O60/3 -> 7664 | Y60: 4431 · 431-Problems in Valuation P/A | Z60: 11176.29
G61: 4431C · 431C-Problems in Valuation P/A | H61: 966 | J61: 2483.98 | L61: 1104 | M61: 0 | N61: =ROUND(H61+J61+L61,5) -> 4553.98 | O61: =ROUND(I61+K61+M61,5) -> 0 | P61: =N61/3 -> 1517.9933 | Q61: =O61/3 -> 0 | Y61: 4431C · 431C-Problems in Valuation P/A | Z61: 3470.83
F62: Total 400 · COURSE 400'S | H62: =ROUND(SUM(H46:H61),5) -> 137372.26 | I62: =ROUND(SUM(I46:I61),5) -> 73450 | J62: =ROUND(SUM(J46:J61),5) -> 111914.03 | K62: =ROUND(SUM(K46:K61),5) -> 203796 | L62: =ROUND(SUM(L46:L61),5) -> 122323.04 | M62: =ROUND(SUM(M46:M61),5) -> 154726 | N62: =ROUND(H62+J62+L62,5) -> 371609.33 | O62: =ROUND(I62+K62+M62,5) -> 431972 | P62: =N62/3 -> 123869.78 | Q62: =O62/3 -> 143990.67 | X62: Total 400 · COURSE 400'S | Z62: =ROUND(SUM(Z46:Z61),5) -> 133562.26 | AB62: =ROUND(SUM(AB46:AB61),5) -> 0 | AC62: =ROUND(SUM(AC46:AC61),5) -> 0 | AD62: =ROUND(SUM(AD46:AD61),5) -> 0 | AE62: =ROUND(SUM(AE46:AE61),5) -> 0
F63: 4985 · SR/WA Revenue | H63: 8314.73 | I63: 16926 | J63: 15190.01 | K63: 28447.38 | L63: 10677 | M63: 20750 | N63: =ROUND(H63+J63+L63,5) -> 34181.74 | O63: =ROUND(I63+K63+M63,5) -> 66123.38 | P63: =N63/3 -> 11393.913 | Q63: =O63/3 -> 22041.127 | X63: 4985 · SR/WA Revenue | Z63: 26202.51
F64: 500 · COURSE 500'S | X64: 500 · COURSE 500'S
G65: 4501 · 501-Residential Reloc. Assist. | H65: 20139.29 | I65: 5642 | J65: 36456.01 | K65: 28644 | L65: 50222 | M65: 22272 | N65: =ROUND(H65+J65+L65,5) -> 106817.3 | O65: =ROUND(I65+K65+M65,5) -> 56558 | P65: =N65/3 -> 35605.767 | Q65: =O65/3 -> 18852.667 | Y65: 4501 · 501-Residential Reloc. Assist. | Z65: 39608.42
G66: 4502 · 502-Non-Residential Relocation | H66: 22335.58 | I66: 11284 | J66: 24521.05 | K66: 31248 | L66: 17114.01 | M66: 25752 | N66: =ROUND(H66+J66+L66,5) -> 63970.64 | O66: =ROUND(I66+K66+M66,5) -> 68284 | P66: =N66/3 -> 21323.547 | Q66: =O66/3 -> 22761.333 | Y66: 4502 · 502-Non-Residential Relocation | Z66: 31889.86
G67: 4503 · 503-Mobile Home Relocation | H67: 966 | I67: 7176 | J67: 828 | K67: 1656 | L67: 0 | M67: 6321 | N67: =ROUND(H67+J67+L67,5) -> 1794 | O67: =ROUND(I67+K67+M67,5) -> 15153 | P67: =N67/3 -> 598 | Q67: =O67/3 -> 5051 | Y67: 4503 · 503-Mobile Home Relocation | Z67: 1420.9
G68: 4504 · 504-Computing Replace. Hous.Pmt | H68: 5599.29 | I68: 16926 | J68: 4557 | K68: 31248 | L68: 12686 | M68: 12992 | N68: =ROUND(H68+J68+L68,5) -> 22842.29 | O68: =ROUND(I68+K68+M68,5) -> 61166 | P68: =N68/3 -> 7614.0967 | Q68: =O68/3 -> 20388.667 | Y68: 4504 · 504-Computing Replace. Hous.Pmt | Z68: 8124.8
G69: 4505 · 505-Advanced Res. Reloc.Assist. | H69: 1794 | I69: 5382 | J69: 2564 | K69: 3312 | L69: 4874 | M69: 8278 | N69: =ROUND(H69+J69+L69,5) -> 9232 | O69: =ROUND(I69+K69+M69,5) -> 16972 | P69: =N69/3 -> 3077.3333 | Q69: =O69/3 -> 5657.3333 | Y69: 4505 · 505-Advanced Res. Reloc.Assist. | Z69: 4886.12
G70: 4506 · 506-Advanced Bus. Reloc.Assist. | H70: 2982.44 | I70: 5642 | J70: 5859 | K70: 31248 | L70: 3038 | M70: 6496 | N70: =ROUND(H70+J70+L70,5) -> 11879.44 | O70: =ROUND(I70+K70+M70,5) -> 43386 | P70: =N70/3 -> 3959.8133 | Q70: =O70/3 -> 14462 | Y70: 4506 · 506-Advanced Bus. Reloc.Assist. | Z70: 7718.56
F71: Total 500 · COURSE 500'S | H71: =ROUND(SUM(H64:H70),5) -> 53816.6 | I71: =ROUND(SUM(I64:I70),5) -> 52052 | J71: =ROUND(SUM(J64:J70),5) -> 74785.06 | K71: =ROUND(SUM(K64:K70),5) -> 127356 | L71: =ROUND(SUM(L64:L70),5) -> 87934.01 | M71: =ROUND(SUM(M64:M70),5) -> 82111 | N71: =ROUND(H71+J71+L71,5) -> 216535.67 | O71: =ROUND(I71+K71+M71,5) -> 261519 | P71: =N71/3 -> 72178.557 | Q71: =O71/3 -> 87173 | X71: Total 500 · COURSE 500'S | Z71: =ROUND(SUM(Z64:Z70),5) -> 93648.66 | AB71: =ROUND(SUM(AB64:AB70),5) -> 0 | AC71: =ROUND(SUM(AC64:AC70),5) -> 0 | AD71: =ROUND(SUM(AD64:AD70),5) -> 0 | AE71: =ROUND(SUM(AE64:AE70),5) -> 0
F72: 600 · COURSE 600'S | X72: 600 · COURSE 600'S
G73: 4600C · 600C-Environmental Awareness | H73: 4536.32 | I73: 3588 | J73: 827.99 | K73: 0 | L73: 0 | M73: 6321 | N73: =ROUND(H73+J73+L73,5) -> 5364.31 | O73: =ROUND(I73+K73+M73,5) -> 9909 | P73: =N73/3 -> 1788.1033 | Q73: =O73/3 -> 3303 | Y73: 4600C · 600C-Environmental Awareness | Z73: 0
G74: 4600i · 600i-Environmental Awareness | H74: 11173 | I74: 7176 | J74: 13800 | K74: 0 | L74: 21027.91 | M74: 22727 | N74: =ROUND(H74+J74+L74,5) -> 46000.91 | O74: =ROUND(I74+K74+M74,5) -> 29903 | P74: =N74/3 -> 15333.637 | Q74: =O74/3 -> 9967.6667 | Y74: 4600i · 600i-Environmental Awareness | Z74: 20177.22
G75: 4602 · 602-Project Devel.& Envir.Proc. | H75: 0 | I75: 0 | J75: 0 | K75: 31248 | L75: 0 | M75: 0 | N75: =ROUND(H75+J75+L75,5) -> 0 | O75: =ROUND(I75+K75+M75,5) -> 31248 | P75: =N75/3 -> 0 | Q75: =O75/3 -> 10416 | Y75: 4602 · 602-Project Devel.& Envir.Proc. | Z75: 0
G76: 4603 · 603-Understanding Environment | H76: 11607.79 | I76: 12558 | J76: 12282 | K76: 0 | L76: 5520 | M76: 14449 | N76: =ROUND(H76+J76+L76,5) -> 29409.79 | O76: =ROUND(I76+K76+M76,5) -> 27007 | P76: =N76/3 -> 9803.2633 | Q76: =O76/3 -> 9002.3333 | Y76: 4603 · 603-Understanding Environment | Z76: 14974.73
G77: 4603C · 603C-Understanding Environment | H77: 3458.77 | I77: 1794 | J77: 0 | K77: 0 | L77: 0 | M77: 6171 | N77: =ROUND(H77+J77+L77,5) -> 3458.77 | O77: =ROUND(I77+K77+M77,5) -> 7965 | P77: =N77/3 -> 1152.9233 | Q77: =O77/3 -> 2655 | Y77: 4603C · 603C-Understanding Environment | Z77: 945.4
G78: 4604 · 604-Envir Due Diligence and Li. | H78: 8384.1 | I78: 8970 | J78: 5382 | K78: 0 | L78: 7865.97 | M78: 16706 | N78: =ROUND(H78+J78+L78,5) -> 21632.07 | O78: =ROUND(I78+K78+M78,5) -> 25676 | P78: =N78/3 -> 7210.69 | Q78: =O78/3 -> 8558.6667 | Y78: 4604 · 604-Envir Due Diligence and Li. | Z78: 7785.96
G79: 4606 · 606-Environmental Process | H79: 0 | I79: 3588 | J79: 0 | K79: 0 | L79: 966 | M79: 0 | N79: =ROUND(H79+J79+L79,5) -> 966 | O79: =ROUND(I79+K79+M79,5) -> 3588 | P79: =N79/3 -> 322 | Q79: =O79/3 -> 1196 | Y79: 4606 · 606-Environmental Process | Z79: 0
G80: 4606C · 606C-Environmental Process | H80: 0 | I80: 1794 | J80: 0 | K80: 0 | L80: 0 | M80: 2107 | N80: =ROUND(H80+J80+L80,5) -> 0 | O80: =ROUND(I80+K80+M80,5) -> 3901 | P80: =N80/3 -> 0 | Q80: =O80/3 -> 1300.3333 | Y80: 4606C · 606C-Environmental Process | Z80: 0
G81: 4640i · 640i-Water Basics | P81: =N81/3 -> 0 | Q81: =O81/3 -> 0 | Y81: 4640i · 640i-Water Basics | Z81: 1441.5
G82: 4643i · 643i-Air Basics | H82: 0 | I82: 0 | J82: 0 | K82: 0 | L82: 0 | M82: 0 | N82: =ROUND(H82+J82+L82,5) -> 0 | O82: =ROUND(I82+K82+M82,5) -> 0 | P82: =N82/3 -> 0 | Q82: =O82/3 -> 0 | Y82: 4643i · 643i-Air Basics | Z82: 655.23
G83: 4646i · 646i-Soil Basics | H83: 0 | I83: 0 | J83: 0 | K83: 0 | L83: 0 | M83: 0 | N83: =ROUND(H83+J83+L83,5) -> 0 | O83: =ROUND(I83+K83+M83,5) -> 0 | P83: =N83/3 -> 0 | Q83: =O83/3 -> 0 | Y83: 4646i · 646i-Soil Basics | Z83: 655.23
F84: Total 600 · COURSE 600'S | H84: =ROUND(SUM(H72:H83),5) -> 39159.98 | I84: =ROUND(SUM(I72:I83),5) -> 39468 | J84: =ROUND(SUM(J72:J83),5) -> 32291.99 | K84: =ROUND(SUM(K72:K83),5) -> 31248 | L84: =ROUND(SUM(L72:L83),5) -> 35379.88 | M84: =ROUND(SUM(M72:M83),5) -> 68481 | N84: =ROUND(H84+J84+L84,5) -> 106831.85 | O84: =ROUND(I84+K84+M84,5) -> 139197 | P84: =N84/3 -> 35610.617 | Q84: =O84/3 -> 46399 | X84: Total 600 · COURSE 600'S | Z84: =ROUND(SUM(Z72:Z83),5) -> 46635.27 | AB84: =ROUND(SUM(AB72:AB83),5) -> 0 | AC84: =ROUND(SUM(AC72:AC83),5) -> 0 | AD84: =ROUND(SUM(AD72:AD83),5) -> 0 | AE84: =ROUND(SUM(AE72:AE83),5) -> 0
F85: 700 · COURSE 700'S | X85: 700 · COURSE 700'S
G86: 4700 · 700-Introduction to Prop. Mgmt. | H86: 11323.36 | I86: 14105 | J86: 13454 | K86: 31248 | L86: 16278 | M86: 16240 | N86: =ROUND(H86+J86+L86,5) -> 41055.36 | O86: =ROUND(I86+K86+M86,5) -> 61593 | P86: =N86/3 -> 13685.12 | Q86: =O86/3 -> 20531 | Y86: 4700 · 700-Introduction to Prop. Mgmt. | Z86: 20921.37
G87: 4700C · 700C-Introduction to Prop. Mgt. | H87: 1519.02 | I87: 0 | J87: 1519.03 | K87: 2604 | L87: 1519.02 | M87: 3248 | N87: =ROUND(H87+J87+L87,5) -> 4557.07 | O87: =ROUND(I87+K87+M87,5) -> 5852 | P87: =N87/3 -> 1519.0233 | Q87: =O87/3 -> 1950.6667 | Y87: 4700C · 700C-Introduction to Prop. Mgt. | Z87: 0
G88: 4701 · 701-Property Mgmt. - Leasing | H88: 5359 | I88: 22568 | J88: 0 | K88: 23436 | L88: 4340 | M88: 12992 | N88: =ROUND(H88+J88+L88,5) -> 9699 | O88: =ROUND(I88+K88+M88,5) -> 58996 | P88: =N88/3 -> 3233 | Q88: =O88/3 -> 19665.333 | Y88: 4701 · 701-Property Mgmt. - Leasing | Z88: 2234.32
G89: 4703 · 703-Real Property/Asset Mgmt. | H89: 2070 | I89: 5382 | J89: 0 | K89: 1656 | L89: 2897.98 | M89: 8428 | N89: =ROUND(H89+J89+L89,5) -> 4967.98 | O89: =ROUND(I89+K89+M89,5) -> 15466 | P89: =N89/3 -> 1655.9933 | Q89: =O89/3 -> 5155.3333 | Y89: 4703 · 703-Real Property/Asset Mgmt. | Z89: 2836.19
F90: Total 700 · COURSE 700'S | H90: =ROUND(SUM(H85:H89),5) -> 20271.38 | I90: =ROUND(SUM(I85:I89),5) -> 42055 | J90: =ROUND(SUM(J85:J89),5) -> 14973.03 | K90: =ROUND(SUM(K85:K89),5) -> 58944 | L90: =ROUND(SUM(L85:L89),5) -> 25035 | M90: =ROUND(SUM(M85:M89),5) -> 40908 | N90: =ROUND(H90+J90+L90,5) -> 60279.41 | O90: =ROUND(I90+K90+M90,5) -> 141907 | P90: =N90/3 -> 20093.137 | Q90: =O90/3 -> 47302.333 | X90: Total 700 · COURSE 700'S | Z90: =ROUND(SUM(Z85:Z89),5) -> 25991.88 | AB90: =ROUND(SUM(AB85:AB89),5) -> 0 | AC90: =ROUND(SUM(AC85:AC89),5) -> 0 | AD90: =ROUND(SUM(AD85:AD89),5) -> 0 | AE90: =ROUND(SUM(AE85:AE89),5) -> 0
F91: 800 · COURSE 800'S | X91: 800 · COURSE 800'S
G92: 4800 · 800-Principles of R/E Law | H92: 22281.85 | I92: 19747 | J92: 41664 | K92: 20832 | L92: 44917 | M92: 29000 | N92: =ROUND(H92+J92+L92,5) -> 108862.85 | O92: =ROUND(I92+K92+M92,5) -> 69579 | P92: =N92/3 -> 36287.617 | Q92: =O92/3 -> 23193 | Y92: 4800 · 800-Principles of R/E Law | Z92: 44077.07
G93: 4800C · 800C- Principles of R/E Law | H93: 1755.98 | I93: 2821 | J93: 10199.11 | K93: 10416 | L93: 2563.03 | M93: 6496 | N93: =ROUND(H93+J93+L93,5) -> 14518.12 | O93: =ROUND(I93+K93+M93,5) -> 19733 | P93: =N93/3 -> 4839.3733 | Q93: =O93/3 -> 6577.6667 | Y93: 4800C · 800C- Principles of R/E Law | Z93: 13202.81
G94: 4801 · 801-Land Titles | H94: 11875.49 | I94: 11284 | J94: 12152 | K94: 28644 | L94: 19457 | M94: 22504 | N94: =ROUND(H94+J94+L94,5) -> 43484.49 | O94: =ROUND(I94+K94+M94,5) -> 62432 | P94: =N94/3 -> 14494.83 | Q94: =O94/3 -> 20810.667 | Y94: 4801 · 801-Land Titles | Z94: 17671.45
G95: 4801C · 801C-Land Titles | H95: 0 | I95: 5642 | J95: 2821.05 | K95: 7812 | L95: 1390.01 | M95: 0 | N95: =ROUND(H95+J95+L95,5) -> 4211.06 | O95: =ROUND(I95+K95+M95,5) -> 13454 | P95: =N95/3 -> 1403.6867 | Q95: =O95/3 -> 4484.6667 | Y95: 4801C · 801C-Land Titles | Z95: 1828.08
G96: 4802 · 802-Legal Aspects of Easements | H96: 13617.53 | I96: 7176 | J96: 17940 | K96: 8280 | L96: 17886 | M96: 18663 | N96: =ROUND(H96+J96+L96,5) -> 49443.53 | O96: =ROUND(I96+K96+M96,5) -> 34119 | P96: =N96/3 -> 16481.177 | Q96: =O96/3 -> 11373 | Y96: 4802 · 802-Legal Aspects of Easements | Z96: 22369.42
G97: 4802C · 802C-Legal Aspects of Easements | H97: 4362.03 | I97: 0 | J97: 966 | K97: 3312 | L97: 0 | M97: 4214 | N97: =ROUND(H97+J97+L97,5) -> 5328.03 | O97: =ROUND(I97+K97+M97,5) -> 7526 | P97: =N97/3 -> 1776.01 | Q97: =O97/3 -> 2508.6667 | Y97: 4802C · 802C-Legal Aspects of Easements | Z97: 1203.74
G98: 4803 · 803-Eminent Domain Law Basics.. | H98: 27637.29 | I98: 14105 | J98: 18228 | K98: 26040 | L98: 17768 | M98: 29000 | N98: =ROUND(H98+J98+L98,5) -> 63633.29 | O98: =ROUND(I98+K98+M98,5) -> 69145 | P98: =N98/3 -> 21211.097 | Q98: =O98/3 -> 23048.333 | Y98: 4803 · 803-Eminent Domain Law Basics.. | Z98: 19296.41
G99: 4803C · 803C-Expropriation Law REP | H99: 0 | I99: 5642 | J99: 5425.05 | K99: 10416 | L99: 2129 | M99: 0 | N99: =ROUND(H99+J99+L99,5) -> 7554.05 | O99: =ROUND(I99+K99+M99,5) -> 16058 | P99: =N99/3 -> 2518.0167 | Q99: =O99/3 -> 5352.6667 | Y99: 4803C · 803C-Expropriation Law REP | Z99: 6499.84
G100: 4804 · 804-Skills of Expert Testimony | H100: 414 | I100: 3588 | J100: 3588 | K100: 6624 | L100: 1512 | M100: 2107 | N100: =ROUND(H100+J100+L100,5) -> 5514 | O100: =ROUND(I100+K100+M100,5) -> 12319 | P100: =N100/3 -> 1838 | Q100: =O100/3 -> 4106.3333 | Y100: 4804 · 804-Skills of Expert Testimony | Z100: 5078.94
G101: 4840C · 840C Canadian Expropriation Bas | Y101: 4840C · 840C Canadian Expropriation Bas | Z101: 262.09
...

Sheet 5th Draft
A1: ` | H1: =H580 -> 44542.64 | I1: =I580 -> 8714.58 | J1: =J580 -> 51342.9 | K1: =K580 -> 826.41 | L1: =L580 -> 184453.41 | M1: =M580 -> 354.02 | N1: =N580 -> 280338.95 | O1: =O580 -> 9895.01 | ... Q1: =Q580 -> 3298.3367 | Z1: =Z580 -> 811.37 | AB1: =AB580 -> -193160.47 | AC1: =AC580 -> -8678.4714 | AD1: =AD580 -> 15325.988 | AE1: =AE580 -> 6387.1 | AF1: =AF580 -> 22442.035
AB2: 1st Draft | AC2: 2nd Draft | AD2: 3rd Draft | AE2: 4th Draft | AF2: 5th Draft
N3: TOTAL | P3: 3 Year Average | Z3: 2025 - 26 | AB3: 2026 - 27 | AC3: 2026 - 27 | AD3: 2026 - 27 | AE3: 2026 - 27 | AF3: 2026 - 27
H4: Jul '22 - Jun 23 | I4: Budget | J4: Jul '23 - Jun 24 | K4: Budget | L4: Jul '24 - Jun 25 | M4: Budget | N4: Jul '22 - Jun 25 | O4: Budget | P4: Jul '22 - Jun 25 | Q4: Budget | Z4: Budget | AB4: Budget | AC4: Budget | AD4: Budget | AE4: Budget | AF4: Budget
B5: Ordinary Income/Expense | T5: Ordinary Income/Expense
C6: Income | U6: Income
D7: 40 · EDUCATION INCOME | V7: 40 · EDUCATION INCOME
E8: 410 · COURSE INCOME - CLASSROOM | W8: 410 · COURSE INCOME - CLASSROOM
F9: 100 · COURSE 100'S | X9: 100 · COURSE 100'S | AB9: 960784.8 | AC9: 960784.8 | AD9: 1026054.2 | AE9: 1026054.2 | AF9: 1026054.2
G10: 4100i · 100i-Principles of Land Acq | H10: 122124.97 | I10: 16926 | J10: 75082.22 | K10: 46872 | L10: 73581.05 | M10: 110683 | N10: =ROUND(H10+J10+L10,5) -> 270788.24 | O10: =ROUND(I10+K10+M10,5) -> 174481 | P10: =N10/3 -> 90262.747 | Q10: =O10/3 -> 58160.333 | Y10: 4100i · 100i-Principles of Land Acq | Z10: 119709.85
G11: 4102 · 102-Elevating Your Ethical Awar | H11: 27462.54 | I11: 7176 | J11: 38915.93 | K11: 13248 | L11: 37783.37 | M11: 26791 | N11: =ROUND(H11+J11+L11,5) -> 104161.84 | O11: =ROUND(I11+K11+M11,5) -> 47215 | P11: =N11/3 -> 34720.613 | Q11: =O11/3 -> 15738.333 | Y11: 4102 · 102-Elevating Your Ethical Awar | Z11: 47017.15
G12: 4103 · 103-Ethics & ROW Profession | H12: 0 | I12: 8970 | J12: 0 | K12: 0 | L12: 0 | N12: =ROUND(H12+J12+L12,5) -> 0 | O12: =ROUND(I12+K12+M12,5) -> 8970 | P12: =N12/3 -> 0 | Q12: =O12/3 -> 2990 | Y12: 4103 · 103-Ethics & ROW Profession | Z12: 0
G13: 4105 · 105-URA Executive Summary | H13: 21585.85 | I13: 0 | J13: 9798 | K13: 1656 | L13: 17730 | M13: 20620 | N13: =ROUND(H13+J13+L13,5) -> 49113.85 | O13: =ROUND(I13+K13+M13,5) -> 22276 | P13: =N13/3 -> 16371.283 | Q13: =O13/3 -> 7425.3333 | Y13: 4105 · 105-URA Executive Summary | Z13: 17741.66
G14: 4145 · 145-Overview of URA 4 Hrs | H14: 0 | J14: 5600 | L14: 2190 | M14: 1400 | N14: =ROUND(H14+J14+L14,5) -> 7790 | O14: =ROUND(I14+K14+M14,5) -> 1400 | P14: =N14/3 -> 2596.6667 | Q14: =O14/3 -> 466.66667 | Y14: 4145 · 145-Overview of URA 4 Hrs | Z14: 5634.94
F15: Total 100 · COURSE 100'S | H15: =ROUND(SUM(H9:H14),5) -> 171173.36 | I15: =ROUND(SUM(I9:I14),5) -> 33072 | J15: =ROUND(SUM(J9:J14),5) -> 129396.15 | K15: =ROUND(SUM(K9:K14),5) -> 61776 | L15: =ROUND(SUM(L9:L14),5) -> 131284.42 | M15: =ROUND(SUM(M9:M14),5) -> 159494 | N15: =ROUND(H15+J15+L15,5) -> 431853.93 | O15: =ROUND(I15+K15+M15,5) -> 254342 | P15: =N15/3 -> 143951.31 | Q15: =O15/3 -> 84780.667 | X15: Total 100 · COURSE 100'S | Z15: =ROUND(SUM(Z9:Z14),5) -> 190103.6 | AB15: =ROUND(SUM(AB9:AB14),5) -> 960784.8 | AC15: =ROUND(SUM(AC9:AC14),5) -> 960784.8 | AD15: =ROUND(SUM(AD9:AD14),5) -> 1026054.2 | AE15: =ROUND(SUM(AE9:AE14),5) -> 1026054.2 | AF15: =ROUND(SUM(AF9:AF14),5) -> 1026054.2
F16: 200 · COURSE 200'S | X16: 200 · COURSE 200'S
G17: 4200 · 200-Princip. of R/E Negotiation | H17: 34864.82 | I17: 14105 | J17: 38975 | K17: 33852 | L17: 27970 | M17: 32016 | N17: =ROUND(H17+J17+L17,5) -> 101809.82 | O17: =ROUND(I17+K17+M17,5) -> 79973 | P17: =N17/3 -> 33936.607 | Q17: =O17/3 -> 26657.667 | Y17: 4200 · 200-Princip. of R/E Negotiation | Z17: 60529.78
G18: 4200C · 200C-Princip. of R/E Negotiat'n | H18: 8923.08 | I18: 2821 | J18: 7378.1 | K18: 7812 | L18: 10683.11 | M18: 12992 | N18: =ROUND(H18+J18+L18,5) -> 26984.29 | O18: =ROUND(I18+K18+M18,5) -> 23625 | P18: =N18/3 -> 8994.7633 | Q18: =O18/3 -> 7875 | Y18: 4200C · 200C-Princip. of R/E Negotiat'n | Z18: 0
G19: 4201 · 201-Comm. in R/E Acquisition | H19: 4158 | I19: 0 | J19: 0 | K19: 28512 | L19: 13112 | M19: 7000 | N19: =ROUND(H19+J19+L19,5) -> 17270 | O19: =ROUND(I19+K19+M19,5) -> 35512 | P19: =N19/3 -> 5756.6667 | Q19: =O19/3 -> 11837.333 | Y19: 4201 · 201-Comm. in R/E Acquisition | Z19: 4448.05
G20: 4203 · 203-Alternative Dispute Resol. | H20: 10734.81 | I20: 0 | J20: 2604 | K20: 13020 | L20: 9376 | M20: 22272 | N20: =ROUND(H20+J20+L20,5) -> 22714.81 | O20: =ROUND(I20+K20+M20,5) -> 35292 | P20: =N20/3 -> 7571.6033 | Q20: =O20/3 -> 11764 | Y20: 4203 · 203-Alternative Dispute Resol. | Z20: 8937.28
G21: 4203C · 203C-Alternative Dispute Resol. | H21: 651 | I21: 0 | J21: 2604.05 | L21: 0 | N21: =ROUND(H21+J21+L21,5) -> 3255.05 | O21: =ROUND(I21+K21+M21,5) -> 0 | P21: =N21/3 -> 1085.0167 | Q21: =O21/3 -> 0 | Y21: 4203C · 203C-Alternative Dispute Resol. | Z21: 0
G22: 4205 · 205-Bargaining Negotiations | H22: 2979.65 | I22: 19747 | J22: 13454 | K22: 28644 | L22: 7903 | M22: 9744 | N22: =ROUND(H22+J22+L22,5) -> 24336.65 | O22: =ROUND(I22+K22+M22,5) -> 58135 | P22: =N22/3 -> 8112.2167 | Q22: =O22/3 -> 19378.333 | Y22: 4205 · 205-Bargaining Negotiations | Z22: 16858.96
G23: 4205C · 205C-Bargaining Negotiations | H23: 2387.04 | I23: 0 | J23: 0 | K23: 0 | L23: 1173.01 | M23: 0 | N23: =ROUND(H23+J23+L23,5) -> 3560.05 | O23: =ROUND(I23+K23+M23,5) -> 0 | P23: =N23/3 -> 1186.6833 | Q23: =O23/3 -> 0 | Y23: 4205C · 205C-Bargaining Negotiations | Z23: 0
G24: 4207 · 207-Practical Negotiations | H24: 8821.1 | I24: 8463 | J24: 3689 | K24: 20832 | L24: 7944 | M24: 12992 | N24: =ROUND(H24+J24+L24,5) -> 20454.1 | O24: =ROUND(I24+K24+M24,5) -> 42287 | P24: =N24/3 -> 6818.0333 | Q24: =O24/3 -> 14095.667 | Y24: 4207 · 207-Practical Negotiations | Z24: 8327.92
G25: 4209 · 209-Negotiating with Diverse Cl | H25: 2232.41 | I25: 5642 | J25: 0 | K25: 2604 | L25: 11126 | M25: 9512 | N25: =ROUND(H25+J25+L25,5) -> 13358.41 | O25: =ROUND(I25+K25+M25,5) -> 17758 | P25: =N25/3 -> 4452.8033 | Q25: =O25/3 -> 5919.3333 | Y25: 4209 · 209-Negotiating with Diverse Cl | Z25: 3249.92
G26: 4209C · 209C-Negotiating with Diverse | H26: 1085.02 | I26: 0 | J26: 3255.06 | K26: 0 | L26: 1302 | M26: 0 | N26: =ROUND(H26+J26+L26,5) -> 5642.08 | O26: =ROUND(I26+K26+M26,5) -> 0 | P26: =N26/3 -> 1880.6933 | Q26: =O26/3 -> 0 | Y26: 4209C · 209C-Negotiating with Diverse | Z26: 0
G27: 4213 · 213-Conflict Management | H27: 8761.17 | I27: 8970 | J27: 11868 | K27: 0 | L27: 8318 | M27: 14599 | N27: =ROUND(H27+J27+L27,5) -> 28947.17 | O27: =ROUND(I27+K27+M27,5) -> 23569 | P27: =N27/3 -> 9649.0567 | Q27: =O27/3 -> 7856.3333 | Y27: 4213 · 213-Conflict Management | Z27: 15886.42
G28: 4213C · 213C-Conflict Management | H28: 4830 | I28: 1794 | J28: 827.99 | K28: 0 | L28: 734 | M28: 4064 | N28: =ROUND(H28+J28+L28,5) -> 6391.99 | O28: =ROUND(I28+K28+M28,5) -> 5858 | P28: =N28/3 -> 2130.6633 | Q28: =O28/3 -> 1952.6667 | Y28: 4213C · 213C-Conflict Management | Z28: 645.87
G29: 4215 · 215-R/W Acquisit. Pipeline Proj | H29: 8392.76 | I29: 22568 | J29: 8680.03 | K29: 31248 | L29: 16885.09 | M29: 12992 | N29: =ROUND(H29+J29+L29,5) -> 33957.88 | O29: =ROUND(I29+K29+M29,5) -> 66808 | P29: =N29/3 -> 11319.293 | Q29: =O29/3 -> 22269.333 | Y29: 4215 · 215-R/W Acquisit. Pipeline Proj | Z29: 11171.61
G30: 4218 · 218-R/W Acq. for Elec.Util.Proj | H30: 21528.44 | I30: 5642 | J30: 6510 | K30: 18228 | L30: 15979.04 | M30: 25984 | N30: =ROUND(H30+J30+L30,5) -> 44017.48 | O30: =ROUND(I30+K30+M30,5) -> 49854 | P30: =N30/3 -> 14672.493 | Q30: =O30/3 -> 16618 | Y30: 4218 · 218-R/W Acq. for Elec.Util.Proj | Z30: 10562.25
G31: 4219 · 219-Introductory Instructor | H31: 4941.81 | I31: 5642 | J31: 24087 | K31: 5208 | L31: 35550 | M31: 16240 | N31: =ROUND(H31+J31+L31,5) -> 64578.81 | O31: =ROUND(I31+K31+M31,5) -> 27090 | P31: =N31/3 -> 21526.27 | Q31: =O31/3 -> 9030 | Y31: 4219 · 219-Introductory Instructor | Z31: 42248.99
G32: 4219C · 219C-Introductory Instructor | H32: 0 | I32: 0 | J32: 7378.07 | K32: 0 | L32: 7422.09 | M32: 0 | N32: =ROUND(H32+J32+L32,5) -> 14800.16 | O32: =ROUND(I32+K32+M32,5) -> 0 | P32: =N32/3 -> 4933.3867 | Q32: =O32/3 -> 0 | Y32: 4219C · 219C-Introductory Instructor | Z32: 0
G33: 4225 · 225-Social Ecology | H33: 638.11 | I33: 14105 | J33: 966 | K33: 5208 | L33: 0 | M33: 3248 | N33: =ROUND(H33+J33+L33,5) -> 1604.11 | O33: =ROUND(I33+K33+M33,5) -> 22561 | P33: =N33/3 -> 534.70333 | Q33: =O33/3 -> 7520.3333 | Y33: 4225 · 225-Social Ecology | Z33: 1033.39
... G35: 4235C · C235C - Cdn Oil & Gas Industry | H35: 0 | I35: 5382 | J35: 0 | K35: 6624 | L35: 0 | M35: 3248 | N35: =ROUND(H35+J35+L35,5) -> 0 | O35: =ROUND(I35+K35+M35,5) -> 15254 | P35: =N35/3 -> 0 | Q35: =O35/3 -> 5084.6667 | Y35: 4235C · C235C - Cdn Oil & Gas Industry | Z35: 1015.6
G36: 4239 · 239 Prin. of Wind Eng. Ld Aq | H36: 0 | I36: 0 | J36: 3449.96 | K36: 0 | L36: 2113.96 | M36: 0 | N36: =ROUND(H36+J36+L36,5) -> 5563.92 | O36: 0 | P36: =N36/3 -> 1854.64 | Q36: =O36/3 -> 0 | Y36: 4239 · 239 Prin. of Wind Eng. Ld Aq | Z36: 3858.35
G37: 4240i · 240i Geothermal Energy Basics | H37: 0 | I37: 0 | J37: 0 | K37: 0 | L37: 0 | M37: 0 | N37: =ROUND(H37+J37+L37,5) -> 0 | O37: =ROUND(I37+K37+M37,5) -> 0 | P37: =N37/3 -> 0 | Q37: =O37/3 -> 0 | Y37: 4240i · 240i Geothermal Energy Basics | Z37: 262.09
G38: 4241i · 240i - Solar Energy Basics | H38: 0 | I38: 0 | J38: 0 | K38: 0 | L38: 0 | M38: 0 | N38: =ROUND(H38+J38+L38,5) -> 0 | O38: =ROUND(I38+K38+M38,5) -> 0 | P38: =N38/3 -> 0 | Q38: =O38/3 -> 0 | Y38: 4241i · 240i - Solar Energy Basics | Z38: 262.09
F39: Total 200 · COURSE 200'S | H39: =ROUND(SUM(H16:H38),5) -> 125929.22 | I39: =ROUND(SUM(I16:I38),5) -> 120263 | J39: =ROUND(SUM(J16:J38),5) -> 136830.26 | K39: =ROUND(SUM(K16:K38),5) -> 203448 | L39: =ROUND(SUM(L16:L38),5) -> 177591.3 | M39: =ROUND(SUM(M16:M38),5) -> 186903 | N39: =ROUND(H39+J39+L39,5) -> 440350.78 | O39: =ROUND(I39+K39+M39,5) -> 510614 | P39: =N39/3 -> 146783.59 | Q39: =O39/3 -> 170204.67 | X39: Total 200 · COURSE 200'S | Z39: =ROUND(SUM(Z16:Z38),5) -> 190801.85 | AB39: =ROUND(SUM(AB16:AB38),5) -> 0 | AC39: =ROUND(SUM(AC16:AC38),5) -> 0 | AD39: =ROUND(SUM(AD16:AD38),5) -> 0 | AE39: =ROUND(SUM(AE16:AE38),5) -> 0 | AF39: =ROUND(SUM(AF16:AF38),5) -> 0
F40: 300 · COURSE 300'S | X40: 300 · COURSE 300'S
G41: 4303 · 303-Management Consulting | H41: 2498.6 | I41: 22568 | J41: 9765 | K41: 15624 | L41: 4818 | M41: 6496 | N41: =ROUND(H41+J41+L41,5) -> 17081.6 | O41: =ROUND(I41+K41+M41,5) -> 44688 | P41: =N41/3 -> 5693.8667 | Q41: =O41/3 -> 14896 | Y41: 4303 · 303-Management Consulting | Z41: 11780.97
G42: 4303C · 303C-Management Consulting | H42: 0 | I42: 0 | J42: 0 | L42: 1953.03 | N42: =ROUND(H42+J42+L42,5) -> 1953.03 | O42: =ROUND(I42+K42+M42,5) -> 0 | P42: =N42/3 -> 651.01 | Q42: =O42/3 -> 0 | Y42: 4303C · 303C-Management Consulting | Z42: 0
G43: 4304 · 304-When Public Agenc's Collide | H43: 3420 | I43: 5382 | J43: 690 | K43: 6624 | L43: 2527.98 | M43: 4214 | N43: =ROUND(H43+J43+L43,5) -> 6637.98 | O43: =ROUND(I43+K43+M43,5) -> 16220 | P43: =N43/3 -> 2212.66 | Q43: =O43/3 -> 5406.6667 | Y43: 4304 · 304-When Public Agenc's Collide | Z43: 1203.74
G44: 4306 · 306-Proj Management Basics PM1 | H44: 0 | J44: 0 | L44: 0 | M44: 0 | N44: =ROUND(H44+J44+L44,5) -> 0 | O44: =ROUND(I44+K44+M44,5) -> 0 | P44: =N44/3 -> 0 | Q44: =O44/3 -> 0 | Y44: 4306 · 306-Proj Management Basics PM1 | Z44: 1421.84
F45: Total 300 · COURSE 300'S | H45: =ROUND(SUM(H40:H44),5) -> 5918.6 | I45: =ROUND(SUM(I40:I44),5) -> 27950 | J45: =ROUND(SUM(J40:J44),5) -> 10455 | K45: =ROUND(SUM(K40:K44),5) -> 22248 | L45: =ROUND(SUM(L40:L44),5) -> 9299.01 | M45: =ROUND(SUM(M40:M44),5) -> 10710 | N45: =ROUND(H45+J45+L45,5) -> 25672.61 | O45: =ROUND(I45+K45+M45,5) -> 60908 | P45: =N45/3 -> 8557.5367 | Q45: =O45/3 -> 20302.667 | X45: Total 300 · COURSE 300'S | Z45: =ROUND(SUM(Z40:Z44),5) -> 14406.55 | AB45: =ROUND(SUM(AB40:AB44),5) -> 0 | AC45: =ROUND(SUM(AC40:AC44),5) -> 0 | AD45: =ROUND(SUM(AD40:AD44),5) -> 0 | AE45: =ROUND(SUM(AE40:AE44),5) -> 0 | AF45: =ROUND(SUM(AF40:AF44),5) -> 0
F46: 400 · COURSE 400'S | X46: 400 · COURSE 400'S
G47: 4400 · 400-Principles of R/E Appraisal | H47: 36766.12 | I47: 16926 | J47: 30814 | K47: 23436 | L47: 19774 | M47: 31784 | N47: =ROUND(H47+J47+L47,5) -> 87354.12 | O47: =ROUND(I47+K47+M47,5) -> 72146 | P47: =N47/3 -> 29118.04 | Q47: =O47/3 -> 24048.667 | Y47: 4400 · 400-Principles of R/E Appraisal | Z47: 35342.9
G48: 4400C · 400C-Principles of R/E Apprais. | H48: 7526.63 | I48: 0 | J48: 1953.01 | K48: 10416 | L48: 3387.04 | M48: 12760 | N48: =ROUND(H48+J48+L48,5) -> 12866.68 | O48: =ROUND(I48+K48+M48,5) -> 23176 | P48: =N48/3 -> 4288.8933 | Q48: =O48/3 -> 7725.3333 | Y48: 4400C · 400C-Principles of R/E Apprais. | Z48: 3859.28
G49: 4402 · 402-Intro to Income Cap Approac | H49: 552 | I49: 7176 | J49: 552 | K49: 8280 | L49: 0 | M49: 4214 | N49: =ROUND(H49+J49+L49,5) -> 1104 | O49: =ROUND(I49+K49+M49,5) -> 19670 | P49: =N49/3 -> 368 | Q49: =O49/3 -> 6556.6667 | Y49: 4402 · 402-Intro to Income Cap Approac | Z49: 645.87
G50: 4403 · 403-Easement Valuation | H50: 12424.55 | I50: 8970 | J50: 15594 | K50: 1656 | L50: 7334 | M50: 14599 | N50: =ROUND(H50+J50+L50,5) -> 35352.55 | O50: =ROUND(I50+K50+M50,5) -> 25225 | P50: =N50/3 -> 11784.183 | Q50: =O50/3 -> 8408.3333 | Y50: 4403 · 403-Easement Valuation | Z50: 18563.49
G51: 4406A · 406A-15 Hour National USPAP | H51: 752.55 | J51: 0 | L51: 3132 | M51: 1190 | N51: =ROUND(H51+J51+L51,5) -> 3884.55 | O51: =ROUND(I51+K51+M51,5) -> 1190 | P51: =N51/3 -> 1294.85 | Q51: =O51/3 -> 396.66667 | Y51: 4406A · 406A-15 Hour National USPAP | Z51: 1015.6
G52: 4406B · 406B-7 Hour National USPAP | H52: 0 | I52: 4420 | J52: 3960 | K52: 7140 | L52: 0 | M52: 0 | N52: =ROUND(H52+J52+L52,5) -> 3960 | O52: =ROUND(I52+K52+M52,5) -> 11560 | P52: =N52/3 -> 1320 | Q52: =O52/3 -> 3853.3333 | Y52: 4406B · 406B-7 Hour National USPAP | Z52: 6043.06
G53: 4409 · 409-Integrating Appraisal Stds. | H53: 0 | I53: 0 | J53: 0 | K53: 8280 | L53: 546 | M53: 2107 | N53: =ROUND(H53+J53+L53,5) -> 546 | O53: =ROUND(I53+K53+M53,5) -> 10387 | P53: =N53/3 -> 182 | Q53: =O53/3 -> 3462.3333 | Y53: 4409 · 409-Integrating Appraisal Stds. | Z53: 645.87
G54: 4410 · 410-Review. Apprais. in Eminent | H54: 1438.36 | I54: 8970 | J54: 3312 | K54: 6624 | L54: 3990 | M54: 4214 | N54: =ROUND(H54+J54+L54,5) -> 8740.36 | O54: =ROUND(I54+K54+M54,5) -> 19808 | P54: =N54/3 -> 2913.4533 | Q54: =O54/3 -> 6602.6667 | Y54: 4410 · 410-Review. Apprais. in Eminent | Z54: 6101.09
G55: 4413 · 413-UAS Federal Land Acquisit'n | H55: 594 | I55: 0 | J55: 0 | K55: 21384 | L55: 0 | M55: 3500 | N55: =ROUND(H55+J55+L55,5) -> 594 | O55: =ROUND(I55+K55+M55,5) -> 24884 | P55: =N55/3 -> 198 | Q55: =O55/3 -> 8294.6667 | Y55: 4413 · 413-UAS Federal Land Acquisit'n | Z55: 1668.02
G56: 4415 · 415.USPAP&YB Relationship Guide | H56: 0 | I56: 0 | J56: 0 | K56: 3312 | L56: 690 | M56: 2107 | N56: =ROUND(H56+J56+L56,5) -> 690 | O56: =ROUND(I56+K56+M56,5) -> 5419 | P56: =N56/3 -> 230 | Q56: =O56/3 -> 1806.3333 | Y56: 4415 · 415.USPAP&YB Relationship Guide | Z56: 645.87
G57: 4417 · 417-Valuation of Contamin. R/E | H57: 1413.6 | I57: 11284 | J57: 0 | K57: 13020 | L57: 0 | M57: 3248 | N57: =ROUND(H57+J57+L57,5) -> 1413.6 | O57: =ROUND(I57+K57+M57,5) -> 27552 | P57: =N57/3 -> 471.2 | Q57: =O57/3 -> 9184 | Y57: 4417 · 417-Valuation of Contamin. R/E | Z57: 1015.6
G58: 4421 · 421-Valuation of Partial Acquis | H58: 61221.21 | I58: 5161 | J58: 39303 | K58: 76224 | L58: 74396 | M58: 62361 | N58: =ROUND(H58+J58+L58,5) -> 174920.21 | O58: =ROUND(I58+K58+M58,5) -> 143746 | P58: =N58/3 -> 58306.737 | Q58: =O58/3 -> 47915.333 | Y58: 4421 · 421-Valuation of Partial Acquis | Z58: 37252.42
G59: 4421C · 421C-Valuation of Partial Acqui | H59: 5955.03 | I59: 5161 | J59: 6352.04 | K59: 19056 | L59: 0 | M59: 0 | N59: =ROUND(H59+J59+L59,5) -> 12307.07 | O59: =ROUND(I59+K59+M59,5) -> 24217 | P59: =N59/3 -> 4102.3567 | Q59: =O59/3 -> 8072.3333 | Y59: 4421C · 421C-Valuation of Partial Acqui | Z59: 6116.07
G60: 4431 · 431-Problems in Valuation P/A | H60: 7762.21 | I60: 5382 | J60: 7590 | K60: 4968 | L60: 7970 | M60: 12642 | N60: =ROUND(H60+J60+L60,5) -> 23322.21 | O60: =ROUND(I60+K60+M60,5) -> 22992 | P60: =N60/3 -> 7774.07 | Q60: =O60/3 -> 7664 | Y60: 4431 · 431-Problems in Valuation P/A | Z60: 11176.29
G61: 4431C · 431C-Problems in Valuation P/A | H61: 966 | J61: 2483.98 | L61: 1104 | M61: 0 | N61: =ROUND(H61+J61+L61,5) -> 4553.98 | O61: =ROUND(I61+K61+M61,5) -> 0 | P61: =N61/3 -> 1517.9933 | Q61: =O61/3 -> 0 | Y61: 4431C · 431C-Problems in Valuation P/A | Z61: 3470.83
F62: Total 400 · COURSE 400'S | H62: =ROUND(SUM(H46:H61),5) -> 137372.26 | I62: =ROUND(SUM(I46:I61),5) -> 73450 | J62: =ROUND(SUM(J46:J61),5) -> 111914.03 | K62: =ROUND(SUM(K46:K61),5) -> 203796 | L62: =ROUND(SUM(L46:L61),5) -> 122323.04 | M62: =ROUND(SUM(M46:M61),5) -> 154726 | N62: =ROUND(H62+J62+L62,5) -> 371609.33 | O62: =ROUND(I62+K62+M62,5) -> 431972 | P62: =N62/3 -> 123869.78 | Q62: =O62/3 -> 143990.67 | X62: Total 400 · COURSE 400'S | Z62: =ROUND(SUM(Z46:Z61),5) -> 133562.26 | AB62: =ROUND(SUM(AB46:AB61),5) -> 0 | AC62: =ROUND(SUM(AC46:AC61),5) -> 0 | AD62: =ROUND(SUM(AD46:AD61),5) -> 0 | AE62: =ROUND(SUM(AE46:AE61),5) -> 0 | AF62: =ROUND(SUM(AF46:AF61),5) -> 0
F63: 4985 · SR/WA Revenue | H63: 8314.73 | I63: 16926 | J63: 15190.01 | K63: 28447.38 | L63: 10677 | M63: 20750 | N63: =ROUND(H63+J63+L63,5) -> 34181.74 | O63: =ROUND(I63+K63+M63,5) -> 66123.38 | P63: =N63/3 -> 11393.913 | Q63: =O63/3 -> 22041.127 | X63: 4985 · SR/WA Revenue | Z63: 26202.51
F64: 500 · COURSE 500'S | X64: 500 · COURSE 500'S
G65: 4501 · 501-Residential Reloc. Assist. | H65: 20139.29 | I65: 5642 | J65: 36456.01 | K65: 28644 | L65: 50222 | M65: 22272 | N65: =ROUND(H65+J65+L65,5) -> 106817.3 | O65: =ROUND(I65+K65+M65,5) -> 56558 | P65: =N65/3 -> 35605.767 | Q65: =O65/3 -> 18852.667 | Y65: 4501 · 501-Residential Reloc. Assist. | Z65: 39608.42
G66: 4502 · 502-Non-Residential Relocation | H66: 22335.58 | I66: 11284 | J66: 24521.05 | K66: 31248 | L66: 17114.01 | M66: 25752 | N66: =ROUND(H66+J66+L66,5) -> 63970.64 | O66: =ROUND(I66+K66+M66,5) -> 68284 | P66: =N66/3 -> 21323.547 | Q66: =O66/3 -> 22761.333 | Y66: 4502 · 502-Non-Residential Relocation | Z66: 31889.86
G67: 4503 · 503-Mobile Home Relocation | H67: 966 | I67: 7176 | J67: 828 | K67: 1656 | L67: 0 | M67: 6321 | N67: =ROUND(H67+J67+L67,5) -> 1794 | O67: =ROUND(I67+K67+M67,5) -> 15153 | P67: =N67/3 -> 598 | Q67: =O67/3 -> 5051 | Y67: 4503 · 503-Mobile Home Relocation | Z67: 1420.9
G68: 4504 · 504-Computing Replace. Hous.Pmt | H68: 5599.29 | I68: 16926 | J68: 4557 | K68: 31248 | L68: 12686 | M68: 12992 | N68: =ROUND(H68+J68+L68,5) -> 22842.29 | O68: =ROUND(I68+K68+M68,5) -> 61166 | P68: =N68/3 -> 7614.0967 | Q68: =O68/3 -> 20388.667 | Y68: 4504 · 504-Computing Replace. Hous.Pmt | Z68: 8124.8
G69: 4505 · 505-Advanced Res. Reloc.Assist. | H69: 1794 | I69: 5382 | J69: 2564 | K69: 3312 | L69: 4874 | M69: 8278 | N69: =ROUND(H69+J69+L69,5) -> 9232 | O69: =ROUND(I69+K69+M69,5) -> 16972 | P69: =N69/3 -> 3077.3333 | Q69: =O69/3 -> 5657.3333 | Y69: 4505 · 505-Advanced Res. Reloc.Assist. | Z69: 4886.12
G70: 4506 · 506-Advanced Bus. Reloc.Assist. | H70: 2982.44 | I70: 5642 | J70: 5859 | K70: 31248 | L70: 3038 | M70: 6496 | N70: =ROUND(H70+J70+L70,5) -> 11879.44 | O70: =ROUND(I70+K70+M70,5) -> 43386 | P70: =N70/3 -> 3959.8133 | Q70: =O70/3 -> 14462 | Y70: 4506 · 506-Advanced Bus. Reloc.Assist. | Z70: 7718.56
F71: Total 500 · COURSE 500'S | H71: =ROUND(SUM(H64:H70),5) -> 53816.6 | I71: =ROUND(SUM(I64:I70),5) -> 52052 | J71: =ROUND(SUM(J64:J70),5) -> 74785.06 | K71: =ROUND(SUM(K64:K70),5) -> 127356 | L71: =ROUND(SUM(L64:L70),5) -> 87934.01 | M71: =ROUND(SUM(M64:M70),5) -> 82111 | N71: =ROUND(H71+J71+L71,5) -> 216535.67 | O71: =ROUND(I71+K71+M71,5) -> 261519 | P71: =N71/3 -> 72178.557 | Q71: =O71/3 -> 87173 | X71: Total 500 · COURSE 500'S | Z71: =ROUND(SUM(Z64:Z70),5) -> 93648.66 | AB71: =ROUND(SUM(AB64:AB70),5) -> 0 | AC71: =ROUND(SUM(AC64:AC70),5) -> 0 | AD71: =ROUND(SUM(AD64:AD70),5) -> 0 | AE71: =ROUND(SUM(AE64:AE70),5) -> 0 | AF71: =ROUND(SUM(AF64:AF70),5) -> 0
F72: 600 · COURSE 600'S | X72: 600 · COURSE 600'S
G73: 4600C · 600C-Environmental Awareness | H73: 4536.32 | I73: 3588 | J73: 827.99 | K73: 0 | L73: 0 | M73: 6321 | N73: =ROUND(H73+J73+L73,5) -> 5364.31 | O73: =ROUND(I73+K73+M73,5) -> 9909 | P73: =N73/3 -> 1788.1033 | Q73: =O73/3 -> 3303 | Y73: 4600C · 600C-Environmental Awareness | Z73: 0
G74: 4600i · 600i-Environmental Awareness | H74: 11173 | I74: 7176 | J74: 13800 | K74: 0 | L74: 21027.91 | M74: 22727 | N74: =ROUND(H74+J74+L74,5) -> 46000.91 | O74: =ROUND(I74+K74+M74,5) -> 29903 | P74: =N74/3 -> 15333.637 | Q74: =O74/3 -> 9967.6667 | Y74: 4600i · 600i-Environmental Awareness | Z74: 20177.22
G75: 4602 · 602-Project Devel.& Envir.Proc. | H75: 0 | I75: 0 | J75: 0 | K75: 31248 | L75: 0 | M75: 0 | N75: =ROUND(H75+J75+L75,5) -> 0 | O75: =ROUND(I75+K75+M75,5) -> 31248 | P75: =N75/3 -> 0 | Q75: =O75/3 -> 10416 | Y75: 4602 · 602-Project Devel.& Envir.Proc. | Z75: 0
G76: 4603 · 603-Understanding Environment | H76: 11607.79 | I76: 12558 | J76: 12282 | K76: 0 | L76: 5520 | M76: 14449 | N76: =ROUND(H76+J76+L76,5) -> 29409.79 | O76: =ROUND(I76+K76+M76,5) -> 27007 | P76: =N76/3 -> 9803.2633 | Q76: =O76/3 -> 9002.3333 | Y76: 4603 · 603-Understanding Environment | Z76: 14974.73
G77: 4603C · 603C-Understanding Environment | H77: 3458.77 | I77: 1794 | J77: 0 | K77: 0 | L77: 0 | M77: 6171 | N77: =ROUND(H77+J77+L77,5) -> 3458.77 | O77: =ROUND(I77+K77+M77,5) -> 7965 | P77: =N77/3 -> 1152.9233 | Q77: =O77/3 -> 2655 | Y77: 4603C · 603C-Understanding Environment | Z77: 945.4
G78: 4604 · 604-Envir Due Diligence and Li. | H78: 8384.1 | I78: 8970 | J78: 5382 | K78: 0 | L78: 7865.97 | M78: 16706 | N78: =ROUND(H78+J78+L78,5) -> 21632.07 | O78: =ROUND(I78+K78+M78,5) -> 25676 | P78: =N78/3 -> 7210.69 | Q78: =O78/3 -> 8558.6667 | Y78: 4604 · 604-Envir Due Diligence and Li. | Z78: 7785.96
G79: 4606 · 606-Environmental Process | H79: 0 | I79: 3588 | J79: 0 | K79: 0 | L79: 966 | M79: 0 | N79: =ROUND(H79+J79+L79,5) -> 966 | O79: =ROUND(I79+K79+M79,5) -> 3588 | P79: =N79/3 -> 322 | Q79: =O79/3 -> 1196 | Y79: 4606 · 606-Environmental Process | Z79: 0
G80: 4606C · 606C-Environmental Process | H80: 0 | I80: 1794 | J80: 0 | K80: 0 | L80: 0 | M80: 2107 | N80: =ROUND(H80+J80+L80,5) -> 0 | O80: =ROUND(I80+K80+M80,5) -> 3901 | P80: =N80/3 -> 0 | Q80: =O80/3 -> 1300.3333 | Y80: 4606C · 606C-Environmental Process | Z80: 0
G81: 4640i · 640i-Water Basics | P81: =N81/3 -> 0 | Q81: =O81/3 -> 0 | Y81: 4640i · 640i-Water Basics | Z81: 1441.5
G82: 4643i · 643i-Air Basics | H82: 0 | I82: 0 | J82: 0 | K82: 0 | L82: 0 | M82: 0 | N82: =ROUND(H82+J82+L82,5) -> 0 | O82: =ROUND(I82+K82+M82,5) -> 0 | P82: =N82/3 -> 0 | Q82: =O82/3 -> 0 | Y82: 4643i · 643i-Air Basics | Z82: 655.23
G83: 4646i · 646i-Soil Basics | H83: 0 | I83: 0 | J83: 0 | K83: 0 | L83: 0 | M83: 0 | N83: =ROUND(H83+J83+L83,5) -> 0 | O83: =ROUND(I83+K83+M83,5) -> 0 | P83: =N83/3 -> 0 | Q83: =O83/3 -> 0 | Y83: 4646i · 646i-Soil Basics | Z83: 655.23
F84: Total 600 · COURSE 600'S | H84: =ROUND(SUM(H72:H83),5) -> 39159.98 | I84: =ROUND(SUM(I72:I83),5) -> 39468 | J84: =ROUND(SUM(J72:J83),5) -> 32291.99 | K84: =ROUND(SUM(K72:K83),5) -> 31248 | L84: =ROUND(SUM(L72:L83),5) -> 35379.88 | M84: =ROUND(SUM(M72:M83),5) -> 68481 | N84: =ROUND(H84+J84+L84,5) -> 106831.85 | O84: =ROUND(I84+K84+M84,5) -> 139197 | P84: =N84/3 -> 35610.617 | Q84: =O84/3 -> 46399 | X84: Total 600 · COURSE 600'S | Z84: =ROUND(SUM(Z72:Z83),5) -> 46635.27 | AB84: =ROUND(SUM(AB72:AB83),5) -> 0 | AC84: =ROUND(SUM(AC72:AC83),5) -> 0 | AD84: =ROUND(SUM(AD72:AD83),5) -> 0 | AE84: =ROUND(SUM(AE72:AE83),5) -> 0 | AF84: =ROUND(SUM(AF72:AF83),5) -> 0
F85: 700 · COURSE 700'S | X85: 700 · COURSE 700'S
G86: 4700 · 700-Introduction to Prop. Mgmt. | H86: 11323.36 | I86: 14105 | J86: 13454 | K86: 31248 | L86: 16278 | M86: 16240 | N86: =ROUND(H86+J86+L86,5) -> 41055.36 | O86: =ROUND(I86+K86+M86,5) -> 61593 | P86: =N86/3 -> 13685.12 | Q86: =O86/3 -> 20531 | Y86: 4700 · 700-Introduction to Prop. Mgmt. | Z86: 20921.37
G87: 4700C · 700C-Introduction to Prop. Mgt. | H87: 1519.02 | I87: 0 | J87: 1519.03 | K87: 2604 | L87: 1519.02 | M87: 3248 | N87: =ROUND(H87+J87+L87,5) -> 4557.07 | O87: =ROUND(I87+K87+M87,5) -> 5852 | P87: =N87/3 -> 1519.0233 | Q87: =O87/3 -> 1950.6667 | Y87: 4700C · 700C-Introduction to Prop. Mgt. | Z87: 0
G88: 4701 · 701-Property Mgmt. - Leasing | H88: 5359 | I88: 22568 | J88: 0 | K88: 23436 | L88: 4340 | M88: 12992 | N88: =ROUND(H88+J88+L88,5) -> 9699 | O88: =ROUND(I88+K88+M88,5) -> 58996 | P88: =N88/3 -> 3233 | Q88: =O88/3 -> 19665.333 | Y88: 4701 · 701-Property Mgmt. - Leasing | Z88: 2234.32
G89: 4703 · 703-Real Property/Asset Mgmt. | H89: 2070 | I89: 5382 | J89: 0 | K89: 1656 | L89: 2897.98 | M89: 8428 | N89: =ROUND(H89+J89+L89,5) -> 4967.98 | O89: =ROUND(I89+K89+M89,5) -> 15466 | P89: =N89/3 -> 1655.9933 | Q89: =O89/3 -> 5155.3333 | Y89: 4703 · 703-Real Property/Asset Mgmt. | Z89: 2836.19
F90: Total 700 · COURSE 700'S | H90: =ROUND(SUM(H85:H89),5) -> 20271.38 | I90: =ROUND(SUM(I85:I89),5) -> 42055 | J90: =ROUND(SUM(J85:J89),5) -> 14973.03 | K90: =ROUND(SUM(K85:K89),5) -> 58944 | L90: =ROUND(SUM(L85:L89),5) -> 25035 | M90: =ROUND(SUM(M85:M89),5) -> 40908 | N90: =ROUND(H90+J90+L90,5) -> 60279.41 | O90: =ROUND(I90+K90+M90,5) -> 141907 | P90: =N90/3 -> 20093.137 | Q90: =O90/3 -> 47302.333 | X90: Total 700 · COURSE 700'S | Z90: =ROUND(SUM(Z85:Z89),5) -> 25991.88 | AB90: =ROUND(SUM(AB85:AB89),5) -> 0 | AC90: =ROUND(SUM(AC85:AC89),5) -> 0 | AD90: =ROUND(SUM(AD85:AD89),5) -> 0 | AE90: =ROUND(SUM(AE85:AE89),5) -> 0 | AF90: =ROUND(SUM(AF85:AF89),5) -> 0
F91: 800 · COURSE 800'S | X91: 800 · COURSE 800'S
G92: 4800 · 800-Principles of R/E Law | H92: 22281.85 | I92: 19747 | J92: 41664 | K92: 20832 | L92: 44917 | M92: 29000 | N92: =ROUND(H92+J92+L92,5) -> 108862.85 | O92: =ROUND(I92+K92+M92,5) -> 69579 | P92: =N92/3 -> 36287.617 | Q92: =O92/3 -> 23193 | Y92: 4800 · 800-Principles of R/E Law | Z92: 44077.07
G93: 4800C · 800C- Principles of R/E Law | H93: 1755.98 | I93: 2821 | J93: 10199.11 | K93: 10416 | L93: 2563.03 | M93: 6496 | N93: =ROUND(H93+J93+L93,5) -> 14518.12 | O93: =ROUND(I93+K93+M93,5) -> 19733 | P93: =N93/3 -> 4839.3733 | Q93: =O93/3 -> 6577.6667 | Y93: 4800C · 800C- Principles of R/E Law | Z93: 13202.81
G94: 4801 · 801-Land Titles | H94: 11875.49 | I94: 11284 | J94: 12152 | K94: 28644 | L94: 19457 | M94: 22504 | N94: =ROUND(H94+J94+L94,5) -> 43484.49 | O94: =ROUND(I94+K94+M94,5) -> 62432 | P94: =N94/3 -> 14494.83 | Q94: =O94/3 -> 20810.667 | Y94: 4801 · 801-Land Titles | Z94: 17671.45
G95: 4801C · 801C-Land Titles | H95: 0 | I95: 5642 | J95: 2821.05 | K95: 7812 | L95: 1390.01 | M95: 0 | N95: =ROUND(H95+J95+L95,5) -> 4211.06 | O95: =ROUND(I95+K95+M95,5) -> 13454 | P95: =N95/3 -> 1403.6867 | Q95: =O95/3 -> 4484.6667 | Y95: 4801C · 801C-Land Titles | Z95: 1828.08
G96: 4802 · 802-Legal Aspects of Easements | H96: 13617.53 | I96: 7176 | J96: 17940 | K96: 8280 | L96: 17886 | M96: 18663 | N96: =ROUND(H96+J96+L96,5) -> 49443.53 | O96: =ROUND(I96+K96+M96,5) -> 34119 | P96: =N96/3 -> 16481.177 | Q96: =O96/3 -> 11373 | Y96: 4802 · 802-Legal Aspects of Easements | Z96: 22369.42
G97: 4802C · 802C-Legal Aspects of Easements | H97: 4362.03 | I97: 0 | J97: 966 | K97: 3312 | L97: 0 | M97: 4214 | N97: =ROUND(H97+J97+L97,5) -> 5328.03 | O97: =ROUND(I97+K97+M97,5) -> 7526 | P97: =N97/3 -> 1776.01 | Q97: =O97/3 -> 2508.6667 | Y97: 4802C · 802C-Legal Aspects of Easements | Z97: 1203.74
G98: 4803 · 803-Eminent Domain Law Basics.. | H98: 27637.29 | I98: 14105 | J98: 18228 | K98: 26040 | L98: 17768 | M98: 29000 | N98: =ROUND(H98+J98+L98,5) -> 63633.29 | O98: =ROUND(I98+K98+M98,5) -> 69145 | P98: =N98/3 -> 21211.097 | Q98: =O98/3 -> 23048.333 | Y98: 4803 · 803-Eminent Domain Law Basics.. | Z98: 19296.41
G99: 4803C · 803C-Expropriation Law REP | H99: 0 | I99: 5642 | J99: 5425.05 | K99: 10416 | L99: 2129 | M99: 0 | N99: =ROUND(H99+J99+L99,5) -> 7554.05 | O99: =ROUND(I99+K99+M99,5) -> 16058 | P99: =N99/3 -> 2518.0167 | Q99: =O99/3 -> 5352.6667 | Y99: 4803C · 803C-Expropriation Law REP | Z99: 6499.84
G100: 4804 · 804-Skills of Expert Testimony | H100: 414 | I100: 3588 | J100: 3588 | K100: 6624 | L100: 1512 | M100: 2107 | N100: =ROUND(H100+J100+L100,5) -> 5514 | O100: =ROUND(I100+K100+M100,5) -> 12319 | P100: =N100/3 -> 1838 | Q100: =O100/3 -> 4106.3333 | Y100: 4804 · 804-Skills of Expert Testimony | Z100: 5078.94
G101: 4840C · 840C Canadian Expropriation Bas | Y101: 4840C · 840C Canadian Expropriation Bas | Z101: 262.09
...

Sheet 6th Draft
H1: =H582 -> 44542.64 | I1: =I582 -> 8714.58 | J1: =J582 -> 51342.9 | K1: =K582 -> 826.41 | L1: =L582 -> 184453.41 | M1: =M582 -> 354.02 | N1: =N582 -> 280338.95 | O1: =O582 -> 9895.01 | ... Q1: =Q582 -> 3298.3367 | Z1: =Z582 -> 811.37 | AB1: =AB582 -> -193160.47 | AC1: =AC582 -> -8678.4714 | AD1: =AD582 -> 15325.988 | AE1: =AE582 -> 3787.1 | AF1: =AF582 -> 22292.035 | AG1: =AG582 -> 8513
AB2: 1st Draft | AC2: 2nd Draft | AD2: 3rd Draft | AE2: 4th Draft | AF2: 5th Draft | AG2: 6th Draft
N3: TOTAL | P3: 3 Year Average | Z3: 2025 - 26 | AB3: 2026 - 27 | AC3: 2026 - 27 | AD3: 2026 - 27 | AE3: 2026 - 27 | AF3: 2026 - 27 | AG3: 2026 - 27
H4: Jul '22 - Jun 23 | I4: Budget | J4: Jul '23 - Jun 24 | K4: Budget | L4: Jul '24 - Jun 25 | M4: Budget | N4: Jul '22 - Jun 25 | O4: Budget | P4: Jul '22 - Jun 25 | Q4: Budget | Z4: Budget | AB4: Budget | AC4: Budget | AD4: Budget | AE4: Budget | AF4: Budget | AG4: Budget
B5: Ordinary Income/Expense | T5: Ordinary Income/Expense
C6: Income | U6: Income
D7: 40 · EDUCATION INCOME | V7: 40 · EDUCATION INCOME
E8: 410 · COURSE INCOME - CLASSROOM | W8: 410 · COURSE INCOME - CLASSROOM
F9: 100 · COURSE 100'S | X9: 100 · COURSE 100'S | AB9: 960784.8 | AC9: 960784.8 | AD9: 1026054.2 | AE9: 1026054.2 | AF9: 1026054.2 | AG9: 1026054.2
G10: 4100i · 100i-Principles of Land Acq | H10: 122124.97 | I10: 16926 | J10: 75082.22 | K10: 46872 | L10: 73581.05 | M10: 110683 | N10: =ROUND(H10+J10+L10,5) -> 270788.24 | O10: =ROUND(I10+K10+M10,5) -> 174481 | P10: =N10/3 -> 90262.747 | Q10: =O10/3 -> 58160.333 | Y10: 4100i · 100i-Principles of Land Acq | Z10: 119709.85
G11: 4102 · 102-Elevating Your Ethical Awar | H11: 27462.54 | I11: 7176 | J11: 38915.93 | K11: 13248 | L11: 37783.37 | M11: 26791 | N11: =ROUND(H11+J11+L11,5) -> 104161.84 | O11: =ROUND(I11+K11+M11,5) -> 47215 | P11: =N11/3 -> 34720.613 | Q11: =O11/3 -> 15738.333 | Y11: 4102 · 102-Elevating Your Ethical Awar | Z11: 47017.15
G12: 4103 · 103-Ethics & ROW Profession | H12: 0 | I12: 8970 | J12: 0 | K12: 0 | L12: 0 | N12: =ROUND(H12+J12+L12,5) -> 0 | O12: =ROUND(I12+K12+M12,5) -> 8970 | P12: =N12/3 -> 0 | Q12: =O12/3 -> 2990 | Y12: 4103 · 103-Ethics & ROW Profession | Z12: 0
G13: 4105 · 105-URA Executive Summary | H13: 21585.85 | I13: 0 | J13: 9798 | K13: 1656 | L13: 17730 | M13: 20620 | N13: =ROUND(H13+J13+L13,5) -> 49113.85 | O13: =ROUND(I13+K13+M13,5) -> 22276 | P13: =N13/3 -> 16371.283 | Q13: =O13/3 -> 7425.3333 | Y13: 4105 · 105-URA Executive Summary | Z13: 17741.66
G14: 4145 · 145-Overview of URA 4 Hrs | H14: 0 | J14: 5600 | L14: 2190 | M14: 1400 | N14: =ROUND(H14+J14+L14,5) -> 7790 | O14: =ROUND(I14+K14+M14,5) -> 1400 | P14: =N14/3 -> 2596.6667 | Q14: =O14/3 -> 466.66667 | Y14: 4145 · 145-Overview of URA 4 Hrs | Z14: 5634.94
F15: Total 100 · COURSE 100'S | H15: =ROUND(SUM(H9:H14),5) -> 171173.36 | I15: =ROUND(SUM(I9:I14),5) -> 33072 | J15: =ROUND(SUM(J9:J14),5) -> 129396.15 | K15: =ROUND(SUM(K9:K14),5) -> 61776 | L15: =ROUND(SUM(L9:L14),5) -> 131284.42 | M15: =ROUND(SUM(M9:M14),5) -> 159494 | N15: =ROUND(H15+J15+L15,5) -> 431853.93 | O15: =ROUND(I15+K15+M15,5) -> 254342 | P15: =N15/3 -> 143951.31 | Q15: =O15/3 -> 84780.667 | X15: Total 100 · COURSE 100'S | Z15: =ROUND(SUM(Z9:Z14),5) -> 190103.6 | AB15: =ROUND(SUM(AB9:AB14),5) -> 960784.8 | AC15: =ROUND(SUM(AC9:AC14),5) -> 960784.8 | AD15: =ROUND(SUM(AD9:AD14),5) -> 1026054.2 | AE15: =ROUND(SUM(AE9:AE14),5) -> 1026054.2 | AF15: =ROUND(SUM(AF9:AF14),5) -> 1026054.2 | AG15: =ROUND(SUM(AG9:AG14),5) -> 1026054.2
F16: 200 · COURSE 200'S | X16: 200 · COURSE 200'S
G17: 4200 · 200-Princip. of R/E Negotiation | H17: 34864.82 | I17: 14105 | J17: 38975 | K17: 33852 | L17: 27970 | M17: 32016 | N17: =ROUND(H17+J17+L17,5) -> 101809.82 | O17: =ROUND(I17+K17+M17,5) -> 79973 | P17: =N17/3 -> 33936.607 | Q17: =O17/3 -> 26657.667 | Y17: 4200 · 200-Princip. of R/E Negotiation | Z17: 60529.78
G18: 4200C · 200C-Princip. of R/E Negotiat'n | H18: 8923.08 | I18: 2821 | J18: 7378.1 | K18: 7812 | L18: 10683.11 | M18: 12992 | N18: =ROUND(H18+J18+L18,5) -> 26984.29 | O18: =ROUND(I18+K18+M18,5) -> 23625 | P18: =N18/3 -> 8994.7633 | Q18: =O18/3 -> 7875 | Y18: 4200C · 200C-Princip. of R/E Negotiat'n | Z18: 0
G19: 4201 · 201-Comm. in R/E Acquisition | H19: 4158 | I19: 0 | J19: 0 | K19: 28512 | L19: 13112 | M19: 7000 | N19: =ROUND(H19+J19+L19,5) -> 17270 | O19: =ROUND(I19+K19+M19,5) -> 35512 | P19: =N19/3 -> 5756.6667 | Q19: =O19/3 -> 11837.333 | Y19: 4201 · 201-Comm. in R/E Acquisition | Z19: 4448.05
G20: 4203 · 203-Alternative Dispute Resol. | H20: 10734.81 | I20: 0 | J20: 2604 | K20: 13020 | L20: 9376 | M20: 22272 | N20: =ROUND(H20+J20+L20,5) -> 22714.81 | O20: =ROUND(I20+K20+M20,5) -> 35292 | P20: =N20/3 -> 7571.6033 | Q20: =O20/3 -> 11764 | Y20: 4203 · 203-Alternative Dispute Resol. | Z20: 8937.28
G21: 4203C · 203C-Alternative Dispute Resol. | H21: 651 | I21: 0 | J21: 2604.05 | L21: 0 | N21: =ROUND(H21+J21+L21,5) -> 3255.05 | O21: =ROUND(I21+K21+M21,5) -> 0 | P21: =N21/3 -> 1085.0167 | Q21: =O21/3 -> 0 | Y21: 4203C · 203C-Alternative Dispute Resol. | Z21: 0
G22: 4205 · 205-Bargaining Negotiations | H22: 2979.65 | I22: 19747 | J22: 13454 | K22: 28644 | L22: 7903 | M22: 9744 | N22: =ROUND(H22+J22+L22,5) -> 24336.65 | O22: =ROUND(I22+K22+M22,5) -> 58135 | P22: =N22/3 -> 8112.2167 | Q22: =O22/3 -> 19378.333 | Y22: 4205 · 205-Bargaining Negotiations | Z22: 16858.96
G23: 4205C · 205C-Bargaining Negotiations | H23: 2387.04 | I23: 0 | J23: 0 | K23: 0 | L23: 1173.01 | M23: 0 | N23: =ROUND(H23+J23+L23,5) -> 3560.05 | O23: =ROUND(I23+K23+M23,5) -> 0 | P23: =N23/3 -> 1186.6833 | Q23: =O23/3 -> 0 | Y23: 4205C · 205C-Bargaining Negotiations | Z23: 0
G24: 4207 · 207-Practical Negotiations | H24: 8821.1 | I24: 8463 | J24: 3689 | K24: 20832 | L24: 7944 | M24: 12992 | N24: =ROUND(H24+J24+L24,5) -> 20454.1 | O24: =ROUND(I24+K24+M24,5) -> 42287 | P24: =N24/3 -> 6818.0333 | Q24: =O24/3 -> 14095.667 | Y24: 4207 · 207-Practical Negotiations | Z24: 8327.92
G25: 4209 · 209-Negotiating with Diverse Cl | H25: 2232.41 | I25: 5642 | J25: 0 | K25: 2604 | L25: 11126 | M25: 9512 | N25: =ROUND(H25+J25+L25,5) -> 13358.41 | O25: =ROUND(I25+K25+M25,5) -> 17758 | P25: =N25/3 -> 4452.8033 | Q25: =O25/3 -> 5919.3333 | Y25: 4209 · 209-Negotiating with Diverse Cl | Z25: 3249.92
G26: 4209C · 209C-Negotiating with Diverse | H26: 1085.02 | I26: 0 | J26: 3255.06 | K26: 0 | L26: 1302 | M26: 0 | N26: =ROUND(H26+J26+L26,5) -> 5642.08 | O26: =ROUND(I26+K26+M26,5) -> 0 | P26: =N26/3 -> 1880.6933 | Q26: =O26/3 -> 0 | Y26: 4209C · 209C-Negotiating with Diverse | Z26: 0
G27: 4213 · 213-Conflict Management | H27: 8761.17 | I27: 8970 | J27: 11868 | K27: 0 | L27: 8318 | M27: 14599 | N27: =ROUND(H27+J27+L27,5) -> 28947.17 | O27: =ROUND(I27+K27+M27,5) -> 23569 | P27: =N27/3 -> 9649.0567 | Q27: =O27/3 -> 7856.3333 | Y27: 4213 · 213-Conflict Management | Z27: 15886.42
G28: 4213C · 213C-Conflict Management | H28: 4830 | I28: 1794 | J28: 827.99 | K28: 0 | L28: 734 | M28: 4064 | N28: =ROUND(H28+J28+L28,5) -> 6391.99 | O28: =ROUND(I28+K28+M28,5) -> 5858 | P28: =N28/3 -> 2130.6633 | Q28: =O28/3 -> 1952.6667 | Y28: 4213C · 213C-Conflict Management | Z28: 645.87
G29: 4215 · 215-R/W Acquisit. Pipeline Proj | H29: 8392.76 | I29: 22568 | J29: 8680.03 | K29: 31248 | L29: 16885.09 | M29: 12992 | N29: =ROUND(H29+J29+L29,5) -> 33957.88 | O29: =ROUND(I29+K29+M29,5) -> 66808 | P29: =N29/3 -> 11319.293 | Q29: =O29/3 -> 22269.333 | Y29: 4215 · 215-R/W Acquisit. Pipeline Proj | Z29: 11171.61
G30: 4218 · 218-R/W Acq. for Elec.Util.Proj | H30: 21528.44 | I30: 5642 | J30: 6510 | K30: 18228 | L30: 15979.04 | M30: 25984 | N30: =ROUND(H30+J30+L30,5) -> 44017.48 | O30: =ROUND(I30+K30+M30,5) -> 49854 | P30: =N30/3 -> 14672.493 | Q30: =O30/3 -> 16618 | Y30: 4218 · 218-R/W Acq. for Elec.Util.Proj | Z30: 10562.25
G31: 4219 · 219-Introductory Instructor | H31: 4941.81 | I31: 5642 | J31: 24087 | K31: 5208 | L31: 35550 | M31: 16240 | N31: =ROUND(H31+J31+L31,5) -> 64578.81 | O31: =ROUND(I31+K31+M31,5) -> 27090 | P31: =N31/3 -> 21526.27 | Q31: =O31/3 -> 9030 | Y31: 4219 · 219-Introductory Instructor | Z31: 42248.99
G32: 4219C · 219C-Introductory Instructor | H32: 0 | I32: 0 | J32: 7378.07 | K32: 0 | L32: 7422.09 | M32: 0 | N32: =ROUND(H32+J32+L32,5) -> 14800.16 | O32: =ROUND(I32+K32+M32,5) -> 0 | P32: =N32/3 -> 4933.3867 | Q32: =O32/3 -> 0 | Y32: 4219C · 219C-Introductory Instructor | Z32: 0
G33: 4225 · 225-Social Ecology | H33: 638.11 | I33: 14105 | J33: 966 | K33: 5208 | L33: 0 | M33: 3248 | N33: =ROUND(H33+J33+L33,5) -> 1604.11 | O33: =ROUND(I33+K33+M33,5) -> 22561 | P33: =N33/3 -> 534.70333 | Q33: =O33/3 -> 7520.3333 | Y33: 4225 · 225-Social Ecology | Z33: 1033.39
... G35: 4235C · C235C - Cdn Oil & Gas Industry | H35: 0 | I35: 5382 | J35: 0 | K35: 6624 | L35: 0 | M35: 3248 | N35: =ROUND(H35+J35+L35,5) -> 0 | O35: =ROUND(I35+K35+M35,5) -> 15254 | P35: =N35/3 -> 0 | Q35: =O35/3 -> 5084.6667 | Y35: 4235C · C235C - Cdn Oil & Gas Industry | Z35: 1015.6
G36: 4239 · 239 Prin. of Wind Eng. Ld Aq | H36: 0 | I36: 0 | J36: 3449.96 | K36: 0 | L36: 2113.96 | M36: 0 | N36: =ROUND(H36+J36+L36,5) -> 5563.92 | O36: 0 | P36: =N36/3 -> 1854.64 | Q36: =O36/3 -> 0 | Y36: 4239 · 239 Prin. of Wind Eng. Ld Aq | Z36: 3858.35
G37: 4240i · 240i Geothermal Energy Basics | H37: 0 | I37: 0 | J37: 0 | K37: 0 | L37: 0 | M37: 0 | N37: =ROUND(H37+J37+L37,5) -> 0 | O37: =ROUND(I37+K37+M37,5) -> 0 | P37: =N37/3 -> 0 | Q37: =O37/3 -> 0 | Y37: 4240i · 240i Geothermal Energy Basics | Z37: 262.09
G38: 4241i · 240i - Solar Energy Basics | H38: 0 | I38: 0 | J38: 0 | K38: 0 | L38: 0 | M38: 0 | N38: =ROUND(H38+J38+L38,5) -> 0 | O38: =ROUND(I38+K38+M38,5) -> 0 | P38: =N38/3 -> 0 | Q38: =O38/3 -> 0 | Y38: 4241i · 240i - Solar Energy Basics | Z38: 262.09
F39: Total 200 · COURSE 200'S | H39: =ROUND(SUM(H16:H38),5) -> 125929.22 | I39: =ROUND(SUM(I16:I38),5) -> 120263 | J39: =ROUND(SUM(J16:J38),5) -> 136830.26 | K39: =ROUND(SUM(K16:K38),5) -> 203448 | L39: =ROUND(SUM(L16:L38),5) -> 177591.3 | M39: =ROUND(SUM(M16:M38),5) -> 186903 | N39: =ROUND(H39+J39+L39,5) -> 440350.78 | O39: =ROUND(I39+K39+M39,5) -> 510614 | P39: =N39/3 -> 146783.59 | Q39: =O39/3 -> 170204.67 | X39: Total 200 · COURSE 200'S | Z39: =ROUND(SUM(Z16:Z38),5) -> 190801.85 | AB39: =ROUND(SUM(AB16:AB38),5) -> 0 | AC39: =ROUND(SUM(AC16:AC38),5) -> 0 | AD39: =ROUND(SUM(AD16:AD38),5) -> 0 | AE39: =ROUND(SUM(AE16:AE38),5) -> 0 | AF39: =ROUND(SUM(AF16:AF38),5) -> 0 | AG39: =ROUND(SUM(AG16:AG38),5) -> 0
F40: 300 · COURSE 300'S | X40: 300 · COURSE 300'S
G41: 4303 · 303-Management Consulting | H41: 2498.6 | I41: 22568 | J41: 9765 | K41: 15624 | L41: 4818 | M41: 6496 | N41: =ROUND(H41+J41+L41,5) -> 17081.6 | O41: =ROUND(I41+K41+M41,5) -> 44688 | P41: =N41/3 -> 5693.8667 | Q41: =O41/3 -> 14896 | Y41: 4303 · 303-Management Consulting | Z41: 11780.97
G42: 4303C · 303C-Management Consulting | H42: 0 | I42: 0 | J42: 0 | L42: 1953.03 | N42: =ROUND(H42+J42+L42,5) -> 1953.03 | O42: =ROUND(I42+K42+M42,5) -> 0 | P42: =N42/3 -> 651.01 | Q42: =O42/3 -> 0 | Y42: 4303C · 303C-Management Consulting | Z42: 0
G43: 4304 · 304-When Public Agenc's Collide | H43: 3420 | I43: 5382 | J43: 690 | K43: 6624 | L43: 2527.98 | M43: 4214 | N43: =ROUND(H43+J43+L43,5) -> 6637.98 | O43: =ROUND(I43+K43+M43,5) -> 16220 | P43: =N43/3 -> 2212.66 | Q43: =O43/3 -> 5406.6667 | Y43: 4304 · 304-When Public Agenc's Collide | Z43: 1203.74
G44: 4306 · 306-Proj Management Basics PM1 | H44: 0 | J44: 0 | L44: 0 | M44: 0 | N44: =ROUND(H44+J44+L44,5) -> 0 | O44: =ROUND(I44+K44+M44,5) -> 0 | P44: =N44/3 -> 0 | Q44: =O44/3 -> 0 | Y44: 4306 · 306-Proj Management Basics PM1 | Z44: 1421.84
F45: Total 300 · COURSE 300'S | H45: =ROUND(SUM(H40:H44),5) -> 5918.6 | I45: =ROUND(SUM(I40:I44),5) -> 27950 | J45: =ROUND(SUM(J40:J44),5) -> 10455 | K45: =ROUND(SUM(K40:K44),5) -> 22248 | L45: =ROUND(SUM(L40:L44),5) -> 9299.01 | M45: =ROUND(SUM(M40:M44),5) -> 10710 | N45: =ROUND(H45+J45+L45,5) -> 25672.61 | O45: =ROUND(I45+K45+M45,5) -> 60908 | P45: =N45/3 -> 8557.5367 | Q45: =O45/3 -> 20302.667 | X45: Total 300 · COURSE 300'S | Z45: =ROUND(SUM(Z40:Z44),5) -> 14406.55 | AB45: =ROUND(SUM(AB40:AB44),5) -> 0 | AC45: =ROUND(SUM(AC40:AC44),5) -> 0 | AD45: =ROUND(SUM(AD40:AD44),5) -> 0 | AE45: =ROUND(SUM(AE40:AE44),5) -> 0 | AF45: =ROUND(SUM(AF40:AF44),5) -> 0 | AG45: =ROUND(SUM(AG40:AG44),5) -> 0
F46: 400 · COURSE 400'S | X46: 400 · COURSE 400'S
G47: 4400 · 400-Principles of R/E Appraisal | H47: 36766.12 | I47: 16926 | J47: 30814 | K47: 23436 | L47: 19774 | M47: 31784 | N47: =ROUND(H47+J47+L47,5) -> 87354.12 | O47: =ROUND(I47+K47+M47,5) -> 72146 | P47: =N47/3 -> 29118.04 | Q47: =O47/3 -> 24048.667 | Y47: 4400 · 400-Principles of R/E Appraisal | Z47: 35342.9
G48: 4400C · 400C-Principles of R/E Apprais. | H48: 7526.63 | I48: 0 | J48: 1953.01 | K48: 10416 | L48: 3387.04 | M48: 12760 | N48: =ROUND(H48+J48+L48,5) -> 12866.68 | O48: =ROUND(I48+K48+M48,5) -> 23176 | P48: =N48/3 -> 4288.8933 | Q48: =O48/3 -> 7725.3333 | Y48: 4400C · 400C-Principles of R/E Apprais. | Z48: 3859.28
G49: 4402 · 402-Intro to Income Cap Approac | H49: 552 | I49: 7176 | J49: 552 | K49: 8280 | L49: 0 | M49: 4214 | N49: =ROUND(H49+J49+L49,5) -> 1104 | O49: =ROUND(I49+K49+M49,5) -> 19670 | P49: =N49/3 -> 368 | Q49: =O49/3 -> 6556.6667 | Y49: 4402 · 402-Intro to Income Cap Approac | Z49: 645.87
G50: 4403 · 403-Easement Valuation | H50: 12424.55 | I50: 8970 | J50: 15594 | K50: 1656 | L50: 7334 | M50: 14599 | N50: =ROUND(H50+J50+L50,5) -> 35352.55 | O50: =ROUND(I50+K50+M50,5) -> 25225 | P50: =N50/3 -> 11784.183 | Q50: =O50/3 -> 8408.3333 | Y50: 4403 · 403-Easement Valuation | Z50: 18563.49
G51: 4406A · 406A-15 Hour National USPAP | H51: 752.55 | J51: 0 | L51: 3132 | M51: 1190 | N51: =ROUND(H51+J51+L51,5) -> 3884.55 | O51: =ROUND(I51+K51+M51,5) -> 1190 | P51: =N51/3 -> 1294.85 | Q51: =O51/3 -> 396.66667 | Y51: 4406A · 406A-15 Hour National USPAP | Z51: 1015.6
G52: 4406B · 406B-7 Hour National USPAP | H52: 0 | I52: 4420 | J52: 3960 | K52: 7140 | L52: 0 | M52: 0 | N52: =ROUND(H52+J52+L52,5) -> 3960 | O52: =ROUND(I52+K52+M52,5) -> 11560 | P52: =N52/3 -> 1320 | Q52: =O52/3 -> 3853.3333 | Y52: 4406B · 406B-7 Hour National USPAP | Z52: 6043.06
G53: 4409 · 409-Integrating Appraisal Stds. | H53: 0 | I53: 0 | J53: 0 | K53: 8280 | L53: 546 | M53: 2107 | N53: =ROUND(H53+J53+L53,5) -> 546 | O53: =ROUND(I53+K53+M53,5) -> 10387 | P53: =N53/3 -> 182 | Q53: =O53/3 -> 3462.3333 | Y53: 4409 · 409-Integrating Appraisal Stds. | Z53: 645.87
G54: 4410 · 410-Review. Apprais. in Eminent | H54: 1438.36 | I54: 8970 | J54: 3312 | K54: 6624 | L54: 3990 | M54: 4214 | N54: =ROUND(H54+J54+L54,5) -> 8740.36 | O54: =ROUND(I54+K54+M54,5) -> 19808 | P54: =N54/3 -> 2913.4533 | Q54: =O54/3 -> 6602.6667 | Y54: 4410 · 410-Review. Apprais. in Eminent | Z54: 6101.09
G55: 4413 · 413-UAS Federal Land Acquisit'n | H55: 594 | I55: 0 | J55: 0 | K55: 21384 | L55: 0 | M55: 3500 | N55: =ROUND(H55+J55+L55,5) -> 594 | O55: =ROUND(I55+K55+M55,5) -> 24884 | P55: =N55/3 -> 198 | Q55: =O55/3 -> 8294.6667 | Y55: 4413 · 413-UAS Federal Land Acquisit'n | Z55: 1668.02
G56: 4415 · 415.USPAP&YB Relationship Guide | H56: 0 | I56: 0 | J56: 0 | K56: 3312 | L56: 690 | M56: 2107 | N56: =ROUND(H56+J56+L56,5) -> 690 | O56: =ROUND(I56+K56+M56,5) -> 5419 | P56: =N56/3 -> 230 | Q56: =O56/3 -> 1806.3333 | Y56: 4415 · 415.USPAP&YB Relationship Guide | Z56: 645.87
G57: 4417 · 417-Valuation of Contamin. R/E | H57: 1413.6 | I57: 11284 | J57: 0 | K57: 13020 | L57: 0 | M57: 3248 | N57: =ROUND(H57+J57+L57,5) -> 1413.6 | O57: =ROUND(I57+K57+M57,5) -> 27552 | P57: =N57/3 -> 471.2 | Q57: =O57/3 -> 9184 | Y57: 4417 · 417-Valuation of Contamin. R/E | Z57: 1015.6
G58: 4421 · 421-Valuation of Partial Acquis | H58: 61221.21 | I58: 5161 | J58: 39303 | K58: 76224 | L58: 74396 | M58: 62361 | N58: =ROUND(H58+J58+L58,5) -> 174920.21 | O58: =ROUND(I58+K58+M58,5) -> 143746 | P58: =N58/3 -> 58306.737 | Q58: =O58/3 -> 47915.333 | Y58: 4421 · 421-Valuation of Partial Acquis | Z58: 37252.42
G59: 4421C · 421C-Valuation of Partial Acqui | H59: 5955.03 | I59: 5161 | J59: 6352.04 | K59: 19056 | L59: 0 | M59: 0 | N59: =ROUND(H59+J59+L59,5) -> 12307.07 | O59: =ROUND(I59+K59+M59,5) -> 24217 | P59: =N59/3 -> 4102.3567 | Q59: =O59/3 -> 8072.3333 | Y59: 4421C · 421C-Valuation of Partial Acqui | Z59: 6116.07
G60: 4431 · 431-Problems in Valuation P/A | H60: 7762.21 | I60: 5382 | J60: 7590 | K60: 4968 | L60: 7970 | M60: 12642 | N60: =ROUND(H60+J60+L60,5) -> 23322.21 | O60: =ROUND(I60+K60+M60,5) -> 22992 | P60: =N60/3 -> 7774.07 | Q60: =O60/3 -> 7664 | Y60: 4431 · 431-Problems in Valuation P/A | Z60: 11176.29
G61: 4431C · 431C-Problems in Valuation P/A | H61: 966 | J61: 2483.98 | L61: 1104 | M61: 0 | N61: =ROUND(H61+J61+L61,5) -> 4553.98 | O61: =ROUND(I61+K61+M61,5) -> 0 | P61: =N61/3 -> 1517.9933 | Q61: =O61/3 -> 0 | Y61: 4431C · 431C-Problems in Valuation P/A | Z61: 3470.83
F62: Total 400 · COURSE 400'S | H62: =ROUND(SUM(H46:H61),5) -> 137372.26 | I62: =ROUND(SUM(I46:I61),5) -> 73450 | J62: =ROUND(SUM(J46:J61),5) -> 111914.03 | K62: =ROUND(SUM(K46:K61),5) -> 203796 | L62: =ROUND(SUM(L46:L61),5) -> 122323.04 | M62: =ROUND(SUM(M46:M61),5) -> 154726 | N62: =ROUND(H62+J62+L62,5) -> 371609.33 | O62: =ROUND(I62+K62+M62,5) -> 431972 | P62: =N62/3 -> 123869.78 | Q62: =O62/3 -> 143990.67 | X62: Total 400 · COURSE 400'S | Z62: =ROUND(SUM(Z46:Z61),5) -> 133562.26 | AB62: =ROUND(SUM(AB46:AB61),5) -> 0 | AC62: =ROUND(SUM(AC46:AC61),5) -> 0 | AD62: =ROUND(SUM(AD46:AD61),5) -> 0 | AE62: =ROUND(SUM(AE46:AE61),5) -> 0 | AF62: =ROUND(SUM(AF46:AF61),5) -> 0 | AG62: =ROUND(SUM(AG46:AG61),5) -> 0
F63: 4985 · SR/WA Revenue | H63: 8314.73 | I63: 16926 | J63: 15190.01 | K63: 28447.38 | L63: 10677 | M63: 20750 | N63: =ROUND(H63+J63+L63,5) -> 34181.74 | O63: =ROUND(I63+K63+M63,5) -> 66123.38 | P63: =N63/3 -> 11393.913 | Q63: =O63/3 -> 22041.127 | X63: 4985 · SR/WA Revenue | Z63: 26202.51
F64: 500 · COURSE 500'S | X64: 500 · COURSE 500'S
G65: 4501 · 501-Residential Reloc. Assist. | H65: 20139.29 | I65: 5642 | J65: 36456.01 | K65: 28644 | L65: 50222 | M65: 22272 | N65: =ROUND(H65+J65+L65,5) -> 106817.3 | O65: =ROUND(I65+K65+M65,5) -> 56558 | P65: =N65/3 -> 35605.767 | Q65: =O65/3 -> 18852.667 | Y65: 4501 · 501-Residential Reloc. Assist. | Z65: 39608.42
G66: 4502 · 502-Non-Residential Relocation | H66: 22335.58 | I66: 11284 | J66: 24521.05 | K66: 31248 | L66: 17114.01 | M66: 25752 | N66: =ROUND(H66+J66+L66,5) -> 63970.64 | O66: =ROUND(I66+K66+M66,5) -> 68284 | P66: =N66/3 -> 21323.547 | Q66: =O66/3 -> 22761.333 | Y66: 4502 · 502-Non-Residential Relocation | Z66: 31889.86
G67: 4503 · 503-Mobile Home Relocation | H67: 966 | I67: 7176 | J67: 828 | K67: 1656 | L67: 0 | M67: 6321 | N67: =ROUND(H67+J67+L67,5) -> 1794 | O67: =ROUND(I67+K67+M67,5) -> 15153 | P67: =N67/3 -> 598 | Q67: =O67/3 -> 5051 | Y67: 4503 · 503-Mobile Home Relocation | Z67: 1420.9
G68: 4504 · 504-Computing Replace. Hous.Pmt | H68: 5599.29 | I68: 16926 | J68: 4557 | K68: 31248 | L68: 12686 | M68: 12992 | N68: =ROUND(H68+J68+L68,5) -> 22842.29 | O68: =ROUND(I68+K68+M68,5) -> 61166 | P68: =N68/3 -> 7614.0967 | Q68: =O68/3 -> 20388.667 | Y68: 4504 · 504-Computing Replace. Hous.Pmt | Z68: 8124.8
G69: 4505 · 505-Advanced Res. Reloc.Assist. | H69: 1794 | I69: 5382 | J69: 2564 | K69: 3312 | L69: 4874 | M69: 8278 | N69: =ROUND(H69+J69+L69,5) -> 9232 | O69: =ROUND(I69+K69+M69,5) -> 16972 | P69: =N69/3 -> 3077.3333 | Q69: =O69/3 -> 5657.3333 | Y69: 4505 · 505-Advanced Res. Reloc.Assist. | Z69: 4886.12
G70: 4506 · 506-Advanced Bus. Reloc.Assist. | H70: 2982.44 | I70: 5642 | J70: 5859 | K70: 31248 | L70: 3038 | M70: 6496 | N70: =ROUND(H70+J70+L70,5) -> 11879.44 | O70: =ROUND(I70+K70+M70,5) -> 43386 | P70: =N70/3 -> 3959.8133 | Q70: =O70/3 -> 14462 | Y70: 4506 · 506-Advanced Bus. Reloc.Assist. | Z70: 7718.56
F71: Total 500 · COURSE 500'S | H71: =ROUND(SUM(H64:H70),5) -> 53816.6 | I71: =ROUND(SUM(I64:I70),5) -> 52052 | J71: =ROUND(SUM(J64:J70),5) -> 74785.06 | K71: =ROUND(SUM(K64:K70),5) -> 127356 | L71: =ROUND(SUM(L64:L70),5) -> 87934.01 | M71: =ROUND(SUM(M64:M70),5) -> 82111 | N71: =ROUND(H71+J71+L71,5) -> 216535.67 | O71: =ROUND(I71+K71+M71,5) -> 261519 | P71: =N71/3 -> 72178.557 | Q71: =O71/3 -> 87173 | X71: Total 500 · COURSE 500'S | Z71: =ROUND(SUM(Z64:Z70),5) -> 93648.66 | AB71: =ROUND(SUM(AB64:AB70),5) -> 0 | AC71: =ROUND(SUM(AC64:AC70),5) -> 0 | AD71: =ROUND(SUM(AD64:AD70),5) -> 0 | AE71: =ROUND(SUM(AE64:AE70),5) -> 0 | AF71: =ROUND(SUM(AF64:AF70),5) -> 0 | AG71: =ROUND(SUM(AG64:AG70),5) -> 0
F72: 600 · COURSE 600'S | X72: 600 · COURSE 600'S
G73: 4600C · 600C-Environmental Awareness | H73: 4536.32 | I73: 3588 | J73: 827.99 | K73: 0 | L73: 0 | M73: 6321 | N73: =ROUND(H73+J73+L73,5) -> 5364.31 | O73: =ROUND(I73+K73+M73,5) -> 9909 | P73: =N73/3 -> 1788.1033 | Q73: =O73/3 -> 3303 | Y73: 4600C · 600C-Environmental Awareness | Z73: 0
G74: 4600i · 600i-Environmental Awareness | H74: 11173 | I74: 7176 | J74: 13800 | K74: 0 | L74: 21027.91 | M74: 22727 | N74: =ROUND(H74+J74+L74,5) -> 46000.91 | O74: =ROUND(I74+K74+M74,5) -> 29903 | P74: =N74/3 -> 15333.637 | Q74: =O74/3 -> 9967.6667 | Y74: 4600i · 600i-Environmental Awareness | Z74: 20177.22
G75: 4602 · 602-Project Devel.& Envir.Proc. | H75: 0 | I75: 0 | J75: 0 | K75: 31248 | L75: 0 | M75: 0 | N75: =ROUND(H75+J75+L75,5) -> 0 | O75: =ROUND(I75+K75+M75,5) -> 31248 | P75: =N75/3 -> 0 | Q75: =O75/3 -> 10416 | Y75: 4602 · 602-Project Devel.& Envir.Proc. | Z75: 0
G76: 4603 · 603-Understanding Environment | H76: 11607.79 | I76: 12558 | J76: 12282 | K76: 0 | L76: 5520 | M76: 14449 | N76: =ROUND(H76+J76+L76,5) -> 29409.79 | O76: =ROUND(I76+K76+M76,5) -> 27007 | P76: =N76/3 -> 9803.2633 | Q76: =O76/3 -> 9002.3333 | Y76: 4603 · 603-Understanding Environment | Z76: 14974.73
G77: 4603C · 603C-Understanding Environment | H77: 3458.77 | I77: 1794 | J77: 0 | K77: 0 | L77: 0 | M77: 6171 | N77: =ROUND(H77+J77+L77,5) -> 3458.77 | O77: =ROUND(I77+K77+M77,5) -> 7965 | P77: =N77/3 -> 1152.9233 | Q77: =O77/3 -> 2655 | Y77: 4603C · 603C-Understanding Environment | Z77: 945.4
G78: 4604 · 604-Envir Due Diligence and Li. | H78: 8384.1 | I78: 8970 | J78: 5382 | K78: 0 | L78: 7865.97 | M78: 16706 | N78: =ROUND(H78+J78+L78,5) -> 21632.07 | O78: =ROUND(I78+K78+M78,5) -> 25676 | P78: =N78/3 -> 7210.69 | Q78: =O78/3 -> 8558.6667 | Y78: 4604 · 604-Envir Due Diligence and Li. | Z78: 7785.96
G79: 4606 · 606-Environmental Process | H79: 0 | I79: 3588 | J79: 0 | K79: 0 | L79: 966 | M79: 0 | N79: =ROUND(H79+J79+L79,5) -> 966 | O79: =ROUND(I79+K79+M79,5) -> 3588 | P79: =N79/3 -> 322 | Q79: =O79/3 -> 1196 | Y79: 4606 · 606-Environmental Process | Z79: 0
G80: 4606C · 606C-Environmental Process | H80: 0 | I80: 1794 | J80: 0 | K80: 0 | L80: 0 | M80: 2107 | N80: =ROUND(H80+J80+L80,5) -> 0 | O80: =ROUND(I80+K80+M80,5) -> 3901 | P80: =N80/3 -> 0 | Q80: =O80/3 -> 1300.3333 | Y80: 4606C · 606C-Environmental Process | Z80: 0
G81: 4640i · 640i-Water Basics | P81: =N81/3 -> 0 | Q81: =O81/3 -> 0 | Y81: 4640i · 640i-Water Basics | Z81: 1441.5
G82: 4643i · 643i-Air Basics | H82: 0 | I82: 0 | J82: 0 | K82: 0 | L82: 0 | M82: 0 | N82: =ROUND(H82+J82+L82,5) -> 0 | O82: =ROUND(I82+K82+M82,5) -> 0 | P82: =N82/3 -> 0 | Q82: =O82/3 -> 0 | Y82: 4643i · 643i-Air Basics | Z82: 655.23
G83: 4646i · 646i-Soil Basics | H83: 0 | I83: 0 | J83: 0 | K83: 0 | L83: 0 | M83: 0 | N83: =ROUND(H83+J83+L83,5) -> 0 | O83: =ROUND(I83+K83+M83,5) -> 0 | P83: =N83/3 -> 0 | Q83: =O83/3 -> 0 | Y83: 4646i · 646i-Soil Basics | Z83: 655.23
F84: Total 600 · COURSE 600'S | H84: =ROUND(SUM(H72:H83),5) -> 39159.98 | I84: =ROUND(SUM(I72:I83),5) -> 39468 | J84: =ROUND(SUM(J72:J83),5) -> 32291.99 | K84: =ROUND(SUM(K72:K83),5) -> 31248 | L84: =ROUND(SUM(L72:L83),5) -> 35379.88 | M84: =ROUND(SUM(M72:M83),5) -> 68481 | N84: =ROUND(H84+J84+L84,5) -> 106831.85 | O84: =ROUND(I84+K84+M84,5) -> 139197 | P84: =N84/3 -> 35610.617 | Q84: =O84/3 -> 46399 | X84: Total 600 · COURSE 600'S | Z84: =ROUND(SUM(Z72:Z83),5) -> 46635.27 | AB84: =ROUND(SUM(AB72:AB83),5) -> 0 | AC84: =ROUND(SUM(AC72:AC83),5) -> 0 | AD84: =ROUND(SUM(AD72:AD83),5) -> 0 | AE84: =ROUND(SUM(AE72:AE83),5) -> 0 | AF84: =ROUND(SUM(AF72:AF83),5) -> 0 | AG84: =ROUND(SUM(AG72:AG83),5) -> 0
F85: 700 · COURSE 700'S | X85: 700 · COURSE 700'S
G86: 4700 · 700-Introduction to Prop. Mgmt. | H86: 11323.36 | I86: 14105 | J86: 13454 | K86: 31248 | L86: 16278 | M86: 16240 | N86: =ROUND(H86+J86+L86,5) -> 41055.36 | O86: =ROUND(I86+K86+M86,5) -> 61593 | P86: =N86/3 -> 13685.12 | Q86: =O86/3 -> 20531 | Y86: 4700 · 700-Introduction to Prop. Mgmt. | Z86: 20921.37
G87: 4700C · 700C-Introduction to Prop. Mgt. | H87: 1519.02 | I87: 0 | J87: 1519.03 | K87: 2604 | L87: 1519.02 | M87: 3248 | N87: =ROUND(H87+J87+L87,5) -> 4557.07 | O87: =ROUND(I87+K87+M87,5) -> 5852 | P87: =N87/3 -> 1519.0233 | Q87: =O87/3 -> 1950.6667 | Y87: 4700C · 700C-Introduction to Prop. Mgt. | Z87: 0
G88: 4701 · 701-Property Mgmt. - Leasing | H88: 5359 | I88: 22568 | J88: 0 | K88: 23436 | L88: 4340 | M88: 12992 | N88: =ROUND(H88+J88+L88,5) -> 9699 | O88: =ROUND(I88+K88+M88,5) -> 58996 | P88: =N88/3 -> 3233 | Q88: =O88/3 -> 19665.333 | Y88: 4701 · 701-Property Mgmt. - Leasing | Z88: 2234.32
G89: 4703 · 703-Real Property/Asset Mgmt. | H89: 2070 | I89: 5382 | J89: 0 | K89: 1656 | L89: 2897.98 | M89: 8428 | N89: =ROUND(H89+J89+L89,5) -> 4967.98 | O89: =ROUND(I89+K89+M89,5) -> 15466 | P89: =N89/3 -> 1655.9933 | Q89: =O89/3 -> 5155.3333 | Y89: 4703 · 703-Real Property/Asset Mgmt. | Z89: 2836.19
F90: Total 700 · COURSE 700'S | H90: =ROUND(SUM(H85:H89),5) -> 20271.38 | I90: =ROUND(SUM(I85:I89),5) -> 42055 | J90: =ROUND(SUM(J85:J89),5) -> 14973.03 | K90: =ROUND(SUM(K85:K89),5) -> 58944 | L90: =ROUND(SUM(L85:L89),5) -> 25035 | M90: =ROUND(SUM(M85:M89),5) -> 40908 | N90: =ROUND(H90+J90+L90,5) -> 60279.41 | O90: =ROUND(I90+K90+M90,5) -> 141907 | P90: =N90/3 -> 20093.137 | Q90: =O90/3 -> 47302.333 | X90: Total 700 · COURSE 700'S | Z90: =ROUND(SUM(Z85:Z89),5) -> 25991.88 | AB90: =ROUND(SUM(AB85:AB89),5) -> 0 | AC90: =ROUND(SUM(AC85:AC89),5) -> 0 | AD90: =ROUND(SUM(AD85:AD89),5) -> 0 | AE90: =ROUND(SUM(AE85:AE89),5) -> 0 | AF90: =ROUND(SUM(AF85:AF89),5) -> 0 | AG90: =ROUND(SUM(AG85:AG89),5) -> 0
F91: 800 · COURSE 800'S | X91: 800 · COURSE 800'S
G92: 4800 · 800-Principles of R/E Law | H92: 22281.85 | I92: 19747 | J92: 41664 | K92: 20832 | L92: 44917 | M92: 29000 | N92: =ROUND(H92+J92+L92,5) -> 108862.85 | O92: =ROUND(I92+K92+M92,5) -> 69579 | P92: =N92/3 -> 36287.617 | Q92: =O92/3 -> 23193 | Y92: 4800 · 800-Principles of R/E Law | Z92: 44077.07
G93: 4800C · 800C- Principles of R/E Law | H93: 1755.98 | I93: 2821 | J93: 10199.11 | K93: 10416 | L93: 2563.03 | M93: 6496 | N93: =ROUND(H93+J93+L93,5) -> 14518.12 | O93: =ROUND(I93+K93+M93,5) -> 19733 | P93: =N93/3 -> 4839.3733 | Q93: =O93/3 -> 6577.6667 | Y93: 4800C · 800C- Principles of R/E Law | Z93: 13202.81
G94: 4801 · 801-Land Titles | H94: 11875.49 | I94: 11284 | J94: 12152 | K94: 28644 | L94: 19457 | M94: 22504 | N94: =ROUND(H94+J94+L94,5) -> 43484.49 | O94: =ROUND(I94+K94+M94,5) -> 62432 | P94: =N94/3 -> 14494.83 | Q94: =O94/3 -> 20810.667 | Y94: 4801 · 801-Land Titles | Z94: 17671.45
G95: 4801C · 801C-Land Titles | H95: 0 | I95: 5642 | J95: 2821.05 | K95: 7812 | L95: 1390.01 | M95: 0 | N95: =ROUND(H95+J95+L95,5) -> 4211.06 | O95: =ROUND(I95+K95+M95,5) -> 13454 | P95: =N95/3 -> 1403.6867 | Q95: =O95/3 -> 4484.6667 | Y95: 4801C · 801C-Land Titles | Z95: 1828.08
G96: 4802 · 802-Legal Aspects of Easements | H96: 13617.53 | I96: 7176 | J96: 17940 | K96: 8280 | L96: 17886 | M96: 18663 | N96: =ROUND(H96+J96+L96,5) -> 49443.53 | O96: =ROUND(I96+K96+M96,5) -> 34119 | P96: =N96/3 -> 16481.177 | Q96: =O96/3 -> 11373 | Y96: 4802 · 802-Legal Aspects of Easements | Z96: 22369.42
G97: 4802C · 802C-Legal Aspects of Easements | H97: 4362.03 | I97: 0 | J97: 966 | K97: 3312 | L97: 0 | M97: 4214 | N97: =ROUND(H97+J97+L97,5) -> 5328.03 | O97: =ROUND(I97+K97+M97,5) -> 7526 | P97: =N97/3 -> 1776.01 | Q97: =O97/3 -> 2508.6667 | Y97: 4802C · 802C-Legal Aspects of Easements | Z97: 1203.74
G98: 4803 · 803-Eminent Domain Law Basics.. | H98: 27637.29 | I98: 14105 | J98: 18228 | K98: 26040 | L98: 17768 | M98: 29000 | N98: =ROUND(H98+J98+L98,5) -> 63633.29 | O98: =ROUND(I98+K98+M98,5) -> 69145 | P98: =N98/3 -> 21211.097 | Q98: =O98/3 -> 23048.333 | Y98: 4803 · 803-Eminent Domain Law Basics.. | Z98: 19296.41
G99: 4803C · 803C-Expropriation Law REP | H99: 0 | I99: 5642 | J99: 5425.05 | K99: 10416 | L99: 2129 | M99: 0 | N99: =ROUND(H99+J99+L99,5) -> 7554.05 | O99: =ROUND(I99+K99+M99,5) -> 16058 | P99: =N99/3 -> 2518.0167 | Q99: =O99/3 -> 5352.6667 | Y99: 4803C · 803C-Expropriation Law REP | Z99: 6499.84
G100: 4804 · 804-Skills of Expert Testimony | H100: 414 | I100: 3588 | J100: 3588 | K100: 6624 | L100: 1512 | M100: 2107 | N100: =ROUND(H100+J100+L100,5) -> 5514 | O100: =ROUND(I100+K100+M100,5) -> 12319 | P100: =N100/3 -> 1838 | Q100: =O100/3 -> 4106.3333 | Y100: 4804 · 804-Skills of Expert Testimony | Z100: 5078.94
G101: 4840C · 840C Canadian Expropriation Bas | Y101: 4840C · 840C Canadian Expropriation Bas | Z101: 262.09
...

Sheet 7th Draft
H1: =H582 -> 44542.64 | I1: =I582 -> 8714.58 | J1: =J582 -> 51342.9 | K1: =K582 -> 826.41 | L1: =L582 -> 184453.41 | M1: =M582 -> 354.02 | N1: =N582 -> 280338.95 | O1: =O582 -> 9895.01 | ... Q1: =Q582 -> 3298.3367 | Z1: =Z582 -> 811.37 | AB1: =AB582 -> -193160.47 | AC1: =AC582 -> -8678.4714 | AD1: =AD582 -> 15325.988 | AE1: =AE582 -> 3787.1 | AF1: =AF582 -> 22292.035 | AG1: =AG582 -> 8513 | AH1: =AH582 -> 46218
AB2: 1st Draft | AC2: 2nd Draft | AD2: 3rd Draft | AE2: 4th Draft | AF2: 5th Draft | AG2: 6th Draft | AH2: 7th Draft
N3: TOTAL | P3: 3 Year Average | Z3: 2025 - 26 | AB3: 2026 - 27 | AC3: 2026 - 27 | AD3: 2026 - 27 | AE3: 2026 - 27 | AF3: 2026 - 27 | AG3: 2026 - 27 | AH3: 2026 - 27
H4: Jul '22 - Jun 23 | I4: Budget | J4: Jul '23 - Jun 24 | K4: Budget | L4: Jul '24 - Jun 25 | M4: Budget | N4: Jul '22 - Jun 25 | O4: Budget | P4: Jul '22 - Jun 25 | Q4: Budget | Z4: Budget | AB4: Budget | AC4: Budget | AD4: Budget | AE4: Budget | AF4: Budget | AG4: Budget | AH4: Budget
B5: Ordinary Income/Expense | T5: Ordinary Income/Expense
C6: Income | U6: Income
D7: 40 · EDUCATION INCOME | V7: 40 · EDUCATION INCOME
E8: 410 · COURSE INCOME - CLASSROOM | W8: 410 · COURSE INCOME - CLASSROOM
F9: 100 · COURSE 100'S | X9: 100 · COURSE 100'S | AB9: 960784.8 | AC9: 960784.8 | AD9: 1026054.2 | AE9: 1026054.2 | AF9: 1026054.2 | AG9: 1026054.2 | AH9: 1026054.2
G10: 4100i · 100i-Principles of Land Acq | H10: 122124.97 | I10: 16926 | J10: 75082.22 | K10: 46872 | L10: 73581.05 | M10: 110683 | N10: =ROUND(H10+J10+L10,5) -> 270788.24 | O10: =ROUND(I10+K10+M10,5) -> 174481 | P10: =N10/3 -> 90262.747 | Q10: =O10/3 -> 58160.333 | Y10: 4100i · 100i-Principles of Land Acq | Z10: 119709.85
G11: 4102 · 102-Elevating Your Ethical Awar | H11: 27462.54 | I11: 7176 | J11: 38915.93 | K11: 13248 | L11: 37783.37 | M11: 26791 | N11: =ROUND(H11+J11+L11,5) -> 104161.84 | O11: =ROUND(I11+K11+M11,5) -> 47215 | P11: =N11/3 -> 34720.613 | Q11: =O11/3 -> 15738.333 | Y11: 4102 · 102-Elevating Your Ethical Awar | Z11: 47017.15
G12: 4103 · 103-Ethics & ROW Profession | H12: 0 | I12: 8970 | J12: 0 | K12: 0 | L12: 0 | N12: =ROUND(H12+J12+L12,5) -> 0 | O12: =ROUND(I12+K12+M12,5) -> 8970 | P12: =N12/3 -> 0 | Q12: =O12/3 -> 2990 | Y12: 4103 · 103-Ethics & ROW Profession | Z12: 0
G13: 4105 · 105-URA Executive Summary | H13: 21585.85 | I13: 0 | J13: 9798 | K13: 1656 | L13: 17730 | M13: 20620 | N13: =ROUND(H13+J13+L13,5) -> 49113.85 | O13: =ROUND(I13+K13+M13,5) -> 22276 | P13: =N13/3 -> 16371.283 | Q13: =O13/3 -> 7425.3333 | Y13: 4105 · 105-URA Executive Summary | Z13: 17741.66
G14: 4145 · 145-Overview of URA 4 Hrs | H14: 0 | J14: 5600 | L14: 2190 | M14: 1400 | N14: =ROUND(H14+J14+L14,5) -> 7790 | O14: =ROUND(I14+K14+M14,5) -> 1400 | P14: =N14/3 -> 2596.6667 | Q14: =O14/3 -> 466.66667 | Y14: 4145 · 145-Overview of URA 4 Hrs | Z14: 5634.94
F15: Total 100 · COURSE 100'S | H15: =ROUND(SUM(H9:H14),5) -> 171173.36 | I15: =ROUND(SUM(I9:I14),5) -> 33072 | J15: =ROUND(SUM(J9:J14),5) -> 129396.15 | K15: =ROUND(SUM(K9:K14),5) -> 61776 | L15: =ROUND(SUM(L9:L14),5) -> 131284.42 | M15: =ROUND(SUM(M9:M14),5) -> 159494 | N15: =ROUND(H15+J15+L15,5) -> 431853.93 | O15: =ROUND(I15+K15+M15,5) -> 254342 | P15: =N15/3 -> 143951.31 | Q15: =O15/3 -> 84780.667 | X15: Total 100 · COURSE 100'S | Z15: =ROUND(SUM(Z9:Z14),5) -> 190103.6 | AB15: =ROUND(SUM(AB9:AB14),5) -> 960784.8 | AC15: =ROUND(SUM(AC9:AC14),5) -> 960784.8 | AD15: =ROUND(SUM(AD9:AD14),5) -> 1026054.2 | AE15: =ROUND(SUM(AE9:AE14),5) -> 1026054.2 | AF15: =ROUND(SUM(AF9:AF14),5) -> 1026054.2 | AG15: =ROUND(SUM(AG9:AG14),5) -> 1026054.2 | AH15: =ROUND(SUM(AH9:AH14),5) -> 1026054.2
F16: 200 · COURSE 200'S | X16: 200 · COURSE 200'S
G17: 4200 · 200-Princip. of R/E Negotiation | H17: 34864.82 | I17: 14105 | J17: 38975 | K17: 33852 | L17: 27970 | M17: 32016 | N17: =ROUND(H17+J17+L17,5) -> 101809.82 | O17: =ROUND(I17+K17+M17,5) -> 79973 | P17: =N17/3 -> 33936.607 | Q17: =O17/3 -> 26657.667 | Y17: 4200 · 200-Princip. of R/E Negotiation | Z17: 60529.78
G18: 4200C · 200C-Princip. of R/E Negotiat'n | H18: 8923.08 | I18: 2821 | J18: 7378.1 | K18: 7812 | L18: 10683.11 | M18: 12992 | N18: =ROUND(H18+J18+L18,5) -> 26984.29 | O18: =ROUND(I18+K18+M18,5) -> 23625 | P18: =N18/3 -> 8994.7633 | Q18: =O18/3 -> 7875 | Y18: 4200C · 200C-Princip. of R/E Negotiat'n | Z18: 0
G19: 4201 · 201-Comm. in R/E Acquisition | H19: 4158 | I19: 0 | J19: 0 | K19: 28512 | L19: 13112 | M19: 7000 | N19: =ROUND(H19+J19+L19,5) -> 17270 | O19: =ROUND(I19+K19+M19,5) -> 35512 | P19: =N19/3 -> 5756.6667 | Q19: =O19/3 -> 11837.333 | Y19: 4201 · 201-Comm. in R/E Acquisition | Z19: 4448.05
G20: 4203 · 203-Alternative Dispute Resol. | H20: 10734.81 | I20: 0 | J20: 2604 | K20: 13020 | L20: 9376 | M20: 22272 | N20: =ROUND(H20+J20+L20,5) -> 22714.81 | O20: =ROUND(I20+K20+M20,5) -> 35292 | P20: =N20/3 -> 7571.6033 | Q20: =O20/3 -> 11764 | Y20: 4203 · 203-Alternative Dispute Resol. | Z20: 8937.28
G21: 4203C · 203C-Alternative Dispute Resol. | H21: 651 | I21: 0 | J21: 2604.05 | L21: 0 | N21: =ROUND(H21+J21+L21,5) -> 3255.05 | O21: =ROUND(I21+K21+M21,5) -> 0 | P21: =N21/3 -> 1085.0167 | Q21: =O21/3 -> 0 | Y21: 4203C · 203C-Alternative Dispute Resol. | Z21: 0
G22: 4205 · 205-Bargaining Negotiations | H22: 2979.65 | I22: 19747 | J22: 13454 | K22: 28644 | L22: 7903 | M22: 9744 | N22: =ROUND(H22+J22+L22,5) -> 24336.65 | O22: =ROUND(I22+K22+M22,5) -> 58135 | P22: =N22/3 -> 8112.2167 | Q22: =O22/3 -> 19378.333 | Y22: 4205 · 205-Bargaining Negotiations | Z22: 16858.96
G23: 4205C · 205C-Bargaining Negotiations | H23: 2387.04 | I23: 0 | J23: 0 | K23: 0 | L23: 1173.01 | M23: 0 | N23: =ROUND(H23+J23+L23,5) -> 3560.05 | O23: =ROUND(I23+K23+M23,5) -> 0 | P23: =N23/3 -> 1186.6833 | Q23: =O23/3 -> 0 | Y23: 4205C · 205C-Bargaining Negotiations | Z23: 0
G24: 4207 · 207-Practical Negotiations | H24: 8821.1 | I24: 8463 | J24: 3689 | K24: 20832 | L24: 7944 | M24: 12992 | N24: =ROUND(H24+J24+L24,5) -> 20454.1 | O24: =ROUND(I24+K24+M24,5) -> 42287 | P24: =N24/3 -> 6818.0333 | Q24: =O24/3 -> 14095.667 | Y24: 4207 · 207-Practical Negotiations | Z24: 8327.92
G25: 4209 · 209-Negotiating with Diverse Cl | H25: 2232.41 | I25: 5642 | J25: 0 | K25: 2604 | L25: 11126 | M25: 9512 | N25: =ROUND(H25+J25+L25,5) -> 13358.41 | O25: =ROUND(I25+K25+M25,5) -> 17758 | P25: =N25/3 -> 4452.8033 | Q25: =O25/3 -> 5919.3333 | Y25: 4209 · 209-Negotiating with Diverse Cl | Z25: 3249.92
G26: 4209C · 209C-Negotiating with Diverse | H26: 1085.02 | I26: 0 | J26: 3255.06 | K26: 0 | L26: 1302 | M26: 0 | N26: =ROUND(H26+J26+L26,5) -> 5642.08 | O26: =ROUND(I26+K26+M26,5) -> 0 | P26: =N26/3 -> 1880.6933 | Q26: =O26/3 -> 0 | Y26: 4209C · 209C-Negotiating with Diverse | Z26: 0
G27: 4213 · 213-Conflict Management | H27: 8761.17 | I27: 8970 | J27: 11868 | K27: 0 | L27: 8318 | M27: 14599 | N27: =ROUND(H27+J27+L27,5) -> 28947.17 | O27: =ROUND(I27+K27+M27,5) -> 23569 | P27: =N27/3 -> 9649.0567 | Q27: =O27/3 -> 7856.3333 | Y27: 4213 · 213-Conflict Management | Z27: 15886.42
G28: 4213C · 213C-Conflict Management | H28: 4830 | I28: 1794 | J28: 827.99 | K28: 0 | L28: 734 | M28: 4064 | N28: =ROUND(H28+J28+L28,5) -> 6391.99 | O28: =ROUND(I28+K28+M28,5) -> 5858 | P28: =N28/3 -> 2130.6633 | Q28: =O28/3 -> 1952.6667 | Y28: 4213C · 213C-Conflict Management | Z28: 645.87
G29: 4215 · 215-R/W Acquisit. Pipeline Proj | H29: 8392.76 | I29: 22568 | J29: 8680.03 | K29: 31248 | L29: 16885.09 | M29: 12992 | N29: =ROUND(H29+J29+L29,5) -> 33957.88 | O29: =ROUND(I29+K29+M29,5) -> 66808 | P29: =N29/3 -> 11319.293 | Q29: =O29/3 -> 22269.333 | Y29: 4215 · 215-R/W Acquisit. Pipeline Proj | Z29: 11171.61
G30: 4218 · 218-R/W Acq. for Elec.Util.Proj | H30: 21528.44 | I30: 5642 | J30: 6510 | K30: 18228 | L30: 15979.04 | M30: 25984 | N30: =ROUND(H30+J30+L30,5) -> 44017.48 | O30: =ROUND(I30+K30+M30,5) -> 49854 | P30: =N30/3 -> 14672.493 | Q30: =O30/3 -> 16618 | Y30: 4218 · 218-R/W Acq. for Elec.Util.Proj | Z30: 10562.25
G31: 4219 · 219-Introductory Instructor | H31: 4941.81 | I31: 5642 | J31: 24087 | K31: 5208 | L31: 35550 | M31: 16240 | N31: =ROUND(H31+J31+L31,5) -> 64578.81 | O31: =ROUND(I31+K31+M31,5) -> 27090 | P31: =N31/3 -> 21526.27 | Q31: =O31/3 -> 9030 | Y31: 4219 · 219-Introductory Instructor | Z31: 42248.99
G32: 4219C · 219C-Introductory Instructor | H32: 0 | I32: 0 | J32: 7378.07 | K32: 0 | L32: 7422.09 | M32: 0 | N32: =ROUND(H32+J32+L32,5) -> 14800.16 | O32: =ROUND(I32+K32+M32,5) -> 0 | P32: =N32/3 -> 4933.3867 | Q32: =O32/3 -> 0 | Y32: 4219C · 219C-Introductory Instructor | Z32: 0
G33: 4225 · 225-Social Ecology | H33: 638.11 | I33: 14105 | J33: 966 | K33: 5208 | L33: 0 | M33: 3248 | N33: =ROUND(H33+J33+L33,5) -> 1604.11 | O33: =ROUND(I33+K33+M33,5) -> 22561 | P33: =N33/3 -> 534.70333 | Q33: =O33/3 -> 7520.3333 | Y33: 4225 · 225-Social Ecology | Z33: 1033.39
... G35: 4235C · C235C - Cdn Oil & Gas Industry | H35: 0 | I35: 5382 | J35: 0 | K35: 6624 | L35: 0 | M35: 3248 | N35: =ROUND(H35+J35+L35,5) -> 0 | O35: =ROUND(I35+K35+M35,5) -> 15254 | P35: =N35/3 -> 0 | Q35: =O35/3 -> 5084.6667 | Y35: 4235C · C235C - Cdn Oil & Gas Industry | Z35: 1015.6
G36: 4239 · 239 Prin. of Wind Eng. Ld Aq | H36: 0 | I36: 0 | J36: 3449.96 | K36: 0 | L36: 2113.96 | M36: 0 | N36: =ROUND(H36+J36+L36,5) -> 5563.92 | O36: 0 | P36: =N36/3 -> 1854.64 | Q36: =O36/3 -> 0 | Y36: 4239 · 239 Prin. of Wind Eng. Ld Aq | Z36: 3858.35
G37: 4240i · 240i Geothermal Energy Basics | H37: 0 | I37: 0 | J37: 0 | K37: 0 | L37: 0 | M37: 0 | N37: =ROUND(H37+J37+L37,5) -> 0 | O37: =ROUND(I37+K37+M37,5) -> 0 | P37: =N37/3 -> 0 | Q37: =O37/3 -> 0 | Y37: 4240i · 240i Geothermal Energy Basics | Z37: 262.09
G38: 4241i · 240i - Solar Energy Basics | H38: 0 | I38: 0 | J38: 0 | K38: 0 | L38: 0 | M38: 0 | N38: =ROUND(H38+J38+L38,5) -> 0 | O38: =ROUND(I38+K38+M38,5) -> 0 | P38: =N38/3 -> 0 | Q38: =O38/3 -> 0 | Y38: 4241i · 240i - Solar Energy Basics | Z38: 262.09
F39: Total 200 · COURSE 200'S | H39: =ROUND(SUM(H16:H38),5) -> 125929.22 | I39: =ROUND(SUM(I16:I38),5) -> 120263 | J39: =ROUND(SUM(J16:J38),5) -> 136830.26 | K39: =ROUND(SUM(K16:K38),5) -> 203448 | L39: =ROUND(SUM(L16:L38),5) -> 177591.3 | M39: =ROUND(SUM(M16:M38),5) -> 186903 | N39: =ROUND(H39+J39+L39,5) -> 440350.78 | O39: =ROUND(I39+K39+M39,5) -> 510614 | P39: =N39/3 -> 146783.59 | Q39: =O39/3 -> 170204.67 | X39: Total 200 · COURSE 200'S | Z39: =ROUND(SUM(Z16:Z38),5) -> 190801.85 | AB39: =ROUND(SUM(AB16:AB38),5) -> 0 | AC39: =ROUND(SUM(AC16:AC38),5) -> 0 | AD39: =ROUND(SUM(AD16:AD38),5) -> 0 | AE39: =ROUND(SUM(AE16:AE38),5) -> 0 | AF39: =ROUND(SUM(AF16:AF38),5) -> 0 | AG39: =ROUND(SUM(AG16:AG38),5) -> 0 | AH39: =ROUND(SUM(AH16:AH38),5) -> 0
F40: 300 · COURSE 300'S | X40: 300 · COURSE 300'S
G41: 4303 · 303-Management Consulting | H41: 2498.6 | I41: 22568 | J41: 9765 | K41: 15624 | L41: 4818 | M41: 6496 | N41: =ROUND(H41+J41+L41,5) -> 17081.6 | O41: =ROUND(I41+K41+M41,5) -> 44688 | P41: =N41/3 -> 5693.8667 | Q41: =O41/3 -> 14896 | Y41: 4303 · 303-Management Consulting | Z41: 11780.97
G42: 4303C · 303C-Management Consulting | H42: 0 | I42: 0 | J42: 0 | L42: 1953.03 | N42: =ROUND(H42+J42+L42,5) -> 1953.03 | O42: =ROUND(I42+K42+M42,5) -> 0 | P42: =N42/3 -> 651.01 | Q42: =O42/3 -> 0 | Y42: 4303C · 303C-Management Consulting | Z42: 0
G43: 4304 · 304-When Public Agenc's Collide | H43: 3420 | I43: 5382 | J43: 690 | K43: 6624 | L43: 2527.98 | M43: 4214 | N43: =ROUND(H43+J43+L43,5) -> 6637.98 | O43: =ROUND(I43+K43+M43,5) -> 16220 | P43: =N43/3 -> 2212.66 | Q43: =O43/3 -> 5406.6667 | Y43: 4304 · 304-When Public Agenc's Collide | Z43: 1203.74
G44: 4306 · 306-Proj Management Basics PM1 | H44: 0 | J44: 0 | L44: 0 | M44: 0 | N44: =ROUND(H44+J44+L44,5) -> 0 | O44: =ROUND(I44+K44+M44,5) -> 0 | P44: =N44/3 -> 0 | Q44: =O44/3 -> 0 | Y44: 4306 · 306-Proj Management Basics PM1 | Z44: 1421.84
F45: Total 300 · COURSE 300'S | H45: =ROUND(SUM(H40:H44),5) -> 5918.6 | I45: =ROUND(SUM(I40:I44),5) -> 27950 | J45: =ROUND(SUM(J40:J44),5) -> 10455 | K45: =ROUND(SUM(K40:K44),5) -> 22248 | L45: =ROUND(SUM(L40:L44),5) -> 9299.01 | M45: =ROUND(SUM(M40:M44),5) -> 10710 | N45: =ROUND(H45+J45+L45,5) -> 25672.61 | O45: =ROUND(I45+K45+M45,5) -> 60908 | P45: =N45/3 -> 8557.5367 | Q45: =O45/3 -> 20302.667 | X45: Total 300 · COURSE 300'S | Z45: =ROUND(SUM(Z40:Z44),5) -> 14406.55 | AB45: =ROUND(SUM(AB40:AB44),5) -> 0 | AC45: =ROUND(SUM(AC40:AC44),5) -> 0 | AD45: =ROUND(SUM(AD40:AD44),5) -> 0 | AE45: =ROUND(SUM(AE40:AE44),5) -> 0 | AF45: =ROUND(SUM(AF40:AF44),5) -> 0 | AG45: =ROUND(SUM(AG40:AG44),5) -> 0 | AH45: =ROUND(SUM(AH40:AH44),5) -> 0
F46: 400 · COURSE 400'S | X46: 400 · COURSE 400'S
G47: 4400 · 400-Principles of R/E Appraisal | H47: 36766.12 | I47: 16926 | J47: 30814 | K47: 23436 | L47: 19774 | M47: 31784 | N47: =ROUND(H47+J47+L47,5) -> 87354.12 | O47: =ROUND(I47+K47+M47,5) -> 72146 | P47: =N47/3 -> 29118.04 | Q47: =O47/3 -> 24048.667 | Y47: 4400 · 400-Principles of R/E Appraisal | Z47: 35342.9
G48: 4400C · 400C-Principles of R/E Apprais. | H48: 7526.63 | I48: 0 | J48: 1953.01 | K48: 10416 | L48: 3387.04 | M48: 12760 | N48: =ROUND(H48+J48+L48,5) -> 12866.68 | O48: =ROUND(I48+K48+M48,5) -> 23176 | P48: =N48/3 -> 4288.8933 | Q48: =O48/3 -> 7725.3333 | Y48: 4400C · 400C-Principles of R/E Apprais. | Z48: 3859.28
G49: 4402 · 402-Intro to Income Cap Approac | H49: 552 | I49: 7176 | J49: 552 | K49: 8280 | L49: 0 | M49: 4214 | N49: =ROUND(H49+J49+L49,5) -> 1104 | O49: =ROUND(I49+K49+M49,5) -> 19670 | P49: =N49/3 -> 368 | Q49: =O49/3 -> 6556.6667 | Y49: 4402 · 402-Intro to Income Cap Approac | Z49: 645.87
G50: 4403 · 403-Easement Valuation | H50: 12424.55 | I50: 8970 | J50: 15594 | K50: 1656 | L50: 7334 | M50: 14599 | N50: =ROUND(H50+J50+L50,5) -> 35352.55 | O50: =ROUND(I50+K50+M50,5) -> 25225 | P50: =N50/3 -> 11784.183 | Q50: =O50/3 -> 8408.3333 | Y50: 4403 · 403-Easement Valuation | Z50: 18563.49
G51: 4406A · 406A-15 Hour National USPAP | H51: 752.55 | J51: 0 | L51: 3132 | M51: 1190 | N51: =ROUND(H51+J51+L51,5) -> 3884.55 | O51: =ROUND(I51+K51+M51,5) -> 1190 | P51: =N51/3 -> 1294.85 | Q51: =O51/3 -> 396.66667 | Y51: 4406A · 406A-15 Hour National USPAP | Z51: 1015.6
G52: 4406B · 406B-7 Hour National USPAP | H52: 0 | I52: 4420 | J52: 3960 | K52: 7140 | L52: 0 | M52: 0 | N52: =ROUND(H52+J52+L52,5) -> 3960 | O52: =ROUND(I52+K52+M52,5) -> 11560 | P52: =N52/3 -> 1320 | Q52: =O52/3 -> 3853.3333 | Y52: 4406B · 406B-7 Hour National USPAP | Z52: 6043.06
G53: 4409 · 409-Integrating Appraisal Stds. | H53: 0 | I53: 0 | J53: 0 | K53: 8280 | L53: 546 | M53: 2107 | N53: =ROUND(H53+J53+L53,5) -> 546 | O53: =ROUND(I53+K53+M53,5) -> 10387 | P53: =N53/3 -> 182 | Q53: =O53/3 -> 3462.3333 | Y53: 4409 · 409-Integrating Appraisal Stds. | Z53: 645.87
G54: 4410 · 410-Review. Apprais. in Eminent | H54: 1438.36 | I54: 8970 | J54: 3312 | K54: 6624 | L54: 3990 | M54: 4214 | N54: =ROUND(H54+J54+L54,5) -> 8740.36 | O54: =ROUND(I54+K54+M54,5) -> 19808 | P54: =N54/3 -> 2913.4533 | Q54: =O54/3 -> 6602.6667 | Y54: 4410 · 410-Review. Apprais. in Eminent | Z54: 6101.09
G55: 4413 · 413-UAS Federal Land Acquisit'n | H55: 594 | I55: 0 | J55: 0 | K55: 21384 | L55: 0 | M55: 3500 | N55: =ROUND(H55+J55+L55,5) -> 594 | O55: =ROUND(I55+K55+M55,5) -> 24884 | P55: =N55/3 -> 198 | Q55: =O55/3 -> 8294.6667 | Y55: 4413 · 413-UAS Federal Land Acquisit'n | Z55: 1668.02
G56: 4415 · 415.USPAP&YB Relationship Guide | H56: 0 | I56: 0 | J56: 0 | K56: 3312 | L56: 690 | M56: 2107 | N56: =ROUND(H56+J56+L56,5) -> 690 | O56: =ROUND(I56+K56+M56,5) -> 5419 | P56: =N56/3 -> 230 | Q56: =O56/3 -> 1806.3333 | Y56: 4415 · 415.USPAP&YB Relationship Guide | Z56: 645.87
G57: 4417 · 417-Valuation of Contamin. R/E | H57: 1413.6 | I57: 11284 | J57: 0 | K57: 13020 | L57: 0 | M57: 3248 | N57: =ROUND(H57+J57+L57,5) -> 1413.6 | O57: =ROUND(I57+K57+M57,5) -> 27552 | P57: =N57/3 -> 471.2 | Q57: =O57/3 -> 9184 | Y57: 4417 · 417-Valuation of Contamin. R/E | Z57: 1015.6
G58: 4421 · 421-Valuation of Partial Acquis | H58: 61221.21 | I58: 5161 | J58: 39303 | K58: 76224 | L58: 74396 | M58: 62361 | N58: =ROUND(H58+J58+L58,5) -> 174920.21 | O58: =ROUND(I58+K58+M58,5) -> 143746 | P58: =N58/3 -> 58306.737 | Q58: =O58/3 -> 47915.333 | Y58: 4421 · 421-Valuation of Partial Acquis | Z58: 37252.42
G59: 4421C · 421C-Valuation of Partial Acqui | H59: 5955.03 | I59: 5161 | J59: 6352.04 | K59: 19056 | L59: 0 | M59: 0 | N59: =ROUND(H59+J59+L59,5) -> 12307.07 | O59: =ROUND(I59+K59+M59,5) -> 24217 | P59: =N59/3 -> 4102.3567 | Q59: =O59/3 -> 8072.3333 | Y59: 4421C · 421C-Valuation of Partial Acqui | Z59: 6116.07
G60: 4431 · 431-Problems in Valuation P/A | H60: 7762.21 | I60: 5382 | J60: 7590 | K60: 4968 | L60: 7970 | M60: 12642 | N60: =ROUND(H60+J60+L60,5) -> 23322.21 | O60: =ROUND(I60+K60+M60,5) -> 22992 | P60: =N60/3 -> 7774.07 | Q60: =O60/3 -> 7664 | Y60: 4431 · 431-Problems in Valuation P/A | Z60: 11176.29
G61: 4431C · 431C-Problems in Valuation P/A | H61: 966 | J61: 2483.98 | L61: 1104 | M61: 0 | N61: =ROUND(H61+J61+L61,5) -> 4553.98 | O61: =ROUND(I61+K61+M61,5) -> 0 | P61: =N61/3 -> 1517.9933 | Q61: =O61/3 -> 0 | Y61: 4431C · 431C-Problems in Valuation P/A | Z61: 3470.83
F62: Total 400 · COURSE 400'S | H62: =ROUND(SUM(H46:H61),5) -> 137372.26 | I62: =ROUND(SUM(I46:I61),5) -> 73450 | J62: =ROUND(SUM(J46:J61),5) -> 111914.03 | K62: =ROUND(SUM(K46:K61),5) -> 203796 | L62: =ROUND(SUM(L46:L61),5) -> 122323.04 | M62: =ROUND(SUM(M46:M61),5) -> 154726 | N62: =ROUND(H62+J62+L62,5) -> 371609.33 | O62: =ROUND(I62+K62+M62,5) -> 431972 | P62: =N62/3 -> 123869.78 | Q62: =O62/3 -> 143990.67 | X62: Total 400 · COURSE 400'S | Z62: =ROUND(SUM(Z46:Z61),5) -> 133562.26 | AB62: =ROUND(SUM(AB46:AB61),5) -> 0 | AC62: =ROUND(SUM(AC46:AC61),5) -> 0 | AD62: =ROUND(SUM(AD46:AD61),5) -> 0 | AE62: =ROUND(SUM(AE46:AE61),5) -> 0 | AF62: =ROUND(SUM(AF46:AF61),5) -> 0 | AG62: =ROUND(SUM(AG46:AG61),5) -> 0 | AH62: =ROUND(SUM(AH46:AH61),5) -> 0
F63: 4985 · SR/WA Revenue | H63: 8314.73 | I63: 16926 | J63: 15190.01 | K63: 28447.38 | L63: 10677 | M63: 20750 | N63: =ROUND(H63+J63+L63,5) -> 34181.74 | O63: =ROUND(I63+K63+M63,5) -> 66123.38 | P63: =N63/3 -> 11393.913 | Q63: =O63/3 -> 22041.127 | X63: 4985 · SR/WA Revenue | Z63: 26202.51
F64: 500 · COURSE 500'S | X64: 500 · COURSE 500'S
G65: 4501 · 501-Residential Reloc. Assist. | H65: 20139.29 | I65: 5642 | J65: 36456.01 | K65: 28644 | L65: 50222 | M65: 22272 | N65: =ROUND(H65+J65+L65,5) -> 106817.3 | O65: =ROUND(I65+K65+M65,5) -> 56558 | P65: =N65/3 -> 35605.767 | Q65: =O65/3 -> 18852.667 | Y65: 4501 · 501-Residential Reloc. Assist. | Z65: 39608.42
G66: 4502 · 502-Non-Residential Relocation | H66: 22335.58 | I66: 11284 | J66: 24521.05 | K66: 31248 | L66: 17114.01 | M66: 25752 | N66: =ROUND(H66+J66+L66,5) -> 63970.64 | O66: =ROUND(I66+K66+M66,5) -> 68284 | P66: =N66/3 -> 21323.547 | Q66: =O66/3 -> 22761.333 | Y66: 4502 · 502-Non-Residential Relocation | Z66: 31889.86
G67: 4503 · 503-Mobile Home Relocation | H67: 966 | I67: 7176 | J67: 828 | K67: 1656 | L67: 0 | M67: 6321 | N67: =ROUND(H67+J67+L67,5) -> 1794 | O67: =ROUND(I67+K67+M67,5) -> 15153 | P67: =N67/3 -> 598 | Q67: =O67/3 -> 5051 | Y67: 4503 · 503-Mobile Home Relocation | Z67: 1420.9
G68: 4504 · 504-Computing Replace. Hous.Pmt | H68: 5599.29 | I68: 16926 | J68: 4557 | K68: 31248 | L68: 12686 | M68: 12992 | N68: =ROUND(H68+J68+L68,5) -> 22842.29 | O68: =ROUND(I68+K68+M68,5) -> 61166 | P68: =N68/3 -> 7614.0967 | Q68: =O68/3 -> 20388.667 | Y68: 4504 · 504-Computing Replace. Hous.Pmt | Z68: 8124.8
G69: 4505 · 505-Advanced Res. Reloc.Assist. | H69: 1794 | I69: 5382 | J69: 2564 | K69: 3312 | L69: 4874 | M69: 8278 | N69: =ROUND(H69+J69+L69,5) -> 9232 | O69: =ROUND(I69+K69+M69,5) -> 16972 | P69: =N69/3 -> 3077.3333 | Q69: =O69/3 -> 5657.3333 | Y69: 4505 · 505-Advanced Res. Reloc.Assist. | Z69: 4886.12
G70: 4506 · 506-Advanced Bus. Reloc.Assist. | H70: 2982.44 | I70: 5642 | J70: 5859 | K70: 31248 | L70: 3038 | M70: 6496 | N70: =ROUND(H70+J70+L70,5) -> 11879.44 | O70: =ROUND(I70+K70+M70,5) -> 43386 | P70: =N70/3 -> 3959.8133 | Q70: =O70/3 -> 14462 | Y70: 4506 · 506-Advanced Bus. Reloc.Assist. | Z70: 7718.56
F71: Total 500 · COURSE 500'S | H71: =ROUND(SUM(H64:H70),5) -> 53816.6 | I71: =ROUND(SUM(I64:I70),5) -> 52052 | J71: =ROUND(SUM(J64:J70),5) -> 74785.06 | K71: =ROUND(SUM(K64:K70),5) -> 127356 | L71: =ROUND(SUM(L64:L70),5) -> 87934.01 | M71: =ROUND(SUM(M64:M70),5) -> 82111 | N71: =ROUND(H71+J71+L71,5) -> 216535.67 | O71: =ROUND(I71+K71+M71,5) -> 261519 | P71: =N71/3 -> 72178.557 | Q71: =O71/3 -> 87173 | X71: Total 500 · COURSE 500'S | Z71: =ROUND(SUM(Z64:Z70),5) -> 93648.66 | AB71: =ROUND(SUM(AB64:AB70),5) -> 0 | AC71: =ROUND(SUM(AC64:AC70),5) -> 0 | AD71: =ROUND(SUM(AD64:AD70),5) -> 0 | AE71: =ROUND(SUM(AE64:AE70),5) -> 0 | AF71: =ROUND(SUM(AF64:AF70),5) -> 0 | AG71: =ROUND(SUM(AG64:AG70),5) -> 0 | AH71: =ROUND(SUM(AH64:AH70),5) -> 0
F72: 600 · COURSE 600'S | X72: 600 · COURSE 600'S
G73: 4600C · 600C-Environmental Awareness | H73: 4536.32 | I73: 3588 | J73: 827.99 | K73: 0 | L73: 0 | M73: 6321 | N73: =ROUND(H73+J73+L73,5) -> 5364.31 | O73: =ROUND(I73+K73+M73,5) -> 9909 | P73: =N73/3 -> 1788.1033 | Q73: =O73/3 -> 3303 | Y73: 4600C · 600C-Environmental Awareness | Z73: 0
G74: 4600i · 600i-Environmental Awareness | H74: 11173 | I74: 7176 | J74: 13800 | K74: 0 | L74: 21027.91 | M74: 22727 | N74: =ROUND(H74+J74+L74,5) -> 46000.91 | O74: =ROUND(I74+K74+M74,5) -> 29903 | P74: =N74/3 -> 15333.637 | Q74: =O74/3 -> 9967.6667 | Y74: 4600i · 600i-Environmental Awareness | Z74: 20177.22
G75: 4602 · 602-Project Devel.& Envir.Proc. | H75: 0 | I75: 0 | J75: 0 | K75: 31248 | L75: 0 | M75: 0 | N75: =ROUND(H75+J75+L75,5) -> 0 | O75: =ROUND(I75+K75+M75,5) -> 31248 | P75: =N75/3 -> 0 | Q75: =O75/3 -> 10416 | Y75: 4602 · 602-Project Devel.& Envir.Proc. | Z75: 0
G76: 4603 · 603-Understanding Environment | H76: 11607.79 | I76: 12558 | J76: 12282 | K76: 0 | L76: 5520 | M76: 14449 | N76: =ROUND(H76+J76+L76,5) -> 29409.79 | O76: =ROUND(I76+K76+M76,5) -> 27007 | P76: =N76/3 -> 9803.2633 | Q76: =O76/3 -> 9002.3333 | Y76: 4603 · 603-Understanding Environment | Z76: 14974.73
G77: 4603C · 603C-Understanding Environment | H77: 3458.77 | I77: 1794 | J77: 0 | K77: 0 | L77: 0 | M77: 6171 | N77: =ROUND(H77+J77+L77,5) -> 3458.77 | O77: =ROUND(I77+K77+M77,5) -> 7965 | P77: =N77/3 -> 1152.9233 | Q77: =O77/3 -> 2655 | Y77: 4603C · 603C-Understanding Environment | Z77: 945.4
G78: 4604 · 604-Envir Due Diligence and Li. | H78: 8384.1 | I78: 8970 | J78: 5382 | K78: 0 | L78: 7865.97 | M78: 16706 | N78: =ROUND(H78+J78+L78,5) -> 21632.07 | O78: =ROUND(I78+K78+M78,5) -> 25676 | P78: =N78/3 -> 7210.69 | Q78: =O78/3 -> 8558.6667 | Y78: 4604 · 604-Envir Due Diligence and Li. | Z78: 7785.96
G79: 4606 · 606-Environmental Process | H79: 0 | I79: 3588 | J79: 0 | K79: 0 | L79: 966 | M79: 0 | N79: =ROUND(H79+J79+L79,5) -> 966 | O79: =ROUND(I79+K79+M79,5) -> 3588 | P79: =N79/3 -> 322 | Q79: =O79/3 -> 1196 | Y79: 4606 · 606-Environmental Process | Z79: 0
G80: 4606C · 606C-Environmental Process | H80: 0 | I80: 1794 | J80: 0 | K80: 0 | L80: 0 | M80: 2107 | N80: =ROUND(H80+J80+L80,5) -> 0 | O80: =ROUND(I80+K80+M80,5) -> 3901 | P80: =N80/3 -> 0 | Q80: =O80/3 -> 1300.3333 | Y80: 4606C · 606C-Environmental Process | Z80: 0
G81: 4640i · 640i-Water Basics | P81: =N81/3 -> 0 | Q81: =O81/3 -> 0 | Y81: 4640i · 640i-Water Basics | Z81: 1441.5
G82: 4643i · 643i-Air Basics | H82: 0 | I82: 0 | J82: 0 | K82: 0 | L82: 0 | M82: 0 | N82: =ROUND(H82+J82+L82,5) -> 0 | O82: =ROUND(I82+K82+M82,5) -> 0 | P82: =N82/3 -> 0 | Q82: =O82/3 -> 0 | Y82: 4643i · 643i-Air Basics | Z82: 655.23
G83: 4646i · 646i-Soil Basics | H83: 0 | I83: 0 | J83: 0 | K83: 0 | L83: 0 | M83: 0 | N83: =ROUND(H83+J83+L83,5) -> 0 | O83: =ROUND(I83+K83+M83,5) -> 0 | P83: =N83/3 -> 0 | Q83: =O83/3 -> 0 | Y83: 4646i · 646i-Soil Basics | Z83: 655.23
F84: Total 600 · COURSE 600'S | H84: =ROUND(SUM(H72:H83),5) -> 39159.98 | I84: =ROUND(SUM(I72:I83),5) -> 39468 | J84: =ROUND(SUM(J72:J83),5) -> 32291.99 | K84: =ROUND(SUM(K72:K83),5) -> 31248 | L84: =ROUND(SUM(L72:L83),5) -> 35379.88 | M84: =ROUND(SUM(M72:M83),5) -> 68481 | N84: =ROUND(H84+J84+L84,5) -> 106831.85 | O84: =ROUND(I84+K84+M84,5) -> 139197 | P84: =N84/3 -> 35610.617 | Q84: =O84/3 -> 46399 | X84: Total 600 · COURSE 600'S | Z84: =ROUND(SUM(Z72:Z83),5) -> 46635.27 | AB84: =ROUND(SUM(AB72:AB83),5) -> 0 | AC84: =ROUND(SUM(AC72:AC83),5) -> 0 | AD84: =ROUND(SUM(AD72:AD83),5) -> 0 | AE84: =ROUND(SUM(AE72:AE83),5) -> 0 | AF84: =ROUND(SUM(AF72:AF83),5) -> 0 | AG84: =ROUND(SUM(AG72:AG83),5) -> 0 | AH84: =ROUND(SUM(AH72:AH83),5) -> 0
F85: 700 · COURSE 700'S | X85: 700 · COURSE 700'S
G86: 4700 · 700-Introduction to Prop. Mgmt. | H86: 11323.36 | I86: 14105 | J86: 13454 | K86: 31248 | L86: 16278 | M86: 16240 | N86: =ROUND(H86+J86+L86,5) -> 41055.36 | O86: =ROUND(I86+K86+M86,5) -> 61593 | P86: =N86/3 -> 13685.12 | Q86: =O86/3 -> 20531 | Y86: 4700 · 700-Introduction to Prop. Mgmt. | Z86: 20921.37
G87: 4700C · 700C-Introduction to Prop. Mgt. | H87: 1519.02 | I87: 0 | J87: 1519.03 | K87: 2604 | L87: 1519.02 | M87: 3248 | N87: =ROUND(H87+J87+L87,5) -> 4557.07 | O87: =ROUND(I87+K87+M87,5) -> 5852 | P87: =N87/3 -> 1519.0233 | Q87: =O87/3 -> 1950.6667 | Y87: 4700C · 700C-Introduction to Prop. Mgt. | Z87: 0
G88: 4701 · 701-Property Mgmt. - Leasing | H88: 5359 | I88: 22568 | J88: 0 | K88: 23436 | L88: 4340 | M88: 12992 | N88: =ROUND(H88+J88+L88,5) -> 9699 | O88: =ROUND(I88+K88+M88,5) -> 58996 | P88: =N88/3 -> 3233 | Q88: =O88/3 -> 19665.333 | Y88: 4701 · 701-Property Mgmt. - Leasing | Z88: 2234.32
G89: 4703 · 703-Real Property/Asset Mgmt. | H89: 2070 | I89: 5382 | J89: 0 | K89: 1656 | L89: 2897.98 | M89: 8428 | N89: =ROUND(H89+J89+L89,5) -> 4967.98 | O89: =ROUND(I89+K89+M89,5) -> 15466 | P89: =N89/3 -> 1655.9933 | Q89: =O89/3 -> 5155.3333 | Y89: 4703 · 703-Real Property/Asset Mgmt. | Z89: 2836.19
F90: Total 700 · COURSE 700'S | H90: =ROUND(SUM(H85:H89),5) -> 20271.38 | I90: =ROUND(SUM(I85:I89),5) -> 42055 | J90: =ROUND(SUM(J85:J89),5) -> 14973.03 | K90: =ROUND(SUM(K85:K89),5) -> 58944 | L90: =ROUND(SUM(L85:L89),5) -> 25035 | M90: =ROUND(SUM(M85:M89),5) -> 40908 | N90: =ROUND(H90+J90+L90,5) -> 60279.41 | O90: =ROUND(I90+K90+M90,5) -> 141907 | P90: =N90/3 -> 20093.137 | Q90: =O90/3 -> 47302.333 | X90: Total 700 · COURSE 700'S | Z90: =ROUND(SUM(Z85:Z89),5) -> 25991.88 | AB90: =ROUND(SUM(AB85:AB89),5) -> 0 | AC90: =ROUND(SUM(AC85:AC89),5) -> 0 | AD90: =ROUND(SUM(AD85:AD89),5) -> 0 | AE90: =ROUND(SUM(AE85:AE89),5) -> 0 | AF90: =ROUND(SUM(AF85:AF89),5) -> 0 | AG90: =ROUND(SUM(AG85:AG89),5) -> 0 | AH90: =ROUND(SUM(AH85:AH89),5) -> 0
F91: 800 · COURSE 800'S | X91: 800 · COURSE 800'S
G92: 4800 · 800-Principles of R/E Law | H92: 22281.85 | I92: 19747 | J92: 41664 | K92: 20832 | L92: 44917 | M92: 29000 | N92: =ROUND(H92+J92+L92,5) -> 108862.85 | O92: =ROUND(I92+K92+M92,5) -> 69579 | P92: =N92/3 -> 36287.617 | Q92: =O92/3 -> 23193 | Y92: 4800 · 800-Principles of R/E Law | Z92: 44077.07
G93: 4800C · 800C- Principles of R/E Law | H93: 1755.98 | I93: 2821 | J93: 10199.11 | K93: 10416 | L93: 2563.03 | M93: 6496 | N93: =ROUND(H93+J93+L93,5) -> 14518.12 | O93: =ROUND(I93+K93+M93,5) -> 19733 | P93: =N93/3 -> 4839.3733 | Q93: =O93/3 -> 6577.6667 | Y93: 4800C · 800C- Principles of R/E Law | Z93: 13202.81
G94: 4801 · 801-Land Titles | H94: 11875.49 | I94: 11284 | J94: 12152 | K94: 28644 | L94: 19457 | M94: 22504 | N94: =ROUND(H94+J94+L94,5) -> 43484.49 | O94: =ROUND(I94+K94+M94,5) -> 62432 | P94: =N94/3 -> 14494.83 | Q94: =O94/3 -> 20810.667 | Y94: 4801 · 801-Land Titles | Z94: 17671.45
G95: 4801C · 801C-Land Titles | H95: 0 | I95: 5642 | J95: 2821.05 | K95: 7812 | L95: 1390.01 | M95: 0 | N95: =ROUND(H95+J95+L95,5) -> 4211.06 | O95: =ROUND(I95+K95+M95,5) -> 13454 | P95: =N95/3 -> 1403.6867 | Q95: =O95/3 -> 4484.6667 | Y95: 4801C · 801C-Land Titles | Z95: 1828.08
G96: 4802 · 802-Legal Aspects of Easements | H96: 13617.53 | I96: 7176 | J96: 17940 | K96: 8280 | L96: 17886 | M96: 18663 | N96: =ROUND(H96+J96+L96,5) -> 49443.53 | O96: =ROUND(I96+K96+M96,5) -> 34119 | P96: =N96/3 -> 16481.177 | Q96: =O96/3 -> 11373 | Y96: 4802 · 802-Legal Aspects of Easements | Z96: 22369.42
G97: 4802C · 802C-Legal Aspects of Easements | H97: 4362.03 | I97: 0 | J97: 966 | K97: 3312 | L97: 0 | M97: 4214 | N97: =ROUND(H97+J97+L97,5) -> 5328.03 | O97: =ROUND(I97+K97+M97,5) -> 7526 | P97: =N97/3 -> 1776.01 | Q97: =O97/3 -> 2508.6667 | Y97: 4802C · 802C-Legal Aspects of Easements | Z97: 1203.74
G98: 4803 · 803-Eminent Domain Law Basics.. | H98: 27637.29 | I98: 14105 | J98: 18228 | K98: 26040 | L98: 17768 | M98: 29000 | N98: =ROUND(H98+J98+L98,5) -> 63633.29 | O98: =ROUND(I98+K98+M98,5) -> 69145 | P98: =N98/3 -> 21211.097 | Q98: =O98/3 -> 23048.333 | Y98: 4803 · 803-Eminent Domain Law Basics.. | Z98: 19296.41
G99: 4803C · 803C-Expropriation Law REP | H99: 0 | I99: 5642 | J99: 5425.05 | K99: 10416 | L99: 2129 | M99: 0 | N99: =ROUND(H99+J99+L99,5) -> 7554.05 | O99: =ROUND(I99+K99+M99,5) -> 16058 | P99: =N99/3 -> 2518.0167 | Q99: =O99/3 -> 5352.6667 | Y99: 4803C · 803C-Expropriation Law REP | Z99: 6499.84
G100: 4804 · 804-Skills of Expert Testimony | H100: 414 | I100: 3588 | J100: 3588 | K100: 6624 | L100: 1512 | M100: 2107 | N100: =ROUND(H100+J100+L100,5) -> 5514 | O100: =ROUND(I100+K100+M100,5) -> 12319 | P100: =N100/3 -> 1838 | Q100: =O100/3 -> 4106.3333 | Y100: 4804 · 804-Skills of Expert Testimony | Z100: 5078.94
G101: 4840C · 840C Canadian Expropriation Bas | Y101: 4840C · 840C Canadian Expropriation Bas | Z101: 262.09
...

Sheet 8th Draft
